Workbook

Sheet Смета 12 гр. по ФЕР
H1: Приложение №2 к ТЗ
H2: Перечень видов и объемов работ
H3: ФОРМА ДЛЯ ЗАПОЛНЕНИЯ при подаче заявки
H4: обязательная
B6: Комплекс некапитальных строений лабороторно-складского назначения, расположенный по адресу: г. Москва, ул. Ферганская, вл. 25
B7: (наименование стройки)
B10: Перечень видов и объемов работ
B12: Устройство и пусконаладка системы кондиционирования
B13: (наименование работ и затрат, наименование объекта)
G15: базовая цена | I15: текущая цена
C16: Сметная стоимость
C17: Нормативная трудоемкость
C18: Средства на оплату труда
A20: Составлена в ФЕР в ценах Января 2000г. с индексацией_______________________
A21: № п/п | B21: Шифр расценки и коды ресурсов | C21: Наименование работ и затрат | D21: Единица изме-рения | E21: Кол-во единиц | F21: Цена на ед. изм. руб. | G21: попра-вочные коэффиц. | H21: Стоимость в ценах 2000г. | I21: Пункт коэффиц. пересчета | J21: Коэфф. пересчета | K21: Стоимость в текущих ценах | L21: ЗТР всего чел.-час
A22: 1 | B22: 2 | C22: 3 | D22: 4 | E22: 5 | F22: 6 | G22: 7 | H22: 8 | I22: 9 | J22: 10 | K22: 11 | L22: 12
A24: =CONCATENATE("Раздел: ", Source!G24) -> Раздел: Устройство фундамента под монтаж чиллерных установок | AE24: =CONCATENATE("Раздел: ", Source!G24) -> Раздел: Устройство фундамента под монтаж чиллерных установок
A25: =Source!E28 -> 1 | B25: =Source!F28 -> 05-01-011-2 | C25: =Source!G28 -> Погружение дизель-молотом копровой установки на базе трактора стальных свай шпунтового ряда массой 1 м до 50 кг, длиной до 8 м в грунты группы 2 | D25: =Source!H28 -> т | E25: =Source!I28 -> 2.2 | S25: =ROUND((Source!FX28/100)*((ROUND(Source!CT28*Source!I28/IF(Source!BA28<> 0, Source!BA28, 1), 2)+ROUND(Source!CS28*Source!I28/IF(Source!BS28<> 0, Source!BS28, 1), 2))), 2) -> 0 | T25: =Source!X28 -> 0 | U25: =ROUND((Source!FY28/100)*((ROUND(Source!CT28*Source!I28/IF(Source!BA28<> 0, Source!BA28, 1), 2)+ROUND(Source!CS28*Source!I28/IF(Source!BS28<> 0, Source!BS28, 1), 2))), 2) -> 0 | V25: =Source!Y28 -> 0
C26: Зарплата | R26: =H26 -> 0
C27: Эксплуатация машин
C28: в т.ч. зарплата машинистов | R28: =H28 -> 0
C29: Материальные ресурсы
C30: НР от ФОТ | D30: % | E30: =Source!BZ28 -> 0
C31: СП от ФОТ | D31: % | E31: =Source!CA28 -> 0
C32: Затраты труда | D32: чел-ч | E32: =Source!AQ28 -> 0
A33: =Source!E29 -> 1,1 | B33: =Source!F29 -> Цена поставщика | C33: =Source!G29 -> Свая винтовая СВС-219 | D33: =Source!H29 -> ШТ | E33: =Source!I29 -> 12 | S33: =ROUND((Source!FX29/100)*((ROUND(Source!CT29*Source!I29/IF(Source!BA29<> 0, Source!BA29, 1), 2)+ROUND(Source!CS29*Source!I29/IF(Source!BS29<> 0, Source!BS29, 1), 2))), 2) -> 0 | T33: =Source!X29 -> 0 | U33: =ROUND((Source!FY29/100)*((ROUND(Source!CT29*Source!I29/IF(Source!BA29<> 0, Source!BA29, 1), 2)+ROUND(Source!CS29*Source!I29/IF(Source!BS29<> 0, Source!BS29, 1), 2))), 2) -> 0 | V33: =Source!Y29 -> 0 | Y33: =IF(Source!BI29=3,H33, 0) -> 0
A34: =Source!E30 -> 1,2 | B34: =Source!F30 -> Цена поставщика | C34: =Source!G30 -> Оголовок сваи | D34: =Source!H30 -> ШТ | E34: =Source!I30 -> 12 | S34: =ROUND((Source!FX30/100)*((ROUND(Source!CT30*Source!I30/IF(Source!BA30<> 0, Source!BA30, 1), 2)+ROUND(Source!CS30*Source!I30/IF(Source!BS30<> 0, Source!BS30, 1), 2))), 2) -> 0 | T34: =Source!X30 -> 0 | U34: =ROUND((Source!FY30/100)*((ROUND(Source!CT30*Source!I30/IF(Source!BA30<> 0, Source!BA30, 1), 2)+ROUND(Source!CS30*Source!I30/IF(Source!BS30<> 0, Source!BS30, 1), 2))), 2) -> 0 | V34: =Source!Y30 -> 0 | Y34: =IF(Source!BI30=3,H34, 0) -> 0
A35: =Source!E31 -> 1,3 | B35: =Source!F31 -> Цена поставщика | C35: =Source!G31 -> Балка двутавровая №20 | D35: =Source!H31 -> т | E35: =Source!I31 -> 0.714 | S35: =ROUND((Source!FX31/100)*((ROUND(Source!CT31*Source!I31/IF(Source!BA31<> 0, Source!BA31, 1), 2)+ROUND(Source!CS31*Source!I31/IF(Source!BS31<> 0, Source!BS31, 1), 2))), 2) -> 0 | T35: =Source!X31 -> 0 | U35: =ROUND((Source!FY31/100)*((ROUND(Source!CT31*Source!I31/IF(Source!BA31<> 0, Source!BA31, 1), 2)+ROUND(Source!CS31*Source!I31/IF(Source!BS31<> 0, Source!BS31, 1), 2))), 2) -> 0 | V35: =Source!Y31 -> 0 | Y35: =IF(Source!BI31=3,H35, 0) -> 0
O36: =G36 -> 0 | P36: =J36 -> 0 | Q36: =L36 -> 0 | W36: =IF(Source!BI28<=1,G36, 0) -> 0 | X36: =IF(Source!BI28=2,G36, 0) -> 0 | Y36: =IF(Source!BI28=3,G36, 0) -> 0 | Z36: =IF(Source!BI28=4,G36, 0) -> 0
A37: =Source!E32 -> 2 | B37: =Source!F32 -> 05-01-062-1 | C37: =Source!G32 -> Бетонирование свай | D37: =Source!H32 -> м3 | E37: =Source!I32 -> 1.4 | S37: =ROUND((Source!FX32/100)*((ROUND(Source!CT32*Source!I32/IF(Source!BA32<> 0, Source!BA32, 1), 2)+ROUND(Source!CS32*Source!I32/IF(Source!BS32<> 0, Source!BS32, 1), 2))), 2) -> 0 | T37: =Source!X32 -> 0 | U37: =ROUND((Source!FY32/100)*((ROUND(Source!CT32*Source!I32/IF(Source!BA32<> 0, Source!BA32, 1), 2)+ROUND(Source!CS32*Source!I32/IF(Source!BS32<> 0, Source!BS32, 1), 2))), 2) -> 0 | V37: =Source!Y32 -> 0
C38: Зарплата | R38: =H38 -> 0
C39: Эксплуатация машин
C40: в т.ч. зарплата машинистов | R40: =H40 -> 0
C41: Материальные ресурсы
C42: НР от ФОТ | D42: % | E42: =Source!BZ32 -> 0
C43: СП от ФОТ | D43: % | E43: =Source!CA32 -> 0
C44: Затраты труда | D44: чел-ч | E44: =Source!AQ32 -> 0
A45: =Source!E33 -> 2,1 | B45: =Source!F33 -> цена поставщика | C45: =Source!G33 -> Бетон М300 | D45: =Source!H33 -> м3 | E45: =Source!I33 -> 1.4 | S45: =ROUND((Source!FX33/100)*((ROUND(Source!CT33*Source!I33/IF(Source!BA33<> 0, Source!BA33, 1), 2)+ROUND(Source!CS33*Source!I33/IF(Source!BS33<> 0, Source!BS33, 1), 2))), 2) -> 0 | T45: =Source!X33 -> 0 | U45: =ROUND((Source!FY33/100)*((ROUND(Source!CT33*Source!I33/IF(Source!BA33<> 0, Source!BA33, 1), 2)+ROUND(Source!CS33*Source!I33/IF(Source!BS33<> 0, Source!BS33, 1), 2))), 2) -> 0 | V45: =Source!Y33 -> 0 | Y45: =IF(Source!BI33=3,H45, 0) -> 0
O46: =G46 -> 0 | P46: =J46 -> 0 | Q46: =L46 -> 0 | W46: =IF(Source!BI32<=1,G46, 0) -> 0 | X46: =IF(Source!BI32=2,G46, 0) -> 0 | Y46: =IF(Source!BI32=3,G46, 0) -> 0 | Z46: =IF(Source!BI32=4,G46, 0) -> 0
A48: =CONCATENATE("Итого по разделу: ", Source!G35) -> Итого по разделу: Устройство фундамента под монтаж чиллерных установок | N48: =J48*1.18 -> 0 | AF48: =CONCATENATE("Итого по разделу: ", Source!G35) -> Итого по разделу: Устройство фундамента под монтаж чиллерных установок
A52: =CONCATENATE("Раздел: ", Source!G60) -> Раздел: Система кондиционирования.Строение 1 | AE52: =CONCATENATE("Раздел: ", Source!G60) -> Раздел: Система кондиционирования.Строение 1
A54: =CONCATENATE("Подраздел: ", Source!G64) -> Подраздел: Монтаж системы кондиционирования. | AE54: =CONCATENATE("Подраздел: ", Source!G64) -> Подраздел: Монтаж системы кондиционирования.
A55: =Source!E68 -> 3 | B55: =Source!F68 -> м12-07-001-1 | C55: =Source!G68 -> Трубная проводка из водогазопроводных труб углеродистых и низколегированных сталей на соединениях разъемных, диаметр условного прохода 25 мм | D55: =Source!H68 -> 1000 м | E55: =Source!I68 -> 0.045 | S55: =ROUND((Source!FX68/100)*((ROUND(Source!CT68*Source!I68/IF(Source!BA68<> 0, Source!BA68, 1), 2)+ROUND(Source!CS68*Source!I68/IF(Source!BS68<> 0, Source!BS68, 1), 2))), 2) -> 0 | T55: =Source!X68 -> 0 | U55: =ROUND((Source!FY68/100)*((ROUND(Source!CT68*Source!I68/IF(Source!BA68<> 0, Source!BA68, 1), 2)+ROUND(Source!CS68*Source!I68/IF(Source!BS68<> 0, Source!BS68, 1), 2))), 2) -> 0 | V55: =Source!Y68 -> 0
C56: Зарплата | R56: =H56 -> 0
C57: Эксплуатация машин
C58: в т.ч. зарплата машинистов | R58: =H58 -> 0
C59: Материальные ресурсы
C60: НР от ФОТ | D60: % | E60: =Source!BZ68 -> 0
C61: СП от ФОТ | D61: % | E61: =Source!CA68 -> 0
C62: Затраты труда | D62: чел-ч | E62: =Source!AQ68 -> 0
O63: =G63 -> 0 | P63: =J63 -> 0 | Q63: =L63 -> 0 | W63: =IF(Source!BI68<=1,G63, 0) -> 0 | X63: =IF(Source!BI68=2,G63, 0) -> 0 | Y63: =IF(Source!BI68=3,G63, 0) -> 0 | Z63: =IF(Source!BI68=4,G63, 0) -> 0
A64: =Source!E69 -> 4 | B64: =Source!F69 -> Цена поставщика | C64: =Source!G69 -> Труба обыкновенная ВГП диам25мм | D64: =Source!H69 -> м | E64: =Source!I69 -> 28 | S64: =ROUND((Source!FX69/100)*((ROUND(Source!CT69*Source!I69/IF(Source!BA69<> 0, Source!BA69, 1), 2)+ROUND(Source!CS69*Source!I69/IF(Source!BS69<> 0, Source!BS69, 1), 2))), 2) -> 0 | T64: =Source!X69 -> 0 | U64: =ROUND((Source!FY69/100)*((ROUND(Source!CT69*Source!I69/IF(Source!BA69<> 0, Source!BA69, 1), 2)+ROUND(Source!CS69*Source!I69/IF(Source!BS69<> 0, Source!BS69, 1), 2))), 2) -> 0 | V64: =Source!Y69 -> 0
C65: Материальные ресурсы
O66: =G66 -> 0 | P66: =J66 -> 0 | Q66: =L66 -> 0 | W66: =IF(Source!BI69<=1,G66, 0) -> 0 | X66: =IF(Source!BI69=2,G66, 0) -> 0 | Y66: =IF(Source!BI69=3,G66, 0) -> 0 | Z66: =IF(Source!BI69=4,G66, 0) -> 0
A67: =Source!E70 -> 5 | B67: =Source!F70 -> Цена поставщика | C67: =Source!G70 -> Труба обыкновенная ВГП диам20мм | D67: =Source!H70 -> м | E67: =Source!I70 -> 17 | S67: =ROUND((Source!FX70/100)*((ROUND(Source!CT70*Source!I70/IF(Source!BA70<> 0, Source!BA70, 1), 2)+ROUND(Source!CS70*Source!I70/IF(Source!BS70<> 0, Source!BS70, 1), 2))), 2) -> 0 | T67: =Source!X70 -> 0 | U67: =ROUND((Source!FY70/100)*((ROUND(Source!CT70*Source!I70/IF(Source!BA70<> 0, Source!BA70, 1), 2)+ROUND(Source!CS70*Source!I70/IF(Source!BS70<> 0, Source!BS70, 1), 2))), 2) -> 0 | V67: =Source!Y70 -> 0
C68: Материальные ресурсы
O69: =G69 -> 0 | P69: =J69 -> 0 | Q69: =L69 -> 0 | W69: =IF(Source!BI70<=1,G69, 0) -> 0 | X69: =IF(Source!BI70=2,G69, 0) -> 0 | Y69: =IF(Source!BI70=3,G69, 0) -> 0 | Z69: =IF(Source!BI70=4,G69, 0) -> 0
A70: =Source!E71 -> 6 | B70: =Source!F71 -> 16-07-005-1 | C70: =Source!G71 -> Гидравлическое испытание трубопроводов систем отопления, водопровода и горячего водоснабжения диаметром до 50 мм | D70: =Source!H71 -> 100 м | E70: =Source!I71 -> 0.45 | S70: =ROUND((Source!FX71/100)*((ROUND(Source!CT71*Source!I71/IF(Source!BA71<> 0, Source!BA71, 1), 2)+ROUND(Source!CS71*Source!I71/IF(Source!BS71<> 0, Source!BS71, 1), 2))), 2) -> 0 | T70: =Source!X71 -> 0 | U70: =ROUND((Source!FY71/100)*((ROUND(Source!CT71*Source!I71/IF(Source!BA71<> 0, Source!BA71, 1), 2)+ROUND(Source!CS71*Source!I71/IF(Source!BS71<> 0, Source!BS71, 1), 2))), 2) -> 0 | V70: =Source!Y71 -> 0
C71: Зарплата | R71: =H71 -> 0
C72: Эксплуатация машин
C73: Материальные ресурсы
C74: НР от ФОТ | D74: % | E74: =Source!BZ71 -> 0
C75: СП от ФОТ | D75: % | E75: =Source!CA71 -> 0
C76: Затраты труда | D76: чел-ч | E76: =Source!AQ71 -> 0
O77: =G77 -> 0 | P77: =J77 -> 0 | Q77: =L77 -> 0 | W77: =IF(Source!BI71<=1,G77, 0) -> 0 | X77: =IF(Source!BI71=2,G77, 0) -> 0 | Y77: =IF(Source!BI71=3,G77, 0) -> 0 | Z77: =IF(Source!BI71=4,G77, 0) -> 0
A78: =Source!E72 -> 7 | B78: =Source!F72 -> 16-02-005-3 | C78: =Source!G72 -> Прокладка трубопроводов отопления и водоснабжения из стальных электросварных труб диаметром 65 мм (диам. 57мм) | D78: =Source!H72 -> 100 м | E78: =Source!I72 -> 0.4 | S78: =ROUND((Source!FX72/100)*((ROUND(Source!CT72*Source!I72/IF(Source!BA72<> 0, Source!BA72, 1), 2)+ROUND(Source!CS72*Source!I72/IF(Source!BS72<> 0, Source!BS72, 1), 2))), 2) -> 0 | T78: =Source!X72 -> 0 | U78: =ROUND((Source!FY72/100)*((ROUND(Source!CT72*Source!I72/IF(Source!BA72<> 0, Source!BA72, 1), 2)+ROUND(Source!CS72*Source!I72/IF(Source!BS72<> 0, Source!BS72, 1), 2))), 2) -> 0 | V78: =Source!Y72 -> 0
C79: Зарплата | R79: =H79 -> 0
C80: Эксплуатация машин
C81: в т.ч. зарплата машинистов | R81: =H81 -> 0
C82: Материальные ресурсы
C83: НР от ФОТ | D83: % | E83: =Source!BZ72 -> 0
C84: СП от ФОТ | D84: % | E84: =Source!CA72 -> 0
C85: Затраты труда | D85: чел-ч | E85: =Source!AQ72 -> 0
O86: =G86 -> 0 | P86: =J86 -> 0 | Q86: =L86 -> 0 | W86: =IF(Source!BI72<=1,G86, 0) -> 0 | X86: =IF(Source!BI72=2,G86, 0) -> 0 | Y86: =IF(Source!BI72=3,G86, 0) -> 0 | Z86: =IF(Source!BI72=4,G86, 0) -> 0
A87: =Source!E74 -> 8 | B87: =Source!F74 -> 16-02-005-4 | C87: =Source!G74 -> Прокладка трубопроводов отопления и водоснабжения из стальных электросварных труб диаметром 80 мм (диам 76х3,2) | D87: =Source!H74 -> 100 м | E87: =Source!I74 -> 0.1 | S87: =ROUND((Source!FX74/100)*((ROUND(Source!CT74*Source!I74/IF(Source!BA74<> 0, Source!BA74, 1), 2)+ROUND(Source!CS74*Source!I74/IF(Source!BS74<> 0, Source!BS74, 1), 2))), 2) -> 0 | T87: =Source!X74 -> 0 | U87: =ROUND((Source!FY74/100)*((ROUND(Source!CT74*Source!I74/IF(Source!BA74<> 0, Source!BA74, 1), 2)+ROUND(Source!CS74*Source!I74/IF(Source!BS74<> 0, Source!BS74, 1), 2))), 2) -> 0 | V87: =Source!Y74 -> 0
C88: Зарплата | R88: =H88 -> 0
C89: Эксплуатация машин
C90: в т.ч. зарплата машинистов | R90: =H90 -> 0
C91: Материальные ресурсы
C92: НР от ФОТ | D92: % | E92: =Source!BZ74 -> 0
C93: СП от ФОТ | D93: % | E93: =Source!CA74 -> 0
C94: Затраты труда | D94: чел-ч | E94: =Source!AQ74 -> 0
O95: =G95 -> 0 | P95: =J95 -> 0 | Q95: =L95 -> 0 | W95: =IF(Source!BI74<=1,G95, 0) -> 0 | X95: =IF(Source!BI74=2,G95, 0) -> 0 | Y95: =IF(Source!BI74=3,G95, 0) -> 0 | Z95: =IF(Source!BI74=4,G95, 0) -> 0
A96: =Source!E76 -> 9 | B96: =Source!F76 -> 16-02-005-5 | C96: =Source!G76 -> Прокладка трубопроводов отопления и водоснабжения из стальных электросварных труб диаметром 100 мм (диам89х3,5) | D96: =Source!H76 -> 100 м | E96: =Source!I76 -> 0.2 | S96: =ROUND((Source!FX76/100)*((ROUND(Source!CT76*Source!I76/IF(Source!BA76<> 0, Source!BA76, 1), 2)+ROUND(Source!CS76*Source!I76/IF(Source!BS76<> 0, Source!BS76, 1), 2))), 2) -> 0 | T96: =Source!X76 -> 0 | U96: =ROUND((Source!FY76/100)*((ROUND(Source!CT76*Source!I76/IF(Source!BA76<> 0, Source!BA76, 1), 2)+ROUND(Source!CS76*Source!I76/IF(Source!BS76<> 0, Source!BS76, 1), 2))), 2) -> 0 | V96: =Source!Y76 -> 0
C97: Зарплата | R97: =H97 -> 0
C98: Эксплуатация машин
C99: в т.ч. зарплата машинистов | R99: =H99 -> 0
C100: Материальные ресурсы
C101: НР от ФОТ | D101: % | E101: =Source!BZ76 -> 0
C102: СП от ФОТ | D102: % | E102: =Source!CA76 -> 0
C103: Затраты труда | D103: чел-ч | E103: =Source!AQ76 -> 0
O104: =G104 -> 0 | P104: =J104 -> 0 | Q104: =L104 -> 0 | W104: =IF(Source!BI76<=1,G104, 0) -> 0 | X104: =IF(Source!BI76=2,G104, 0) -> 0 | Y104: =IF(Source!BI76=3,G104, 0) -> 0 | Z104: =IF(Source!BI76=4,G104, 0) -> 0
A105: =Source!E78 -> 10 | B105: =Source!F78 -> 16-07-005-2 | C105: =Source!G78 -> Гидравлическое испытание трубопроводов систем отопления, водопровода и горячего водоснабжения диаметром до 100 мм | D105: =Source!H78 -> 100 м | E105: =Source!I78 -> 0.64 | S105: =ROUND((Source!FX78/100)*((ROUND(Source!CT78*Source!I78/IF(Source!BA78<> 0, Source!BA78, 1), 2)+ROUND(Source!CS78*Source!I78/IF(Source!BS78<> 0, Source!BS78, 1), 2))), 2) -> 0 | T105: =Source!X78 -> 0 | U105: =ROUND((Source!FY78/100)*((ROUND(Source!CT78*Source!I78/IF(Source!BA78<> 0, Source!BA78, 1), 2)+ROUND(Source!CS78*Source!I78/IF(Source!BS78<> 0, Source!BS78, 1), 2))), 2) -> 0 | V105: =Source!Y78 -> 0
C106: Зарплата | R106: =H106 -> 0
C107: Эксплуатация машин
C108: Материальные ресурсы
C109: НР от ФОТ | D109: % | E109: =Source!BZ78 -> 0
C110: СП от ФОТ | D110: % | E110: =Source!CA78 -> 0
C111: Затраты труда | D111: чел-ч | E111: =Source!AQ78 -> 0
O112: =G112 -> 0 | P112: =J112 -> 0 | Q112: =L112 -> 0 | W112: =IF(Source!BI78<=1,G112, 0) -> 0 | X112: =IF(Source!BI78=2,G112, 0) -> 0 | Y112: =IF(Source!BI78=3,G112, 0) -> 0 | Z112: =IF(Source!BI78=4,G112, 0) -> 0
...

Sheet Source
A1: 0 | B1: Smeta.RU (495) 974-1589 | D1: _PS_ | F1: 0 | G1: 0 | H1: 0 | I1: Smeta.RU
A12: 1 | B12: 678 | C12: 0 | D12: =ROW(A630) -> 630 | E12: 0 | F12: Новый объект | G12: Производственно-складские строения.Кондиционирование. | I12: 0
A15: 15 | B15: 1
A18: 52 | B18: =B630 -> 678 | C18: =C630 -> 1 | D18: =D630 -> 12 | E18: =E630 -> 0 | F18: =F630 -> Новый объект | G18: =G630 -> Производственно-складские строения.Кондиционирование.
A20: 3 | B20: 1 | D20: =ROW(A599) -> 599 | F20: Новая локальная смета | G20: Устройство и пусконаладка системы кондиционирования. | I20: 0
A22: 52 | B22: =B599 -> 1 | C22: =C599 -> 3 | D22: =D599 -> 20 | E22: =E599 -> 0 | F22: =F599 -> Новая локальная смета | G22: =G599 -> Устройство и пусконаладка системы кондиционирования.
A24: 4 | B24: 1 | D24: =ROW(A35) -> 35 | F24: Новый раздел | G24: Устройство фундамента под монтаж чиллерных установок | I24: 0
A26: 52 | B26: =B35 -> 1 | C26: =C35 -> 4 | D26: =D35 -> 24 | E26: =E35 -> 0 | F26: =F35 -> Новый раздел | G26: =G35 -> Устройство фундамента под монтаж чиллерных установок
A28: 17 | B28: 1 | C28: =ROW(SmtRes!A22) -> 22 | D28: =ROW(EtalonRes!A19) -> 19 | E28: 1 | F28: 05-01-011-2 | G28: Погружение дизель-молотом копровой установки на базе трактора стальных свай шпунтового ряда массой 1 м до 50 кг, длиной до 8 м в грунты группы 2 | H28: т | I28: 2.2 | J28: 0
A29: 18 | B29: 1 | C29: 20 | E29: 1,1 | F29: Цена поставщика | G29: Свая винтовая СВС-219 | H29: ШТ | I29: =I28*J29 -> 12 | J29: 5.4545455
A30: 18 | B30: 1 | C30: 21 | E30: 1,2 | F30: Цена поставщика | G30: Оголовок сваи | H30: ШТ | I30: =I28*J30 -> 12 | J30: 5.4545455
A31: 18 | B31: 1 | C31: 22 | E31: 1,3 | F31: Цена поставщика | G31: Балка двутавровая №20 | H31: т | I31: =I28*J31 -> 0.714 | J31: 0.32454545
A32: 17 | B32: 1 | C32: =ROW(SmtRes!A30) -> 30 | D32: =ROW(EtalonRes!A27) -> 27 | E32: 2 | F32: 05-01-062-1 | G32: Бетонирование свай | H32: м3 | I32: 1.4 | J32: 0
A33: 18 | B33: 1 | C33: 30 | E33: 2,1 | F33: цена поставщика | G33: Бетон М300 | H33: м3 | I33: =I32*J33 -> 1.4 | J33: 1
A35: 51 | B35: =B24 -> 1 | C35: =A24 -> 4 | D35: =ROW(A24) -> 24 | F35: =IF(F24<>"",F24,"") -> Новый раздел | G35: =IF(G24<>"",G24,"") -> Устройство фундамента под монтаж чиллерных установок
A37: 50 | B37: 0 | C37: 0 | D37: 1 | E37: 0 | F37: =ROUND(Source!O35,O37) -> 0 | G37: ПЗ | H37: Прямые затраты
A38: 50 | B38: 0 | C38: 0 | D38: 1 | E38: 202 | F38: =ROUND(Source!P35,O38) -> 0 | G38: СтМат | H38: Стоимость материальных ресурсов
A39: 50 | B39: 0 | C39: 0 | D39: 1 | E39: 222 | F39: =ROUND(Source!AO35,O39) -> 0 | G39: СтМатЗак | H39: Стоимость материалов заказчика
A40: 50 | B40: 0 | C40: 0 | D40: 1 | E40: 216 | F40: =ROUND(Source!AP35,O40) -> 0 | G40: Оборуд | H40: Стоимость оборудования
A41: 50 | B41: 0 | C41: 0 | D41: 1 | E41: 223 | F41: =ROUND(Source!AQ35,O41) -> 0 | G41: ОборудЗак | H41: Стоимость оборудования заказчика
A42: 50 | B42: 0 | C42: 0 | D42: 1 | E42: 203 | F42: =ROUND(Source!Q35,O42) -> 0 | G42: ЭММ | H42: Эксплуатация машин
A43: 50 | B43: 0 | C43: 0 | D43: 1 | E43: 204 | F43: =ROUND(Source!R35,O43) -> 0 | G43: ЗПМ | H43: ЗП машинистов
A44: 50 | B44: 0 | C44: 0 | D44: 1 | E44: 205 | F44: =ROUND(Source!S35,O44) -> 0 | G44: ОЗП | H44: Основная ЗП рабочих
A45: 50 | B45: 0 | C45: 0 | D45: 1 | E45: 214 | F45: =ROUND(Source!AS35,O45) -> 0 | G45: Строит | H45: Строительные работы с НР и СП
A46: 50 | B46: 0 | C46: 0 | D46: 1 | E46: 215 | F46: =ROUND(Source!AT35,O46) -> 0 | G46: Монтаж | H46: Монтажные работы с НР и СП
A47: 50 | B47: 0 | C47: 0 | D47: 1 | E47: 217 | F47: =ROUND(Source!AU35,O47) -> 0 | G47: Прочие | H47: Прочие работы с НР и СП
A48: 50 | B48: 0 | C48: 0 | D48: 1 | E48: 206 | F48: =ROUND(Source!T35,O48) -> 0 | G48: ВозврМат | H48: Возврат материалов
A49: 50 | B49: 0 | C49: 0 | D49: 1 | E49: 207 | F49: =Source!U35 -> 0 | G49: ТрудСтр | H49: Трудозатраты строителей
A50: 50 | B50: 0 | C50: 0 | D50: 1 | E50: 208 | F50: =Source!V35 -> 0 | G50: ТрудМаш | H50: Трудозатраты машинистов
A51: 50 | B51: 0 | C51: 0 | D51: 1 | E51: 209 | F51: =ROUND(Source!W35,O51) -> 0 | G51: ТранспМат | H51: Транспорт материалов
A52: 50 | B52: 0 | C52: 0 | D52: 1 | E52: 0 | F52: =ROUND(Source!X35,O52) -> 0 | G52: НР | H52: Накладные расходы
A53: 50 | B53: 0 | C53: 0 | D53: 1 | E53: 0 | F53: =ROUND(Source!Y35,O53) -> 0 | G53: СмПриб | H53: Сметная прибыль
A54: 50 | B54: 0 | C54: 0 | D54: 1 | E54: 224 | F54: =ROUND(Source!AR35,O54) -> 0 | G54: Всего | H54: Всего с НР и СП
A55: 50 | B55: 1 | C55: 0 | D55: 2 | E55: 201 | F55: =ROUND(ROUND(F37,0),O55) -> 0 | G55: Итог1 | H55: Итого прямые затраты
A56: 50 | B56: 1 | C56: 0 | D56: 2 | E56: 210 | F56: =ROUND(ROUND(F52,0),O56) -> 0 | G56: Итог2 | H56: Накладные расходы
A57: 50 | B57: 1 | C57: 0 | D57: 2 | E57: 211 | F57: =ROUND(ROUND(F53,0),O57) -> 0 | G57: Итог3 | H57: Сметная прибыль
A58: 50 | B58: 1 | C58: 0 | D58: 2 | E58: 0 | F58: =ROUND(F55+F56+F57,O58) -> 0 | G58: Итог4 | H58: Итого
A60: 4 | B60: 1 | D60: =ROW(A251) -> 251 | F60: Новый раздел | G60: Система кондиционирования.Строение 1 | I60: 0
A62: 52 | B62: =B251 -> 1 | C62: =C251 -> 4 | D62: =D251 -> 60 | E62: =E251 -> 0 | F62: =F251 -> Новый раздел | G62: =G251 -> Система кондиционирования.Строение 1
A64: 5 | B64: 1 | D64: =ROW(A172) -> 172 | F64: Новый подраздел | G64: Монтаж системы кондиционирования. | I64: 0
A66: 52 | B66: =B172 -> 1 | C66: =C172 -> 5 | D66: =D172 -> 64 | E66: =E172 -> 0 | F66: =F172 -> Новый подраздел | G66: =G172 -> Монтаж системы кондиционирования.
A68: 17 | B68: 1 | C68: =ROW(SmtRes!A51) -> 51 | D68: =ROW(EtalonRes!A48) -> 48 | E68: 3 | F68: м12-07-001-1 | G68: Трубная проводка из водогазопроводных труб углеродистых и низколегированных сталей на соединениях разъемных, диаметр условного прохода 25 мм | H68: 1000 м | I68: 0.045 | J68: 0
A69: 17 | B69: 1 | E69: 4 | F69: Цена поставщика | G69: Труба обыкновенная ВГП диам25мм | H69: м | I69: 28 | J69: 0
A70: 17 | B70: 1 | E70: 5 | F70: Цена поставщика | G70: Труба обыкновенная ВГП диам20мм | H70: м | I70: 17 | J70: 0
A71: 17 | B71: 1 | C71: =ROW(SmtRes!A57) -> 57 | D71: =ROW(EtalonRes!A54) -> 54 | E71: 6 | F71: 16-07-005-1 | G71: Гидравлическое испытание трубопроводов систем отопления, водопровода и горячего водоснабжения диаметром до 50 мм | H71: 100 м | I71: 0.45 | J71: 0
A72: 17 | B72: 1 | C72: =ROW(SmtRes!A71) -> 71 | D72: =ROW(EtalonRes!A68) -> 68 | E72: 7 | F72: 16-02-005-3 | G72: Прокладка трубопроводов отопления и водоснабжения из стальных электросварных труб диаметром 65 мм (диам. 57мм) | H72: 100 м | I72: 0.4 | J72: 0
A73: 18 | B73: 1 | C73: 67 | E73: 7,1 | F73: 301-9240 | G73: Крепления | H73: кг | I73: =I72*J73 -> 0 | J73: 0
A74: 17 | B74: 1 | C74: =ROW(SmtRes!A85) -> 85 | D74: =ROW(EtalonRes!A82) -> 82 | E74: 8 | F74: 16-02-005-4 | G74: Прокладка трубопроводов отопления и водоснабжения из стальных электросварных труб диаметром 80 мм (диам 76х3,2) | H74: 100 м | I74: 0.1 | J74: 0
A75: 18 | B75: 1 | C75: 81 | E75: 8,1 | F75: 301-9240 | G75: Крепления | H75: кг | I75: =I74*J75 -> 0 | J75: 0
A76: 17 | B76: 1 | C76: =ROW(SmtRes!A99) -> 99 | D76: =ROW(EtalonRes!A96) -> 96 | E76: 9 | F76: 16-02-005-5 | G76: Прокладка трубопроводов отопления и водоснабжения из стальных электросварных труб диаметром 100 мм (диам89х3,5) | H76: 100 м | I76: 0.2 | J76: 0
A77: 18 | B77: 1 | C77: 95 | E77: 9,1 | F77: 301-9240 | G77: Крепления | H77: кг | I77: =I76*J77 -> 0 | J77: 0
A78: 17 | B78: 1 | C78: =ROW(SmtRes!A105) -> 105 | D78: =ROW(EtalonRes!A102) -> 102 | E78: 10 | F78: 16-07-005-2 | G78: Гидравлическое испытание трубопроводов систем отопления, водопровода и горячего водоснабжения диаметром до 100 мм | H78: 100 м | I78: 0.64 | J78: 0
A79: 17 | B79: 1 | C79: =ROW(SmtRes!A120) -> 120 | D79: =ROW(EtalonRes!A117) -> 117 | E79: 11 | F79: 16-02-005-6 | G79: Прокладка трубопроводов отопления и водоснабжения из стальных электросварных труб диаметром 125 мм (диам108х3,5мм) | H79: 100 м | I79: 0.1 | J79: 0
A80: 18 | B80: 1 | C80: 116 | E80: 11,1 | F80: 301-9240 | G80: Крепления | H80: кг | I80: =I79*J80 -> 0 | J80: 0
A81: 17 | B81: 1 | C81: =ROW(SmtRes!A134) -> 134 | D81: =ROW(EtalonRes!A131) -> 131 | E81: 12 | F81: 16-02-005-7 | G81: Прокладка трубопроводов отопления и водоснабжения из стальных электросварных труб диаметром 150 мм (диам 133х4,5мм) | H81: 100 м | I81: 1.25 | J81: 0
A82: 18 | B82: 1 | C82: 130 | E82: 12,1 | F82: 301-9240 | G82: Крепления | H82: кг | I82: =I81*J82 -> 0 | J82: 0
A83: 17 | B83: 1 | C83: =ROW(SmtRes!A147) -> 147 | D83: =ROW(EtalonRes!A144) -> 144 | E83: 13 | F83: 16-02-005-8 | G83: Прокладка трубопроводов отопления и водоснабжения из стальных электросварных труб диаметром 200 мм (диам 159х4,5мм) | H83: 100 м | I83: 1.65 | J83: 0
A84: 18 | B84: 1 | C84: 143 | E84: 13,1 | F84: 301-9240 | G84: Крепления | H84: кг | I84: =I83*J84 -> 0 | J84: 0
A85: 17 | B85: 1 | C85: =ROW(SmtRes!A154) -> 154 | D85: =ROW(EtalonRes!A151) -> 151 | E85: 14 | F85: 16-02-007-6 | G85: Установка фланцевых соединений на стальных трубопроводах диаметром 150 мм | H85: шт. | I85: 11 | J85: 0
A86: 17 | B86: 1 | C86: =ROW(SmtRes!A160) -> 160 | D86: =ROW(EtalonRes!A157) -> 157 | E86: 15 | F86: 16-07-005-3 | G86: Гидравлическое испытание трубопроводов систем отопления, водопровода и горячего водоснабжения диаметром до 200 мм | H86: 100 м | I86: 3 | J86: 0
A87: 17 | B87: 1 | E87: 16 | F87: Цена поставщика | G87: Отвод крутоизогнутый диам 159мм | H87: ШТ | I87: 26 | J87: 0
A88: 17 | B88: 1 | E88: 17 | F88: Цена поставщика | G88: Отвод крутоизогнутый диам 133мм | H88: ШТ | I88: 10 | J88: 0
A89: 17 | B89: 1 | E89: 18 | F89: Цена поставщика | G89: Отвод крутоизогнутый диам 57мм | H89: ШТ | I89: 20 | J89: 0
A90: 17 | B90: 1 | E90: 19 | F90: Цена поставщика | G90: Отвод крутоизогнутый диам 76мм | H90: ШТ | I90: 42 | J90: 0
A91: 17 | B91: 1 | E91: 20 | F91: Цена поставщика | G91: Отвод крутоизогнутый диам 108мм | H91: ШТ | I91: 22 | J91: 0
A92: 17 | B92: 1 | E92: 21 | F92: Цена поставщика | G92: Отвод крутоизогнутый диам 89мм | H92: ШТ | I92: 15 | J92: 0
A93: 17 | B93: 1 | E93: 22 | F93: Цена поставщика | G93: Тройник 159х159 | H93: ШТ | I93: 6 | J93: 0
A94: 17 | B94: 1 | E94: 23 | F94: Цена поставщика | G94: Тройник 108х108 | H94: ШТ | I94: 6 | J94: 0
A95: 17 | B95: 1 | E95: 24 | F95: Цена поставщика | G95: Тройник 133х133 | H95: ШТ | I95: 12 | J95: 0
A96: 17 | B96: 1 | E96: 25 | F96: Цена поставщика | G96: Тройник диам 57мм | H96: ШТ | I96: 26 | J96: 0
A97: 17 | B97: 1 | E97: 26 | F97: Цена поставщика | G97: Тройник диам 76мм | H97: ШТ | I97: 46 | J97: 0
A98: 17 | B98: 1 | E98: 27 | F98: Цена поставщика | G98: Резьба под приварку диам 57мм | H98: ШТ | I98: 145 | J98: 0
... A101: 17 | B101: 1 | E101: 30 | F101: Цена поставщика | G101: Разъёмное соединение диам 76мм DIN 2993 | H101: ШТ | I101: 22 | J101: 0
A102: 17 | B102: 1 | C102: =ROW(SmtRes!A168) -> 168 | D102: =ROW(EtalonRes!A165) -> 165 | E102: 31 | F102: 16-05-001-1 | G102: Установка вентилей, задвижек, затворов, клапанов обратных, кранов проходных на трубопроводах из стальных труб диаметром до 25 мм | H102: шт. | I102: 22 | J102: 0
A103: 18 | B103: 1 | C103: 166 | E103: 31,1 | F103: 302-9009 | G103: Арматура трубопроводная фланцевая | H103: шт. | I103: =I102*J103 -> 22 | J103: 1
A104: 17 | B104: 1 | E104: 32 | F104: Цена поставщика | G104: Вентиль балансировочный диам15мм | H104: ШТ | I104: 1 | J104: 0
A105: 17 | B105: 1 | E105: 33 | F105: Цена поставщика | G105: Вентиль балансировочный диам20мм | H105: ШТ | I105: 4 | J105: 0
A106: 17 | B106: 1 | E106: 34 | F106: Цена поставщика | G106: Вентиль предохранительный пружинный диам25мм | H106: ШТ | I106: 1 | J106: 0
A107: 17 | B107: 1 | E107: 35 | F107: Цена поставщика | G107: Кран со штуцером и пробкой(сливной) диам15мм | H107: ШТ | I107: 16 | J107: 0
A108: 17 | B108: 1 | C108: =ROW(SmtRes!A176) -> 176 | D108: =ROW(EtalonRes!A173) -> 173 | E108: 36 | F108: 16-05-001-2 | G108: Установка вентилей, задвижек, затворов, клапанов обратных, кранов проходных на трубопроводах из стальных труб диаметром до 50 мм | H108: шт. | I108: 12 | J108: 0
A109: 18 | B109: 1 | C109: 174 | E109: 36,1 | F109: 302-9009 | G109: Арматура трубопроводная фланцевая | H109: шт. | I109: =I108*J109 -> 12 | J109: 1
A110: 17 | B110: 1 | E110: 37 | F110: Цена поставщика | G110: Вентиль балансировочный диам50мм | H110: ШТ | I110: 12 | J110: 0
A111: 17 | B111: 1 | C111: =ROW(SmtRes!A186) -> 186 | D111: =ROW(EtalonRes!A183) -> 183 | E111: 38 | F111: м12-14-001-1 | G111: Вентиль латунный запорный теплый низкого давления, диаметр условного прохода до 25 мм | H111: 100 шт. | I111: 0.19 | J111: 0
A112: 17 | B112: 1 | E112: 39 | F112: Цена поставщика | G112: Кран шаровой муфтовый диам 15мм | H112: ШТ | I112: 5 | J112: 0
A113: 17 | B113: 1 | E113: 40 | F113: Цена поставщика | G113: Кран шаровой муфтовый диам 20мм | H113: ШТ | I113: 4 | J113: 0
A114: 17 | B114: 1 | E114: 41 | F114: Цена поставщика | G114: Кран шаровой муфтовый диам 25мм | H114: ШТ | I114: 2 | J114: 0
A115: 17 | B115: 1 | E115: 42 | F115: Цена поставщика | G115: Автоматический воздухоотводчик диам 15мм | H115: ШТ | I115: 8 | J115: 0
A116: 17 | B116: 1 | C116: =ROW(SmtRes!A196) -> 196 | D116: =ROW(EtalonRes!A193) -> 193 | E116: 43 | F116: м12-14-001-3 | G116: Вентиль латунный запорный теплый низкого давления, диаметр условного прохода 60 мм | H116: 100 шт. | I116: 0.12 | J116: 0
A117: 17 | B117: 1 | E117: 44 | F117: Цена поставщика | G117: Кран шаровой муфтовый диам 50мм | H117: ШТ | I117: 12 | J117: 0
A118: 17 | B118: 1 | C118: =ROW(SmtRes!A207) -> 207 | D118: =ROW(EtalonRes!A204) -> 204 | E118: 45 | F118: 16-05-001-3 | G118: Установка вентилей, задвижек, затворов, клапанов обратных, кранов проходных на трубопроводах из стальных труб диаметром до 100 мм | H118: шт. | I118: 1 | J118: 0
A119: 18 | B119: 1 | C119: 205 | E119: 45,1 | F119: 302-9009 | G119: Арматура трубопроводная фланцевая | H119: шт. | I119: =I118*J119 -> 1 | J119: 1
A120: 17 | B120: 1 | E120: 46 | F120: Цена поставщика | G120: Клапан перепуксной диам100мм,РМ 512,ВМ 575-100 | H120: ШТ | I120: 1 | J120: 0
A121: 17 | B121: 1 | C121: =ROW(SmtRes!A218) -> 218 | D121: =ROW(EtalonRes!A215) -> 215 | E121: 47 | F121: 16-05-001-5 | G121: Установка вентилей, задвижек, затворов, клапанов обратных, кранов проходных на трубопроводах из стальных труб диаметром до 150 мм | H121: шт. | I121: 12 | J121: 0
A122: 18 | B122: 1 | C122: 216 | E122: 47,1 | F122: 302-9009 | G122: Арматура трубопроводная фланцевая | H122: шт. | I122: =I121*J122 -> 12 | J122: 1
A123: 17 | B123: 1 | E123: 48 | F123: Цена поставщика | G123: Дисковые затворы поворотные межфланцевые диам150мм | H123: ШТ | I123: 6 | J123: 0
A124: 17 | B124: 1 | E124: 49 | F124: Цена поставщика | G124: Обратный клапан межфланцевые диам150мм | H124: ШТ | I124: 1 | J124: 0
A125: 17 | B125: 1 | E125: 50 | F125: Цена поставщика | G125: Компенсаторы резиновые антивибрационные диам150мм | H125: ШТ | I125: 4 | J125: 0
A126: 17 | B126: 1 | E126: 51 | F126: Цена поставщика | G126: Фильтр сетчатый фланцевый диам 150мм | H126: ШТ | I126: 1 | J126: 0
A127: 17 | B127: 1 | C127: =ROW(SmtRes!A235) -> 235 | D127: =ROW(EtalonRes!A232) -> 232 | E127: 52 | F127: 20-01-002-4 | G127: Прокладка воздуховодов из листовой оцинкованной стали и алюминия класса П (плотные) толщиной 0,6 мм, диаметром до 250 мм | H127: 100 м2 | I127: 7.42 | J127: 0
A128: 18 | B128: 1 | C128: 230 | E128: 52,1 | F128: 101-9430 | G128: Сетки в рамках | H128: м2 | I128: =I127*J128 -> 0 | J128: 0
...

Sheet SourceObSm
A1: 0 | B1: Smeta.RU (495) 974-1589 | D1: _OBSM_ | F1: 0 | G1: 0 | H1: 0 | I1: Smeta.RU
A12: 1 | B12: 42 | C12: 0 | E12: 0 | F12: Новый объект | G12: Производственно-складские строения.Кондиционирование. | I12: 0
A14: 22 | B14: 0 | C14: 0 | D14: 23104213 | E14: 0 | F14: 3
A16: 3 | B16: 1 | C16: Новая локальная смета | D16: Устройство и пусконаладка системы кондиционирования.
A18: 51
A20: 50 | B20: 0 | C20: 0 | D20: 1 | E20: 201 | G20: ПЗ | H20: Прямые затраты
A21: 50 | B21: 0 | C21: 0 | D21: 1 | E21: 202 | G21: СтМат | H21: Стоимость материальных ресурсов
A22: 50 | B22: 0 | C22: 0 | D22: 1 | E22: 222 | G22: СтМатЗак | H22: Стоимость материалов заказчика
A23: 50 | B23: 0 | C23: 0 | D23: 1 | E23: 216 | G23: Оборуд | H23: Стоимость оборудования
A24: 50 | B24: 0 | C24: 0 | D24: 1 | E24: 223 | G24: ОборудЗак | H24: Стоимость оборудования заказчика
A25: 50 | B25: 0 | C25: 0 | D25: 1 | E25: 203 | G25: ЭММ | H25: Эксплуатация машин
A26: 50 | B26: 0 | C26: 0 | D26: 1 | E26: 204 | G26: ЗПМ | H26: ЗП машинистов
A27: 50 | B27: 0 | C27: 0 | D27: 1 | E27: 205 | G27: ОЗП | H27: Основная ЗП рабочих
A28: 50 | B28: 0 | C28: 0 | D28: 1 | E28: 214 | G28: Строит | H28: Строительные работы с НР и СП
A29: 50 | B29: 0 | C29: 0 | D29: 1 | E29: 215 | G29: Монтаж | H29: Монтажные работы с НР и СП
A30: 50 | B30: 0 | C30: 0 | D30: 1 | E30: 217 | G30: Прочие | H30: Прочие работы с НР и СП
A31: 50 | B31: 0 | C31: 0 | D31: 1 | E31: 206 | G31: ВозврМат | H31: Возврат материалов
... A37: 50 | B37: 0 | C37: 0 | D37: 1 | E37: 224 | G37: Всего | H37: Всего с НР и СП
A39: -1

Sheet SmtRes
A1: =ROW(Source!A28) -> 28 | B1: 23104213 | C1: 23108071 | D1: 9415385 | E1: 1 | F1: 1 | G1: 1 | H1: 1 | I1: 1-1038 | K1: Рабочий строитель среднего разряда 3,8 | L1: 1369 | N1: 1013 | O1: чел.-ч | P1: чел.-ч | Q1: 1 | Y1: 17.95 | AA1: 0 | AB1: 0 | AC1: 0 | AD1: 9.4 | AN1: 0 | AO1: 1 | AP1: 0 | AQ1: 0 | AR1: 0 | AT1: 17.95 | AV1: 1 | AW1: 2 | AX1: 23108091 | AY1: 1 | AZ1: 0 | BA1: 1 | BB1: 0 | BC1: 0 | BD1: 0 | BE1: 0 | BF1: 0 | BG1: 0 | BH1: 0 | BI1: 0 | BJ1: 0 | BK1: 0 | BL1: 0 | BM1: 0 | BN1: 0 | BO1: 0 | BP1: 0 | BQ1: 0 | BR1: 0 | BS1: 0 | BT1: 0 | BU1: 0 | BV1: 0 | BW1: 0 | CB1: 0
A2: =ROW(Source!A28) -> 28 | B2: 23104213 | C2: 23108071 | D2: 121548 | E2: 1 | F2: 1 | G2: 1 | H2: 1 | I2: 2 | K2: Затраты труда машинистов | L2: 608254 | N2: 1013 | O2: чел.час | P2: чел.час | Q2: 1 | Y2: 5.01 | AA2: 0 | AB2: 0 | AC2: 0 | AD2: 0 | AN2: 0 | AO2: 1 | AP2: 0 | AQ2: 0 | AR2: 0 | AT2: 5.01 | AV2: 2 | AW2: 2 | AX2: 23108092 | AY2: 1 | AZ2: 0 | BA2: 2 | BB2: 0 | BC2: 0 | BD2: 0 | BE2: 0 | BF2: 0 | BG2: 0 | BH2: 0 | BI2: 0 | BJ2: 0 | BK2: 0 | BL2: 0 | BM2: 0 | BN2: 0 | BO2: 0 | BP2: 0 | BQ2: 0 | BR2: 0 | BS2: 0 | BT2: 0 | BU2: 0 | BV2: 0 | BW2: 0 | CB2: 0
A3: =ROW(Source!A28) -> 28 | B3: 23104213 | C3: 23108071 | D3: 21598847 | E3: 1 | F3: 1 | G3: 1 | H3: 2 | I3: 021141 | J3: ФСЭМ (2009), сб.02,поз.1141 | K3: Краны на автомобильном ходу при работе на других видах строительства 10 т | L3: 1368 | N3: 1011 | O3: маш.-ч | P3: маш.-ч | Q3: 1 | Y3: 1.26 | AA3: 0 | AB3: 111.99 | AC3: 13.5 | AD3: 0 | AN3: 0 | AO3: 1 | AP3: 0 | AQ3: 0 | AR3: 0 | AT3: 1.26 | AV3: 0 | AW3: 2 | AX3: 23108093 | AY3: 1 | AZ3: 0 | BA3: 3 | BB3: 0 | BC3: 0 | BD3: 0 | BE3: 0 | BF3: 0 | BG3: 0 | BH3: 0 | BI3: 0 | BJ3: 0 | BK3: 0 | BL3: 0 | BM3: 0 | BN3: 0 | BO3: 0 | BP3: 0 | BQ3: 0 | BR3: 0 | BS3: 0 | BT3: 0 | BU3: 0 | BV3: 0 | BW3: 0 | CB3: 0
A4: =ROW(Source!A28) -> 28 | B4: 23104213 | C4: 23108071 | D4: 21599015 | E4: 1 | F4: 1 | G4: 1 | H4: 2 | I4: 030402 | J4: ФСЭМ (2009), сб.03,поз.0402 | K4: Лебедки электрические тяговым усилием до 12,26 кН (1,25 т) | L4: 1368 | N4: 1011 | O4: маш.-ч | P4: маш.-ч | Q4: 1 | Y4: 0.34 | AA4: 0 | AB4: 3.28 | AC4: 0 | AD4: 0 | AN4: 0 | AO4: 1 | AP4: 0 | AQ4: 0 | AR4: 0 | AT4: 0.34 | AV4: 0 | AW4: 2 | AX4: 23108094 | AY4: 1 | AZ4: 0 | BA4: 4 | BB4: 0 | BC4: 0 | BD4: 0 | BE4: 0 | BF4: 0 | BG4: 0 | BH4: 0 | BI4: 0 | BJ4: 0 | BK4: 0 | BL4: 0 | BM4: 0 | BN4: 0 | BO4: 0 | BP4: 0 | BQ4: 0 | BR4: 0 | BS4: 0 | BT4: 0 | BU4: 0 | BV4: 0 | BW4: 0 | CB4: 0
A5: =ROW(Source!A28) -> 28 | B5: 23104213 | C5: 23108071 | D5: 21599181 | E5: 1 | F5: 1 | G5: 1 | H5: 2 | I5: 040202 | J5: ФСЭМ (2009), сб.04,поз.0202 | K5: Агрегаты сварочные передвижные с номинальным сварочным током 250-400 А с дизельным двигателем | L5: 1368 | N5: 1011 | O5: маш.-ч | P5: маш.-ч | Q5: 1 | Y5: 1.07 | AA5: 0 | AB5: 14 | AC5: 0 | AD5: 0 | AN5: 0 | AO5: 1 | AP5: 0 | AQ5: 0 | AR5: 0 | AT5: 1.07 | AV5: 0 | AW5: 2 | AX5: 23108095 | AY5: 1 | AZ5: 0 | BA5: 5 | BB5: 0 | BC5: 0 | BD5: 0 | BE5: 0 | BF5: 0 | BG5: 0 | BH5: 0 | BI5: 0 | BJ5: 0 | BK5: 0 | BL5: 0 | BM5: 0 | BN5: 0 | BO5: 0 | BP5: 0 | BQ5: 0 | BR5: 0 | BS5: 0 | BT5: 0 | BU5: 0 | BV5: 0 | BW5: 0 | CB5: 0
A6: =ROW(Source!A28) -> 28 | B6: 23104213 | C6: 23108071 | D6: 21599190 | E6: 1 | F6: 1 | G6: 1 | H6: 2 | I6: 040504 | J6: ФСЭМ (2009), сб.04,поз.0504 | K6: Аппарат для газовой сварки и резки | L6: 1368 | N6: 1011 | O6: маш.-ч | P6: маш.-ч | Q6: 1 | Y6: 0.31 | AA6: 0 | AB6: 1.2 | AC6: 0 | AD6: 0 | AN6: 0 | AO6: 1 | AP6: 0 | AQ6: 0 | AR6: 0 | AT6: 0.31 | AV6: 0 | AW6: 2 | AX6: 23108096 | AY6: 1 | AZ6: 0 | BA6: 6 | BB6: 0 | BC6: 0 | BD6: 0 | BE6: 0 | BF6: 0 | BG6: 0 | BH6: 0 | BI6: 0 | BJ6: 0 | BK6: 0 | BL6: 0 | BM6: 0 | BN6: 0 | BO6: 0 | BP6: 0 | BQ6: 0 | BR6: 0 | BS6: 0 | BT6: 0 | BU6: 0 | BV6: 0 | BW6: 0 | CB6: 0
A7: =ROW(Source!A28) -> 28 | B7: 23104213 | C7: 23108071 | D7: 21600149 | E7: 1 | F7: 1 | G7: 1 | H7: 2 | I7: 140110 | J7: ФСЭМ (2009), сб.14,поз.0110 | K7: Агрегаты копровые без дизель-молота на базе трактора 80 кВт (108 л.с.) | L7: 1368 | N7: 1011 | O7: маш.-ч | P7: маш.-ч | Q7: 1 | Y7: 3.75 | AA7: 0 | AB7: 239.25 | AC7: 16.44 | AD7: 0 | AN7: 0 | AO7: 1 | AP7: 0 | AQ7: 0 | AR7: 0 | AT7: 3.75 | AV7: 0 | AW7: 2 | AX7: 23108097 | AY7: 1 | AZ7: 0 | BA7: 7 | BB7: 0 | BC7: 0 | BD7: 0 | BE7: 0 | BF7: 0 | BG7: 0 | BH7: 0 | BI7: 0 | BJ7: 0 | BK7: 0 | BL7: 0 | BM7: 0 | BN7: 0 | BO7: 0 | BP7: 0 | BQ7: 0 | BR7: 0 | BS7: 0 | BT7: 0 | BU7: 0 | BV7: 0 | BW7: 0 | CB7: 0
A8: =ROW(Source!A28) -> 28 | B8: 23104213 | C8: 23108071 | D8: 21600166 | E8: 1 | F8: 1 | G8: 1 | H8: 2 | I8: 140502 | J8: ФСЭМ (2009), сб.14,поз.0502 | K8: Дизель-молоты 1,25 т | L8: 1368 | N8: 1011 | O8: маш.-ч | P8: маш.-ч | Q8: 1 | Y8: 3.75 | AA8: 0 | AB8: 40.41 | AC8: 0 | AD8: 0 | AN8: 0 | AO8: 1 | AP8: 0 | AQ8: 0 | AR8: 0 | AT8: 3.75 | AV8: 0 | AW8: 2 | AX8: 23108098 | AY8: 1 | AZ8: 0 | BA8: 8 | BB8: 0 | BC8: 0 | BD8: 0 | BE8: 0 | BF8: 0 | BG8: 0 | BH8: 0 | BI8: 0 | BJ8: 0 | BK8: 0 | BL8: 0 | BM8: 0 | BN8: 0 | BO8: 0 | BP8: 0 | BQ8: 0 | BR8: 0 | BS8: 0 | BT8: 0 | BU8: 0 | BV8: 0 | BW8: 0 | CB8: 0
A9: =ROW(Source!A28) -> 28 | B9: 23104213 | C9: 23108071 | D9: 21601198 | E9: 1 | F9: 1 | G9: 1 | H9: 2 | I9: 330206 | J9: ФСЭМ (2009), сб.33,поз.0206 | K9: Дрели электрические | L9: 1368 | N9: 1011 | O9: маш.-ч | P9: маш.-ч | Q9: 1 | Y9: 0.14 | AA9: 0 | AB9: 1.95 | AC9: 0 | AD9: 0 | AN9: 0 | AO9: 1 | AP9: 0 | AQ9: 0 | AR9: 0 | AT9: 0.14 | AV9: 0 | AW9: 2 | AX9: 23108099 | AY9: 1 | AZ9: 0 | BA9: 9 | BB9: 0 | BC9: 0 | BD9: 0 | BE9: 0 | BF9: 0 | BG9: 0 | BH9: 0 | BI9: 0 | BJ9: 0 | BK9: 0 | BL9: 0 | BM9: 0 | BN9: 0 | BO9: 0 | BP9: 0 | BQ9: 0 | BR9: 0 | BS9: 0 | BT9: 0 | BU9: 0 | BV9: 0 | BW9: 0 | CB9: 0
A10: =ROW(Source!A28) -> 28 | B10: 23104213 | C10: 23108071 | D10: 21601639 | E10: 1 | F10: 1 | G10: 1 | H10: 2 | I10: 400101 | J10: ФСЭМ (2009), сб.40,поз.0101 | K10: Тягачи седельные, грузоподъемность 12 т | L10: 1368 | N10: 1011 | O10: маш.-ч | P10: маш.-ч | Q10: 1 | Y10: 0.15 | AA10: 0 | AB10: 127.82 | AC10: 13.5 | AD10: 0 | AN10: 0 | AO10: 1 | AP10: 0 | AQ10: 0 | AR10: 0 | AT10: 0.15 | AV10: 0 | AW10: 2 | AX10: 23108100 | AY10: 1 | AZ10: 0 | BA10: 10 | BB10: 0 | BC10: 0 | BD10: 0 | BE10: 0 | BF10: 0 | BG10: 0 | BH10: 0 | BI10: 0 | BJ10: 0 | BK10: 0 | BL10: 0 | BM10: 0 | BN10: 0 | BO10: 0 | BP10: 0 | BQ10: 0 | BR10: 0 | BS10: 0 | BT10: 0 | BU10: 0 | BV10: 0 | BW10: 0 | CB10: 0
A11: =ROW(Source!A28) -> 28 | B11: 23104213 | C11: 23108071 | D11: 21601645 | E11: 1 | F11: 1 | G11: 1 | H11: 2 | I11: 400111 | J11: ФСЭМ (2009), сб.40,поз.0111 | K11: Полуприцепы общего назначения, грузоподъемность 12 т | L11: 1368 | N11: 1011 | O11: маш.-ч | P11: маш.-ч | Q11: 1 | Y11: 0.15 | AA11: 0 | AB11: 12 | AC11: 0 | AD11: 0 | AN11: 0 | AO11: 1 | AP11: 0 | AQ11: 0 | AR11: 0 | AT11: 0.15 | AV11: 0 | AW11: 2 | AX11: 23108101 | AY11: 1 | AZ11: 0 | BA11: 11 | BB11: 0 | BC11: 0 | BD11: 0 | BE11: 0 | BF11: 0 | BG11: 0 | BH11: 0 | BI11: 0 | BJ11: 0 | BK11: 0 | BL11: 0 | BM11: 0 | BN11: 0 | BO11: 0 | BP11: 0 | BQ11: 0 | BR11: 0 | BS11: 0 | BT11: 0 | BU11: 0 | BV11: 0 | BW11: 0 | CB11: 0
A12: =ROW(Source!A28) -> 28 | B12: 23104213 | C12: 23108071 | D12: 21538874 | E12: 1 | F12: 1 | G12: 1 | H12: 3 | I12: 101-0324 | J12: ФССЦ (2010) ч.1, раздел01, поз.0324 | K12: Кислород технический газообразный | L12: 1339 | N12: 1007 | O12: м3 | P12: м3 | Q12: 1 | Y12: 0.3 | AA12: 6.22 | AB12: 0 | AC12: 0 | AD12: 0 | AN12: 0 | AO12: 1 | AP12: 0 | AQ12: 0 | AR12: 0 | AT12: 0.3 | AV12: 0 | AW12: 2 | AX12: 23108102 | AY12: 1 | AZ12: 0 | BA12: 12 | BB12: 0 | BC12: 0 | BD12: 0 | BE12: 0 | BF12: 0 | BG12: 0 | BH12: 0 | BI12: 0 | BJ12: 0 | BK12: 0 | BL12: 0 | BM12: 0 | BN12: 0 | BO12: 0 | BP12: 0 | BQ12: 0 | BR12: 0 | BS12: 0 | BT12: 0 | BU12: 0 | BV12: 0 | BW12: 0 | CB12: 0
A13: =ROW(Source!A28) -> 28 | B13: 23104213 | C13: 23108071 | D13: 21538992 | E13: 1 | F13: 1 | G13: 1 | H13: 3 | I13: 101-0388 | J13: ФССЦ (2010) ч.1, раздел01, поз.0388 | K13: Краски масляные земляные марки МА-0115 мумия, сурик железный | L13: 1348 | N13: 1009 | O13: т | P13: т | Q13: 1000 | Y13: 4e-05 | AA13: 15119 | AB13: 0 | AC13: 0 | AD13: 0 | AN13: 0 | AO13: 1 | AP13: 0 | AQ13: 0 | AR13: 0 | AT13: 4e-05 | AV13: 0 | AW13: 2 | AX13: 23108103 | AY13: 1 | AZ13: 0 | BA13: 13 | BB13: 0 | BC13: 0 | BD13: 0 | BE13: 0 | BF13: 0 | BG13: 0 | BH13: 0 | BI13: 0 | BJ13: 0 | BK13: 0 | BL13: 0 | BM13: 0 | BN13: 0 | BO13: 0 | BP13: 0 | BQ13: 0 | BR13: 0 | BS13: 0 | BT13: 0 | BU13: 0 | BV13: 0 | BW13: 0 | CB13: 0
A14: =ROW(Source!A28) -> 28 | B14: 23104213 | C14: 23108071 | D14: 21539742 | E14: 1 | F14: 1 | G14: 1 | H14: 3 | I14: 101-0782 | J14: ФССЦ (2010) ч.1, раздел01, поз.0782 | K14: Поковки из квадратных заготовок, масса 1,8 кг | L14: 1348 | N14: 1009 | O14: т | P14: т | Q14: 1000 | Y14: 0.0006 | AA14: 5989 | AB14: 0 | AC14: 0 | AD14: 0 | AN14: 0 | AO14: 1 | AP14: 0 | AQ14: 0 | AR14: 0 | AT14: 0.0006 | AV14: 0 | AW14: 2 | AX14: 23108104 | AY14: 1 | AZ14: 0 | BA14: 14 | BB14: 0 | BC14: 0 | BD14: 0 | BE14: 0 | BF14: 0 | BG14: 0 | BH14: 0 | BI14: 0 | BJ14: 0 | BK14: 0 | BL14: 0 | BM14: 0 | BN14: 0 | BO14: 0 | BP14: 0 | BQ14: 0 | BR14: 0 | BS14: 0 | BT14: 0 | BU14: 0 | BV14: 0 | BW14: 0 | CB14: 0
A15: =ROW(Source!A28) -> 28 | B15: 23104213 | C15: 23108071 | D15: 21540421 | E15: 1 | F15: 1 | G15: 1 | H15: 3 | I15: 101-1145 | J15: ФССЦ (2010) ч.1, раздел01, поз.1145 | K15: Профили фасонные горячекатаные для шпунтовых свай Л4 и Л5 массой от 50 до 100 кг, сталь марки 16ХГ | L15: 1348 | N15: 1009 | O15: т | P15: т | Q15: 1000 | Y15: 1.01 | AA15: 6789.36 | AB15: 0 | AC15: 0 | AD15: 0 | AN15: 0 | AO15: 1 | AP15: 0 | AQ15: 0 | AR15: 0 | AT15: 1.01 | AV15: 0 | AW15: 2 | AX15: 23108105 | AY15: 1 | AZ15: 0 | BA15: 15 | BB15: 0 | BC15: 0 | BD15: 0 | BE15: 0 | BF15: 0 | BG15: 0 | BH15: 0 | BI15: 0 | BJ15: 0 | BK15: 0 | BL15: 0 | BM15: 0 | BN15: 0 | BO15: 0 | BP15: 0 | BQ15: 0 | BR15: 0 | BS15: 0 | BT15: 0 | BU15: 0 | BV15: 0 | BW15: 0 | CB15: 0
A16: =ROW(Source!A28) -> 28 | B16: 23104213 | C16: 23108071 | D16: 21540934 | E16: 1 | F16: 1 | G16: 1 | H16: 3 | I16: 101-1522 | J16: ФССЦ (2010) ч.1, раздел01, поз.1522 | K16: Электроды диаметром 5 мм Э42А | L16: 1348 | N16: 1009 | O16: т | P16: т | Q16: 1000 | Y16: 0.00193 | AA16: 10362 | AB16: 0 | AC16: 0 | AD16: 0 | AN16: 0 | AO16: 1 | AP16: 0 | AQ16: 0 | AR16: 0 | AT16: 0.00193 | AV16: 0 | AW16: 2 | AX16: 23108106 | AY16: 1 | AZ16: 0 | BA16: 16 | BB16: 0 | BC16: 0 | BD16: 0 | BE16: 0 | BF16: 0 | BG16: 0 | BH16: 0 | BI16: 0 | BJ16: 0 | BK16: 0 | BL16: 0 | BM16: 0 | BN16: 0 | BO16: 0 | BP16: 0 | BQ16: 0 | BR16: 0 | BS16: 0 | BT16: 0 | BU16: 0 | BV16: 0 | BW16: 0 | CB16: 0
A17: =ROW(Source!A28) -> 28 | B17: 23104213 | C17: 23108071 | D17: 21541053 | E17: 1 | F17: 1 | G17: 1 | H17: 3 | I17: 101-1602 | J17: ФССЦ (2010) ч.1, раздел01, поз.1602 | K17: Ацетилен газообразный технический | L17: 1339 | N17: 1007 | O17: м3 | P17: м3 | Q17: 1 | Y17: 0.06 | AA17: 38.51 | AB17: 0 | AC17: 0 | AD17: 0 | AN17: 0 | AO17: 1 | AP17: 0 | AQ17: 0 | AR17: 0 | AT17: 0.06 | AV17: 0 | AW17: 2 | AX17: 23108107 | AY17: 1 | AZ17: 0 | BA17: 17 | BB17: 0 | BC17: 0 | BD17: 0 | BE17: 0 | BF17: 0 | BG17: 0 | BH17: 0 | BI17: 0 | BJ17: 0 | BK17: 0 | BL17: 0 | BM17: 0 | BN17: 0 | BO17: 0 | BP17: 0 | BQ17: 0 | BR17: 0 | BS17: 0 | BT17: 0 | BU17: 0 | BV17: 0 | BW17: 0 | CB17: 0
A18: =ROW(Source!A28) -> 28 | B18: 23104213 | C18: 23108071 | D18: 21548987 | E18: 1 | F18: 1 | G18: 1 | H18: 3 | I18: 102-0008 | J18: ФССЦ (2010) ч.1, раздел02, поз.0008 | K18: Лесоматериалы круглые хвойных пород для строительства диаметром 14-24 см, длиной 3-6,5 м | L18: 1339 | N18: 1007 | O18: м3 | P18: м3 | Q18: 1 | Y18: 0.006 | AA18: 558.33 | AB18: 0 | AC18: 0 | AD18: 0 | AN18: 0 | AO18: 1 | AP18: 0 | AQ18: 0 | AR18: 0 | AT18: 0.006 | AV18: 0 | AW18: 2 | AX18: 23108108 | AY18: 1 | AZ18: 0 | BA18: 18 | BB18: 0 | BC18: 0 | BD18: 0 | BE18: 0 | BF18: 0 | BG18: 0 | BH18: 0 | BI18: 0 | BJ18: 0 | BK18: 0 | BL18: 0 | BM18: 0 | BN18: 0 | BO18: 0 | BP18: 0 | BQ18: 0 | BR18: 0 | BS18: 0 | BT18: 0 | BU18: 0 | BV18: 0 | BW18: 0 | CB18: 0
A19: =ROW(Source!A28) -> 28 | B19: 23104213 | C19: 23108071 | D19: 21551773 | E19: 1 | F19: 1 | G19: 1 | H19: 3 | I19: 201-0774 | J19: ФССЦ (2010) ч.2, раздел01, поз.0774 | K19: Конструктивные элементы вспомогательного назначения массой не более 50 кг с преобладанием толстолистовой стали собираемые из двух и более деталей, с отверстиями и без отверстий, соединяемые на сварке | L19: 1348 | N19: 1009 | O19: т | P19: т | Q19: 1000 | Y19: 0.0004 | AA19: 11255 | AB19: 0 | AC19: 0 | AD19: 0 | AN19: 0 | AO19: 1 | AP19: 0 | AQ19: 0 | AR19: 0 | AT19: 0.0004 | AV19: 0 | AW19: 2 | AX19: 23108109 | AY19: 1 | AZ19: 0 | BA19: 19 | BB19: 0 | BC19: 0 | BD19: 0 | BE19: 0 | BF19: 0 | BG19: 0 | BH19: 0 | BI19: 0 | BJ19: 0 | BK19: 0 | BL19: 0 | BM19: 0 | BN19: 0 | BO19: 0 | BP19: 0 | BQ19: 0 | BR19: 0 | BS19: 0 | BT19: 0 | BU19: 0 | BV19: 0 | BW19: 0 | CB19: 0
A20: =ROW(Source!A28) -> 28 | B20: 23104213 | C20: 23108071 | D20: 0 | E20: 0 | F20: 1 | G20: 1 | H20: 3 | I20: Цена поставщика | K20: Свая винтовая СВС-219 | L20: 1371 | N20: 1013 | O20: ШТ | P20: ШТ | Q20: 1 | Y20: 5.454545 | AA20: 1280.43 | AB20: 0 | AC20: 0 | AD20: 0 | AN20: 0 | AO20: 0 | AP20: 0 | AQ20: 0 | AR20: 0 | AT20: 5.454545 | AV20: 0 | AW20: 1 | AX20: -1 | AY20: 0 | AZ20: 0 | BB20: 0 | BC20: 0 | BD20: 0 | BE20: 0 | BF20: 0 | BG20: 0 | BH20: 0 | BI20: 0 | BJ20: 0 | BK20: 0 | BL20: 0 | BM20: 0 | BN20: 0 | BO20: 0 | BP20: 0 | BQ20: 0 | BR20: 0 | BS20: 0 | BT20: 0 | BU20: 0 | BV20: 0 | BW20: 0 | CB20: 0
A21: =ROW(Source!A28) -> 28 | B21: 23104213 | C21: 23108071 | D21: 0 | E21: 0 | F21: 1 | G21: 1 | H21: 3 | I21: Цена поставщика | K21: Оголовок сваи | L21: 1371 | N21: 1013 | O21: ШТ | P21: ШТ | Q21: 1 | Y21: 5.454545 | AA21: 33.52 | AB21: 0 | AC21: 0 | AD21: 0 | AN21: 0 | AO21: 0 | AP21: 0 | AQ21: 0 | AR21: 0 | AT21: 5.454545 | AV21: 0 | AW21: 1 | AX21: -1 | AY21: 0 | AZ21: 0 | BB21: 0 | BC21: 0 | BD21: 0 | BE21: 0 | BF21: 0 | BG21: 0 | BH21: 0 | BI21: 0 | BJ21: 0 | BK21: 0 | BL21: 0 | BM21: 0 | BN21: 0 | BO21: 0 | BP21: 0 | BQ21: 0 | BR21: 0 | BS21: 0 | BT21: 0 | BU21: 0 | BV21: 0 | BW21: 0 | CB21: 0
A22: =ROW(Source!A28) -> 28 | B22: 23104213 | C22: 23108071 | D22: 0 | E22: 0 | F22: 1 | G22: 1 | H22: 3 | I22: Цена поставщика | K22: Балка двутавровая №20 | L22: 1348 | N22: 1009 | O22: т | P22: т | Q22: 1000 | Y22: 0.324545 | AA22: 3620.48 | AB22: 0 | AC22: 0 | AD22: 0 | AN22: 0 | AO22: 0 | AP22: 0 | AQ22: 0 | AR22: 0 | AT22: 0.324545 | AV22: 0 | AW22: 1 | AX22: -1 | AY22: 0 | AZ22: 0 | BB22: 0 | BC22: 0 | BD22: 0 | BE22: 0 | BF22: 0 | BG22: 0 | BH22: 0 | BI22: 0 | BJ22: 0 | BK22: 0 | BL22: 0 | BM22: 0 | BN22: 0 | BO22: 0 | BP22: 0 | BQ22: 0 | BR22: 0 | BS22: 0 | BT22: 0 | BU22: 0 | BV22: 0 | BW22: 0 | CB22: 0
A23: =ROW(Source!A32) -> 32 | B23: 23104213 | C23: 23108134 | D23: 9416110 | E23: 1 | F23: 1 | G23: 1 | H23: 1 | I23: 1-1036 | K23: Рабочий строитель среднего разряда 3,6 | L23: 1369 | N23: 1013 | O23: чел.-ч | P23: чел.-ч | Q23: 1 | Y23: 0.64 | AA23: 0 | AB23: 0 | AC23: 0 | AD23: 9.18 | AN23: 0 | AO23: 1 | AP23: 0 | AQ23: 0 | AR23: 0 | AT23: 0.64 | AV23: 1 | AW23: 2 | AX23: 23108142 | AY23: 1 | AZ23: 0 | BA23: 20 | BB23: 0 | BC23: 0 | BD23: 0 | BE23: 0 | BF23: 0 | BG23: 0 | BH23: 0 | BI23: 0 | BJ23: 0 | BK23: 0 | BL23: 0 | BM23: 0 | BN23: 0 | BO23: 0 | BP23: 0 | BQ23: 0 | BR23: 0 | BS23: 0 | BT23: 0 | BU23: 0 | BV23: 0 | BW23: 0 | CB23: 0
A24: =ROW(Source!A32) -> 32 | B24: 23104213 | C24: 23108134 | D24: 121548 | E24: 1 | F24: 1 | G24: 1 | H24: 1 | I24: 2 | K24: Затраты труда машинистов | L24: 608254 | N24: 1013 | O24: чел.час | P24: чел.час | Q24: 1 | Y24: 0.35 | AA24: 0 | AB24: 0 | AC24: 0 | AD24: 0 | AN24: 0 | AO24: 1 | AP24: 0 | AQ24: 0 | AR24: 0 | AT24: 0.35 | AV24: 2 | AW24: 2 | AX24: 23108143 | AY24: 1 | AZ24: 0 | BA24: 21 | BB24: 0 | BC24: 0 | BD24: 0 | BE24: 0 | BF24: 0 | BG24: 0 | BH24: 0 | BI24: 0 | BJ24: 0 | BK24: 0 | BL24: 0 | BM24: 0 | BN24: 0 | BO24: 0 | BP24: 0 | BQ24: 0 | BR24: 0 | BS24: 0 | BT24: 0 | BU24: 0 | BV24: 0 | BW24: 0 | CB24: 0
A25: =ROW(Source!A32) -> 32 | B25: 23104213 | C25: 23108134 | D25: 21598883 | E25: 1 | F25: 1 | G25: 1 | H25: 2 | I25: 021243 | J25: ФСЭМ (2009), сб.02,поз.1243 | K25: Краны на гусеничном ходу при работе на других видах строительства до 16 т | L25: 1368 | N25: 1011 | O25: маш.-ч | P25: маш.-ч | Q25: 1 | Y25: 0.35 | AA25: 0 | AB25: 96.89 | AC25: 13.5 | AD25: 0 | AN25: 0 | AO25: 1 | AP25: 0 | AQ25: 0 | AR25: 0 | AT25: 0.35 | AV25: 0 | AW25: 2 | AX25: 23108144 | AY25: 1 | AZ25: 0 | BA25: 22 | BB25: 0 | BC25: 0 | BD25: 0 | BE25: 0 | BF25: 0 | BG25: 0 | BH25: 0 | BI25: 0 | BJ25: 0 | BK25: 0 | BL25: 0 | BM25: 0 | BN25: 0 | BO25: 0 | BP25: 0 | BQ25: 0 | BR25: 0 | BS25: 0 | BT25: 0 | BU25: 0 | BV25: 0 | BW25: 0 | CB25: 0
A26: =ROW(Source!A32) -> 32 | B26: 23104213 | C26: 23108134 | D26: 21599794 | E26: 1 | F26: 1 | G26: 1 | H26: 2 | I26: 111100 | J26: ФСЭМ (2009), сб.11,поз.1100 | K26: Вибратор глубинный | L26: 1368 | N26: 1011 | O26: маш.-ч | P26: маш.-ч | Q26: 1 | Y26: 0.24 | AA26: 0 | AB26: 1.9 | AC26: 0 | AD26: 0 | AN26: 0 | AO26: 1 | AP26: 0 | AQ26: 0 | AR26: 0 | AT26: 0.24 | AV26: 0 | AW26: 2 | AX26: 23108145 | AY26: 1 | AZ26: 0 | BA26: 23 | BB26: 0 | BC26: 0 | BD26: 0 | BE26: 0 | BF26: 0 | BG26: 0 | BH26: 0 | BI26: 0 | BJ26: 0 | BK26: 0 | BL26: 0 | BM26: 0 | BN26: 0 | BO26: 0 | BP26: 0 | BQ26: 0 | BR26: 0 | BS26: 0 | BT26: 0 | BU26: 0 | BV26: 0 | BW26: 0 | CB26: 0
A27: =ROW(Source!A32) -> 32 | B27: 23104213 | C27: 23108134 | D27: 21601024 | E27: 1 | F27: 1 | G27: 1 | H27: 2 | I27: 270301 | J27: ФСЭМ (2009), сб.27,поз.0301 | K27: Насосы грязевые, подача 23,4-65,3 м3/ч, давление нагнетания 15,7-5,88 МПа (160-60 кгс/см2) | L27: 1368 | N27: 1011 | O27: маш.-ч | P27: маш.-ч | Q27: 1 | Y27: 0.21 | AA27: 0 | AB27: 32.71 | AC27: 0 | AD27: 0 | AN27: 0 | AO27: 1 | AP27: 0 | AQ27: 0 | AR27: 0 | AT27: 0.21 | AV27: 0 | AW27: 2 | AX27: 23108146 | AY27: 1 | AZ27: 0 | BA27: 24 | BB27: 0 | BC27: 0 | BD27: 0 | BE27: 0 | BF27: 0 | BG27: 0 | BH27: 0 | BI27: 0 | BJ27: 0 | BK27: 0 | BL27: 0 | BM27: 0 | BN27: 0 | BO27: 0 | BP27: 0 | BQ27: 0 | BR27: 0 | BS27: 0 | BT27: 0 | BU27: 0 | BV27: 0 | BW27: 0 | CB27: 0
A28: =ROW(Source!A32) -> 32 | B28: 23104213 | C28: 23108134 | D28: 21601609 | E28: 1 | F28: 1 | G28: 1 | H28: 2 | I28: 400001 | J28: ФСЭМ (2009), сб.40,поз.0001 | K28: Автомобили бортовые, грузоподъемность до 5 т | L28: 1368 | N28: 1011 | O28: маш.-ч | P28: маш.-ч | Q28: 1 | Y28: 0.07 | AA28: 0 | AB28: 87.17 | AC28: 11.6 | AD28: 0 | AN28: 0 | AO28: 1 | AP28: 0 | AQ28: 0 | AR28: 0 | AT28: 0.07 | AV28: 0 | AW28: 2 | AX28: 23108147 | AY28: 1 | AZ28: 0 | BA28: 25 | BB28: 0 | BC28: 0 | BD28: 0 | BE28: 0 | BF28: 0 | BG28: 0 | BH28: 0 | BI28: 0 | BJ28: 0 | BK28: 0 | BL28: 0 | BM28: 0 | BN28: 0 | BO28: 0 | BP28: 0 | BQ28: 0 | BR28: 0 | BS28: 0 | BT28: 0 | BU28: 0 | BV28: 0 | BW28: 0 | CB28: 0
A29: =ROW(Source!A32) -> 32 | B29: 23104213 | C29: 23108134 | D29: 21611041 | E29: 1 | F29: 1 | G29: 1 | H29: 3 | I29: 103-0576 | J29: ФССЦ (2010) ч.1, раздел03, поз.0576 | K29: Трубы бесшовные обсадные из стали группы Д и Б с короткой треугольной резьбой, наружным диаметром 377 мм, толщина стенки 12 мм | L29: 1301 | N29: 1003 | O29: м | P29: м | Q29: 1 | Y29: 0.15 | AA29: 1001.3 | AB29: 0 | AC29: 0 | AD29: 0 | AN29: 0 | AO29: 1 | AP29: 0 | AQ29: 0 | AR29: 0 | AT29: 0.15 | AV29: 0 | AW29: 2 | AX29: 23108148 | AY29: 1 | AZ29: 0 | BA29: 26 | BB29: 0 | BC29: 0 | BD29: 0 | BE29: 0 | BF29: 0 | BG29: 0 | BH29: 0 | BI29: 0 | BJ29: 0 | BK29: 0 | BL29: 0 | BM29: 0 | BN29: 0 | BO29: 0 | BP29: 0 | BQ29: 0 | BR29: 0 | BS29: 0 | BT29: 0 | BU29: 0 | BV29: 0 | BW29: 0 | CB29: 0
A30: =ROW(Source!A32) -> 32 | B30: 23104213 | C30: 23108134 | D30: 0 | E30: 0 | F30: 1 | G30: 1 | H30: 3 | I30: цена поставщика | K30: Бетон М300 | L30: 1339 | N30: 1007 | O30: м3 | P30: м3 | Q30: 1 | Y30: 1 | AA30: 465.97 | AB30: 0 | AC30: 0 | AD30: 0 | AN30: 0 | AO30: 0 | AP30: 0 | AQ30: 0 | AR30: 0 | AT30: 1 | AV30: 0 | AW30: 1 | AX30: -1 | AY30: 0 | AZ30: 0 | BB30: 0 | BC30: 0 | BD30: 0 | BE30: 0 | BF30: 0 | BG30: 0 | BH30: 0 | BI30: 0 | BJ30: 0 | BK30: 0 | BL30: 0 | BM30: 0 | BN30: 0 | BO30: 0 | BP30: 0 | BQ30: 0 | BR30: 0 | BS30: 0 | BT30: 0 | BU30: 0 | BV30: 0 | BW30: 0 | CB30: 0
A31: =ROW(Source!A68) -> 68 | B31: 23104213 | C31: 23104640 | D31: 9430710 | E31: 1 | F31: 1 | G31: 1 | H31: 1 | I31: 1-2040 | K31: Рабочий монтажник среднего разряда 4 | L31: 1369 | N31: 1013 | O31: чел.-ч | P31: чел.-ч | Q31: 1 | Y31: 443 | AA31: 0 | AB31: 0 | AC31: 0 | AD31: 9.62 | AN31: 0 | AO31: 1 | AP31: 0 | AQ31: 0 | AR31: 0 | AT31: 443 | AV31: 1 | AW31: 2 | AX31: 23104662 | AY31: 1 | AZ31: 0 | BA31: 28 | BB31: 0 | BC31: 0 | BD31: 0 | BE31: 0 | BF31: 0 | BG31: 0 | BH31: 0 | BI31: 0 | BJ31: 0 | BK31: 0 | BL31: 0 | BM31: 0 | BN31: 0 | BO31: 0 | BP31: 0 | BQ31: 0 | BR31: 0 | BS31: 0 | BT31: 0 | BU31: 0 | BV31: 0 | BW31: 0 | CB31: 0
A32: =ROW(Source!A68) -> 68 | B32: 23104213 | C32: 23104640 | D32: 121548 | E32: 1 | F32: 1 | G32: 1 | H32: 1 | I32: 2 | K32: Затраты труда машинистов | L32: 608254 | N32: 1013 | O32: чел.час | P32: чел.час | Q32: 1 | Y32: 220.92 | AA32: 0 | AB32: 0 | AC32: 0 | AD32: 0 | AN32: 0 | AO32: 1 | AP32: 0 | AQ32: 0 | AR32: 0 | AT32: 220.92 | AV32: 2 | AW32: 2 | AX32: 23104663 | AY32: 1 | AZ32: 0 | BA32: 29 | BB32: 0 | BC32: 0 | BD32: 0 | BE32: 0 | BF32: 0 | BG32: 0 | BH32: 0 | BI32: 0 | BJ32: 0 | BK32: 0 | BL32: 0 | BM32: 0 | BN32: 0 | BO32: 0 | BP32: 0 | BQ32: 0 | BR32: 0 | BS32: 0 | BT32: 0 | BU32: 0 | BV32: 0 | BW32: 0 | CB32: 0
A33: =ROW(Source!A68) -> 68 | B33: 23104213 | C33: 23104640 | D33: 21598821 | E33: 1 | F33: 1 | G33: 1 | H33: 2 | I33: 021102 | J33: ФСЭМ (2009), сб.02,поз.1102 | K33: Краны на автомобильном ходу при работе на монтаже технологического оборудования 10 т | L33: 1368 | N33: 1011 | O33: маш.-ч | P33: маш.-ч | Q33: 1 | Y33: 1.2 | AA33: 0 | AB33: 134.65 | AC33: 13.5 | AD33: 0 | AN33: 0 | AO33: 1 | AP33: 0 | AQ33: 0 | AR33: 0 | AT33: 1.2 | AV33: 0 | AW33: 2 | AX33: 23104664 | AY33: 1 | AZ33: 0 | BA33: 30 | BB33: 0 | BC33: 0 | BD33: 0 | BE33: 0 | BF33: 0 | BG33: 0 | BH33: 0 | BI33: 0 | BJ33: 0 | BK33: 0 | BL33: 0 | BM33: 0 | BN33: 0 | BO33: 0 | BP33: 0 | BQ33: 0 | BR33: 0 | BS33: 0 | BT33: 0 | BU33: 0 | BV33: 0 | BW33: 0 | CB33: 0
A34: =ROW(Source!A68) -> 68 | B34: 23104213 | C34: 23104640 | D34: 21599243 | E34: 1 | F34: 1 | G34: 1 | H34: 2 | I34: 050301 | J34: ФСЭМ (2009), сб.05,поз.0301 | K34: Компрессоры самоходные с двигателем внутреннего сгорания давлением 800 кПа (8 ат), производительность 6,3 м3/мин | L34: 1368 | N34: 1011 | O34: маш.-ч | P34: маш.-ч | Q34: 1 | Y34: 8.12 | AA34: 0 | AB34: 100 | AC34: 10.06 | AD34: 0 | AN34: 0 | AO34: 1 | AP34: 0 | AQ34: 0 | AR34: 0 | AT34: 8.12 | AV34: 0 | AW34: 2 | AX34: 23104665 | AY34: 1 | AZ34: 0 | BA34: 31 | BB34: 0 | BC34: 0 | BD34: 0 | BE34: 0 | BF34: 0 | BG34: 0 | BH34: 0 | BI34: 0 | BJ34: 0 | BK34: 0 | BL34: 0 | BM34: 0 | BN34: 0 | BO34: 0 | BP34: 0 | BQ34: 0 | BR34: 0 | BS34: 0 | BT34: 0 | BU34: 0 | BV34: 0 | BW34: 0 | CB34: 0
A35: =ROW(Source!A68) -> 68 | B35: 23104213 | C35: 23104640 | D35: 21600228 | E35: 1 | F35: 1 | G35: 1 | H35: 2 | I35: 150102 | J35: ФСЭМ (2009), сб.15,поз.0102 | K35: Агрегаты наполнительно-опрессовочные до 300 м3/ч | L35: 1368 | N35: 1011 | O35: маш.-ч | P35: маш.-ч | Q35: 1 | Y35: 29 | AA35: 0 | AB35: 287.99 | AC35: 11.6 | AD35: 0 | AN35: 0 | AO35: 1 | AP35: 0 | AQ35: 0 | AR35: 0 | AT35: 29 | AV35: 0 | AW35: 2 | AX35: 23104666 | AY35: 1 | AZ35: 0 | BA35: 32 | BB35: 0 | BC35: 0 | BD35: 0 | BE35: 0 | BF35: 0 | BG35: 0 | BH35: 0 | BI35: 0 | BJ35: 0 | BK35: 0 | BL35: 0 | BM35: 0 | BN35: 0 | BO35: 0 | BP35: 0 | BQ35: 0 | BR35: 0 | BS35: 0 | BT35: 0 | BU35: 0 | BV35: 0 | BW35: 0 | CB35: 0
A36: =ROW(Source!A68) -> 68 | B36: 23104213 | C36: 23104640 | D36: 21600294 | E36: 1 | F36: 1 | G36: 1 | H36: 2 | I36: 151301 | J36: ФСЭМ (2009), сб.15,поз.1301 | K36: Станки трубогибочные для труб диаметром 200-500 мм | L36: 1368 | N36: 1011 | O36: маш.-ч | P36: маш.-ч | Q36: 1 | Y36: 63.8 | AA36: 0 | AB36: 91.83 | AC36: 10.06 | AD36: 0 | AN36: 0 | AO36: 1 | AP36: 0 | AQ36: 0 | AR36: 0 | AT36: 63.8 | AV36: 0 | AW36: 2 | AX36: 23104667 | AY36: 1 | AZ36: 0 | BA36: 33 | BB36: 0 | BC36: 0 | BD36: 0 | BE36: 0 | BF36: 0 | BG36: 0 | BH36: 0 | BI36: 0 | BJ36: 0 | BK36: 0 | BL36: 0 | BM36: 0 | BN36: 0 | BO36: 0 | BP36: 0 | BQ36: 0 | BR36: 0 | BS36: 0 | BT36: 0 | BU36: 0 | BV36: 0 | BW36: 0 | CB36: 0
A37: =ROW(Source!A68) -> 68 | B37: 23104213 | C37: 23104640 | D37: 21601240 | E37: 1 | F37: 1 | G37: 1 | H37: 2 | I37: 331005 | J37: ФСЭМ (2009), сб.33,поз.1005 | K37: Станок трубоотрезной | L37: 1368 | N37: 1011 | O37: маш.-ч | P37: маш.-ч | Q37: 1 | Y37: 55 | AA37: 0 | AB37: 52.61 | AC37: 11.6 | AD37: 0 | AN37: 0 | AO37: 1 | AP37: 0 | AQ37: 0 | AR37: 0 | AT37: 55 | AV37: 0 | AW37: 2 | AX37: 23104668 | AY37: 1 | AZ37: 0 | BA37: 34 | BB37: 0 | BC37: 0 | BD37: 0 | BE37: 0 | BF37: 0 | BG37: 0 | BH37: 0 | BI37: 0 | BJ37: 0 | BK37: 0 | BL37: 0 | BM37: 0 | BN37: 0 | BO37: 0 | BP37: 0 | BQ37: 0 | BR37: 0 | BS37: 0 | BT37: 0 | BU37: 0 | BV37: 0 | BW37: 0 | CB37: 0
A38: =ROW(Source!A68) -> 68 | B38: 23104213 | C38: 23104640 | D38: 21601242 | E38: 1 | F38: 1 | G38: 1 | H38: 2 | I38: 331006 | J38: ФСЭМ (2009), сб.33,поз.1006 | K38: Станок трубонарезной | L38: 1368 | N38: 1011 | O38: маш.-ч | P38: маш.-ч | Q38: 1 | Y38: 63.8 | AA38: 0 | AB38: 30.46 | AC38: 11.6 | AD38: 0 | AN38: 0 | AO38: 1 | AP38: 0 | AQ38: 0 | AR38: 0 | AT38: 63.8 | AV38: 0 | AW38: 2 | AX38: 23104669 | AY38: 1 | AZ38: 0 | BA38: 35 | BB38: 0 | BC38: 0 | BD38: 0 | BE38: 0 | BF38: 0 | BG38: 0 | BH38: 0 | BI38: 0 | BJ38: 0 | BK38: 0 | BL38: 0 | BM38: 0 | BN38: 0 | BO38: 0 | BP38: 0 | BQ38: 0 | BR38: 0 | BS38: 0 | BT38: 0 | BU38: 0 | BV38: 0 | BW38: 0 | CB38: 0
A39: =ROW(Source!A68) -> 68 | B39: 23104213 | C39: 23104640 | D39: 21601609 | E39: 1 | F39: 1 | G39: 1 | H39: 2 | I39: 400001 | J39: ФСЭМ (2009), сб.40,поз.0001 | K39: Автомобили бортовые, грузоподъемность до 5 т | L39: 1368 | N39: 1011 | O39: маш.-ч | P39: маш.-ч | Q39: 1 | Y39: 1.2 | AA39: 0 | AB39: 87.17 | AC39: 11.6 | AD39: 0 | AN39: 0 | AO39: 1 | AP39: 0 | AQ39: 0 | AR39: 0 | AT39: 1.2 | AV39: 0 | AW39: 2 | AX39: 23104670 | AY39: 1 | AZ39: 0 | BA39: 36 | BB39: 0 | BC39: 0 | BD39: 0 | BE39: 0 | BF39: 0 | BG39: 0 | BH39: 0 | BI39: 0 | BJ39: 0 | BK39: 0 | BL39: 0 | BM39: 0 | BN39: 0 | BO39: 0 | BP39: 0 | BQ39: 0 | BR39: 0 | BS39: 0 | BT39: 0 | BU39: 0 | BV39: 0 | BW39: 0 | CB39: 0
A40: =ROW(Source!A68) -> 68 | B40: 23104213 | C40: 23104640 | D40: 21538443 | E40: 1 | F40: 1 | G40: 1 | H40: 3 | I40: 101-0091 | J40: ФССЦ (2010) ч.1, раздел01, поз.0091 | K40: Болты с шестигранной головкой диаметром резьбы 12 (14) мм | L40: 1348 | N40: 1009 | O40: т | P40: т | Q40: 1000 | Y40: 0.00454 | AA40: 12606 | AB40: 0 | AC40: 0 | AD40: 0 | AN40: 0 | AO40: 1 | AP40: 0 | AQ40: 0 | AR40: 0 | AT40: 0.00454 | AV40: 0 | AW40: 2 | AX40: 23104671 | AY40: 1 | AZ40: 0 | BA40: 37 | BB40: 0 | BC40: 0 | BD40: 0 | BE40: 0 | BF40: 0 | BG40: 0 | BH40: 0 | BI40: 0 | BJ40: 0 | BK40: 0 | BL40: 0 | BM40: 0 | BN40: 0 | BO40: 0 | BP40: 0 | BQ40: 0 | BR40: 0 | BS40: 0 | BT40: 0 | BU40: 0 | BV40: 0 | BW40: 0 | CB40: 0
A41: =ROW(Source!A68) -> 68 | B41: 23104213 | C41: 23104640 | D41: 21538874 | E41: 1 | F41: 1 | G41: 1 | H41: 3 | I41: 101-0324 | J41: ФССЦ (2010) ч.1, раздел01, поз.0324 | K41: Кислород технический газообразный | L41: 1339 | N41: 1007 | O41: м3 | P41: м3 | Q41: 1 | Y41: 2.42 | AA41: 6.22 | AB41: 0 | AC41: 0 | AD41: 0 | AN41: 0 | AO41: 1 | AP41: 0 | AQ41: 0 | AR41: 0 | AT41: 2.42 | AV41: 0 | AW41: 2 | AX41: 23104672 | AY41: 1 | AZ41: 0 | BA41: 38 | BB41: 0 | BC41: 0 | BD41: 0 | BE41: 0 | BF41: 0 | BG41: 0 | BH41: 0 | BI41: 0 | BJ41: 0 | BK41: 0 | BL41: 0 | BM41: 0 | BN41: 0 | BO41: 0 | BP41: 0 | BQ41: 0 | BR41: 0 | BS41: 0 | BT41: 0 | BU41: 0 | BV41: 0 | BW41: 0 | CB41: 0
A42: =ROW(Source!A68) -> 68 | B42: 23104213 | C42: 23104640 | D42: 21539802 | E42: 1 | F42: 1 | G42: 1 | H42: 3 | I42: 101-0816 | J42: ФССЦ (2010) ч.1, раздел01, поз.0816 | K42: Проволока светлая диаметром 1,1 мм | L42: 1348 | N42: 1009 | O42: т | P42: т | Q42: 1000 | Y42: 0.00012 | AA42: 10200 | AB42: 0 | AC42: 0 | AD42: 0 | AN42: 0 | AO42: 1 | AP42: 0 | AQ42: 0 | AR42: 0 | AT42: 0.00012 | AV42: 0 | AW42: 2 | AX42: 23104673 | AY42: 1 | AZ42: 0 | BA42: 39 | BB42: 0 | BC42: 0 | BD42: 0 | BE42: 0 | BF42: 0 | BG42: 0 | BH42: 0 | BI42: 0 | BJ42: 0 | BK42: 0 | BL42: 0 | BM42: 0 | BN42: 0 | BO42: 0 | BP42: 0 | BQ42: 0 | BR42: 0 | BS42: 0 | BT42: 0 | BU42: 0 | BV42: 0 | BW42: 0 | CB42: 0
A43: =ROW(Source!A68) -> 68 | B43: 23104213 | C43: 23104640 | D43: 21541644 | E43: 1 | F43: 1 | G43: 1 | H43: 3 | I43: 101-2041 | J43: ФССЦ (2010) ч.1, раздел01, поз.2041 | K43: Шайбы оцинкованные, диаметр 6 мм | L43: 1346 | N43: 1009 | O43: кг | P43: кг | Q43: 1 | Y43: 0.62 | AA43: 27.72 | AB43: 0 | AC43: 0 | AD43: 0 | AN43: 0 | AO43: 1 | AP43: 0 | AQ43: 0 | AR43: 0 | AT43: 0.62 | AV43: 0 | AW43: 2 | AX43: 23104674 | AY43: 1 | AZ43: 0 | BA43: 40 | BB43: 0 | BC43: 0 | BD43: 0 | BE43: 0 | BF43: 0 | BG43: 0 | BH43: 0 | BI43: 0 | BJ43: 0 | BK43: 0 | BL43: 0 | BM43: 0 | BN43: 0 | BO43: 0 | BP43: 0 | BQ43: 0 | BR43: 0 | BS43: 0 | BT43: 0 | BU43: 0 | BV43: 0 | BW43: 0 | CB43: 0
A44: =ROW(Source!A68) -> 68 | B44: 23104213 | C44: 23104640 | D44: 21619548 | E44: 1 | F44: 1 | G44: 1 | H44: 3 | I44: 111-0109 | J44: ФССЦ (2010) ч.1, раздел11, поз.0109 | K44: Бирки маркировочные пластмассовые | L44: 1355 | N44: 1010 | O44: 100 шт. | P44: 100 шт. | Q44: 100 | Y44: 0.7 | AA44: 30.74 | AB44: 0 | AC44: 0 | AD44: 0 | AN44: 0 | AO44: 1 | AP44: 0 | AQ44: 0 | AR44: 0 | AT44: 0.7 | AV44: 0 | AW44: 2 | AX44: 23104675 | AY44: 1 | AZ44: 0 | BA44: 41 | BB44: 0 | BC44: 0 | BD44: 0 | BE44: 0 | BF44: 0 | BG44: 0 | BH44: 0 | BI44: 0 | BJ44: 0 | BK44: 0 | BL44: 0 | BM44: 0 | BN44: 0 | BO44: 0 | BP44: 0 | BQ44: 0 | BR44: 0 | BS44: 0 | BT44: 0 | BU44: 0 | BV44: 0 | BW44: 0 | CB44: 0
A45: =ROW(Source!A68) -> 68 | B45: 23104213 | C45: 23104640 | D45: 21565569 | E45: 1 | F45: 1 | G45: 1 | H45: 3 | I45: 301-3347 | J45: ФССЦ (2010) ч.3, раздел01, поз.3347 | K45: Заглушки стальные для труб диаметром 25 мм | L45: 1354 | N45: 1010 | O45: шт. | P45: шт. | Q45: 1 | Y45: 50 | AA45: 6.45 | AB45: 0 | AC45: 0 | AD45: 0 | AN45: 0 | AO45: 1 | AP45: 0 | AQ45: 0 | AR45: 0 | AT45: 50 | AV45: 0 | AW45: 2 | AX45: 23104676 | AY45: 1 | AZ45: 0 | BA45: 42 | BB45: 0 | BC45: 0 | BD45: 0 | BE45: 0 | BF45: 0 | BG45: 0 | BH45: 0 | BI45: 0 | BJ45: 0 | BK45: 0 | BL45: 0 | BM45: 0 | BN45: 0 | BO45: 0 | BP45: 0 | BQ45: 0 | BR45: 0 | BS45: 0 | BT45: 0 | BU45: 0 | BV45: 0 | BW45: 0 | CB45: 0
A46: =ROW(Source!A68) -> 68 | B46: 23104213 | C46: 23104640 | D46: 21572697 | E46: 1 | F46: 1 | G46: 1 | H46: 3 | I46: 302-3235 | J46: ФССЦ (2010) ч.3, раздел02, поз.3235 | K46: Контргайка для трубных проводок из водогазопроводных труб, диаметр условного прохода 25 мм | L46: 1354 | N46: 1010 | O46: шт. | P46: шт. | Q46: 1 | Y46: 255 | AA46: 6.85 | AB46: 0 | AC46: 0 | AD46: 0 | AN46: 0 | AO46: 1 | AP46: 0 | AQ46: 0 | AR46: 0 | AT46: 255 | AV46: 0 | AW46: 2 | AX46: 23104677 | AY46: 1 | AZ46: 0 | BA46: 43 | BB46: 0 | BC46: 0 | BD46: 0 | BE46: 0 | BF46: 0 | BG46: 0 | BH46: 0 | BI46: 0 | BJ46: 0 | BK46: 0 | BL46: 0 | BM46: 0 | BN46: 0 | BO46: 0 | BP46: 0 | BQ46: 0 | BR46: 0 | BS46: 0 | BT46: 0 | BU46: 0 | BV46: 0 | BW46: 0 | CB46: 0
A47: =ROW(Source!A68) -> 68 | B47: 23104213 | C47: 23104640 | D47: 21572709 | E47: 1 | F47: 1 | G47: 1 | H47: 3 | I47: 302-3246 | J47: ФССЦ (2010) ч.3, раздел02, поз.3246 | K47: Угольники прямые | L47: 1358 | N47: 1010 | O47: 10 шт. | P47: 10 шт. | Q47: 10 | Y47: 25.5 | AA47: 250 | AB47: 0 | AC47: 0 | AD47: 0 | AN47: 0 | AO47: 1 | AP47: 0 | AQ47: 0 | AR47: 0 | AT47: 25.5 | AV47: 0 | AW47: 2 | AX47: 23104678 | AY47: 1 | AZ47: 0 | BA47: 44 | BB47: 0 | BC47: 0 | BD47: 0 | BE47: 0 | BF47: 0 | BG47: 0 | BH47: 0 | BI47: 0 | BJ47: 0 | BK47: 0 | BL47: 0 | BM47: 0 | BN47: 0 | BO47: 0 | BP47: 0 | BQ47: 0 | BR47: 0 | BS47: 0 | BT47: 0 | BU47: 0 | BV47: 0 | BW47: 0 | CB47: 0
A48: =ROW(Source!A68) -> 68 | B48: 23104213 | C48: 23104640 | D48: 21586826 | E48: 1 | F48: 1 | G48: 1 | H48: 3 | I48: 411-0002 | J48: ФССЦ (2010) ч.4, раздел11, поз.0002 | K48: Вода водопроводная | L48: 1339 | N48: 1007 | O48: м3 | P48: м3 | Q48: 1 | Y48: 0.29 | AA48: 3.15 | AB48: 0 | AC48: 0 | AD48: 0 | AN48: 0 | AO48: 1 | AP48: 0 | AQ48: 0 | AR48: 0 | AT48: 0.29 | AV48: 0 | AW48: 2 | AX48: 23104679 | AY48: 1 | AZ48: 0 | BA48: 45 | BB48: 0 | BC48: 0 | BD48: 0 | BE48: 0 | BF48: 0 | BG48: 0 | BH48: 0 | BI48: 0 | BJ48: 0 | BK48: 0 | BL48: 0 | BM48: 0 | BN48: 0 | BO48: 0 | BP48: 0 | BQ48: 0 | BR48: 0 | BS48: 0 | BT48: 0 | BU48: 0 | BV48: 0 | BW48: 0 | CB48: 0
A49: =ROW(Source!A68) -> 68 | B49: 23104213 | C49: 23104640 | D49: 21632145 | E49: 1 | F49: 1 | G49: 1 | H49: 3 | I49: 507-2838 | J49: ФССЦ (2010) ч.5, раздел07, поз.2838 | K49: Хомутики для крепления труб | L49: 1355 | N49: 1010 | O49: 100 шт. | P49: 100 шт. | Q49: 100 | Y49: 0.683 | AA49: 150 | AB49: 0 | AC49: 0 | AD49: 0 | AN49: 0 | AO49: 1 | AP49: 0 | AQ49: 0 | AR49: 0 | AT49: 0.683 | AV49: 0 | AW49: 2 | AX49: 23104680 | AY49: 1 | AZ49: 0 | BA49: 46 | BB49: 0 | BC49: 0 | BD49: 0 | BE49: 0 | BF49: 0 | BG49: 0 | BH49: 0 | BI49: 0 | BJ49: 0 | BK49: 0 | BL49: 0 | BM49: 0 | BN49: 0 | BO49: 0 | BP49: 0 | BQ49: 0 | BR49: 0 | BS49: 0 | BT49: 0 | BU49: 0 | BV49: 0 | BW49: 0 | CB49: 0
A50: =ROW(Source!A68) -> 68 | B50: 23104213 | C50: 23104640 | D50: 21636463 | E50: 1 | F50: 1 | G50: 1 | H50: 3 | I50: 509-0113 | J50: ФССЦ (2010) ч.5, раздел09, поз.0113 | K50: Скобы СД | L50: 1358 | N50: 1010 | O50: 10 шт. | P50: 10 шт. | Q50: 10 | Y50: 27 | AA50: 6.66 | AB50: 0 | AC50: 0 | AD50: 0 | AN50: 0 | AO50: 1 | AP50: 0 | AQ50: 0 | AR50: 0 | AT50: 27 | AV50: 0 | AW50: 2 | AX50: 23104681 | AY50: 1 | AZ50: 0 | BA50: 47 | BB50: 0 | BC50: 0 | BD50: 0 | BE50: 0 | BF50: 0 | BG50: 0 | BH50: 0 | BI50: 0 | BJ50: 0 | BK50: 0 | BL50: 0 | BM50: 0 | BN50: 0 | BO50: 0 | BP50: 0 | BQ50: 0 | BR50: 0 | BS50: 0 | BT50: 0 | BU50: 0 | BV50: 0 | BW50: 0 | CB50: 0
A51: =ROW(Source!A68) -> 68 | B51: 23104213 | C51: 23104640 | D51: 21598581 | E51: 1 | F51: 1 | G51: 1 | H51: 3 | I51: 999-9950 | J51: ФССЦ (2010) ч.9, раздел99, поз.9950 | K51: Вспомогательные материалы (2% от ОЗП) | L51: 9308174 | N51: 1009 | O51: т | P51: 1 т | Q51: 1000 | Y51: 85.23 | AA51: 1 | AB51: 0 | AC51: 0 | AD51: 0 | AN51: 0 | AO51: 1 | AP51: 0 | AQ51: 0 | AR51: 0 | AT51: 85.23 | AV51: 0 | AW51: 2 | AX51: 23104682 | AY51: 1 | AZ51: 0 | BA51: 48 | BB51: 0 | BC51: 0 | BD51: 0 | BE51: 0 | BF51: 0 | BG51: 0 | BH51: 0 | BI51: 0 | BJ51: 0 | BK51: 0 | BL51: 0 | BM51: 0 | BN51: 0 | BO51: 0 | BP51: 0 | BQ51: 0 | BR51: 0 | BS51: 0 | BT51: 0 | BU51: 0 | BV51: 0 | BW51: 0 | CB51: 0
A52: =ROW(Source!A71) -> 71 | B52: 23104213 | C52: 23104687 | D52: 9699766 | E52: 1 | F52: 1 | G52: 1 | H52: 1 | I52: 1-1053 | K52: Рабочий строитель среднего разряда 5,3 | L52: 1369 | N52: 1013 | O52: чел.-ч | P52: чел.-ч | Q52: 1 | Y52: 5.01 | AA52: 0 | AB52: 0 | AC52: 0 | AD52: 11.64 | AN52: 0 | AO52: 1 | AP52: 0 | AQ52: 0 | AR52: 0 | AT52: 5.01 | AV52: 1 | AW52: 2 | AX52: 23104694 | AY52: 1 | AZ52: 0 | BA52: 49 | BB52: 0 | BC52: 0 | BD52: 0 | BE52: 0 | BF52: 0 | BG52: 0 | BH52: 0 | BI52: 0 | BJ52: 0 | BK52: 0 | BL52: 0 | BM52: 0 | BN52: 0 | BO52: 0 | BP52: 0 | BQ52: 0 | BR52: 0 | BS52: 0 | BT52: 0 | BU52: 0 | BV52: 0 | BW52: 0 | CB52: 0
A53: =ROW(Source!A71) -> 71 | B53: 23104213 | C53: 23104687 | D53: 21599230 | E53: 1 | F53: 1 | G53: 1 | H53: 2 | I53: 042900 | J53: ФСЭМ (2009), сб.04,поз.2900 | K53: Установки для гидравлических испытаний трубопроводов, давление нагнетания низкое 0,1 МПа (1 кгс/см2), высокое 10 МПа (100 кгс/см2) | L53: 1368 | N53: 1011 | O53: маш.-ч | P53: маш.-ч | Q53: 1 | Y53: 1.5 | AA53: 0 | AB53: 29.67 | AC53: 0 | AD53: 0 | AN53: 0 | AO53: 1 | AP53: 0 | AQ53: 0 | AR53: 0 | AT53: 1.5 | AV53: 0 | AW53: 2 | AX53: 23104695 | AY53: 1 | AZ53: 0 | BA53: 50 | BB53: 0 | BC53: 0 | BD53: 0 | BE53: 0 | BF53: 0 | BG53: 0 | BH53: 0 | BI53: 0 | BJ53: 0 | BK53: 0 | BL53: 0 | BM53: 0 | BN53: 0 | BO53: 0 | BP53: 0 | BQ53: 0 | BR53: 0 | BS53: 0 | BT53: 0 | BU53: 0 | BV53: 0 | BW53: 0 | CB53: 0
A54: =ROW(Source!A71) -> 71 | B54: 23104213 | C54: 23104687 | D54: 21538992 | E54: 1 | F54: 1 | G54: 1 | H54: 3 | I54: 101-0388 | J54: ФССЦ (2010) ч.1, раздел01, поз.0388 | K54: Краски масляные земляные марки МА-0115 мумия, сурик железный | L54: 1348 | N54: 1009 | O54: т | P54: т | Q54: 1000 | Y54: 5e-05 | AA54: 15119 | AB54: 0 | AC54: 0 | AD54: 0 | AN54: 0 | AO54: 1 | AP54: 0 | AQ54: 0 | AR54: 0 | AT54: 5e-05 | AV54: 0 | AW54: 2 | AX54: 23104696 | AY54: 1 | AZ54: 0 | BA54: 51 | BB54: 0 | BC54: 0 | BD54: 0 | BE54: 0 | BF54: 0 | BG54: 0 | BH54: 0 | BI54: 0 | BJ54: 0 | BK54: 0 | BL54: 0 | BM54: 0 | BN54: 0 | BO54: 0 | BP54: 0 | BQ54: 0 | BR54: 0 | BS54: 0 | BT54: 0 | BU54: 0 | BV54: 0 | BW54: 0 | CB54: 0
A55: =ROW(Source!A71) -> 71 | B55: 23104213 | C55: 23104687 | D55: 21539432 | E55: 1 | F55: 1 | G55: 1 | H55: 3 | I55: 101-0628 | J55: ФССЦ (2010) ч.1, раздел01, поз.0628 | K55: Олифа комбинированная, марки К-3 | L55: 1348 | N55: 1009 | O55: т | P55: т | Q55: 1000 | Y55: 2e-05 | AA55: 16950 | AB55: 0 | AC55: 0 | AD55: 0 | AN55: 0 | AO55: 1 | AP55: 0 | AQ55: 0 | AR55: 0 | AT55: 2e-05 | AV55: 0 | AW55: 2 | AX55: 23104697 | AY55: 1 | AZ55: 0 | BA55: 52 | BB55: 0 | BC55: 0 | BD55: 0 | BE55: 0 | BF55: 0 | BG55: 0 | BH55: 0 | BI55: 0 | BJ55: 0 | BK55: 0 | BL55: 0 | BM55: 0 | BN55: 0 | BO55: 0 | BP55: 0 | BQ55: 0 | BR55: 0 | BS55: 0 | BT55: 0 | BU55: 0 | BV55: 0 | BW55: 0 | CB55: 0
A56: =ROW(Source!A71) -> 71 | B56: 23104213 | C56: 23104687 | D56: 21541172 | E56: 1 | F56: 1 | G56: 1 | H56: 3 | I56: 101-1669 | J56: ФССЦ (2010) ч.1, раздел01, поз.1669 | K56: Очес льняной | L56: 1346 | N56: 1009 | O56: кг | P56: кг | Q56: 1 | Y56: 0.02 | AA56: 37.29 | AB56: 0 | AC56: 0 | AD56: 0 | AN56: 0 | AO56: 1 | AP56: 0 | AQ56: 0 | AR56: 0 | AT56: 0.02 | AV56: 0 | AW56: 2 | AX56: 23104698 | AY56: 1 | AZ56: 0 | BA56: 53 | BB56: 0 | BC56: 0 | BD56: 0 | BE56: 0 | BF56: 0 | BG56: 0 | BH56: 0 | BI56: 0 | BJ56: 0 | BK56: 0 | BL56: 0 | BM56: 0 | BN56: 0 | BO56: 0 | BP56: 0 | BQ56: 0 | BR56: 0 | BS56: 0 | BT56: 0 | BU56: 0 | BV56: 0 | BW56: 0 | CB56: 0
A57: =ROW(Source!A71) -> 71 | B57: 23104213 | C57: 23104687 | D57: 21586825 | E57: 1 | F57: 1 | G57: 1 | H57: 3 | I57: 411-0001 | J57: ФССЦ (2010) ч.4, раздел11, поз.0001 | K57: Вода | L57: 1339 | N57: 1007 | O57: м3 | P57: м3 | Q57: 1 | Y57: 1 | AA57: 2.44 | AB57: 0 | AC57: 0 | AD57: 0 | AN57: 0 | AO57: 1 | AP57: 0 | AQ57: 0 | AR57: 0 | AT57: 1 | AV57: 0 | AW57: 2 | AX57: 23104699 | AY57: 1 | AZ57: 0 | BA57: 54 | BB57: 0 | BC57: 0 | BD57: 0 | BE57: 0 | BF57: 0 | BG57: 0 | BH57: 0 | BI57: 0 | BJ57: 0 | BK57: 0 | BL57: 0 | BM57: 0 | BN57: 0 | BO57: 0 | BP57: 0 | BQ57: 0 | BR57: 0 | BS57: 0 | BT57: 0 | BU57: 0 | BV57: 0 | BW57: 0 | CB57: 0
A58: =ROW(Source!A72) -> 72 | B58: 23104213 | C58: 23104700 | D58: 9415296 | E58: 1 | F58: 1 | G58: 1 | H58: 1 | I58: 1-1041 | K58: Рабочий строитель среднего разряда 4,1 | L58: 1369 | N58: 1013 | O58: чел.-ч | P58: чел.-ч | Q58: 1 | Y58: 72.16 | AA58: 0 | AB58: 0 | AC58: 0 | AD58: 9.76 | AN58: 0 | AO58: 1 | AP58: 0 | AQ58: 0 | AR58: 0 | AT58: 72.16 | AV58: 1 | AW58: 2 | AX58: 23104715 | AY58: 1 | AZ58: 0 | BA58: 55 | BB58: 0 | BC58: 0 | BD58: 0 | BE58: 0 | BF58: 0 | BG58: 0 | BH58: 0 | BI58: 0 | BJ58: 0 | BK58: 0 | BL58: 0 | BM58: 0 | BN58: 0 | BO58: 0 | BP58: 0 | BQ58: 0 | BR58: 0 | BS58: 0 | BT58: 0 | BU58: 0 | BV58: 0 | BW58: 0 | CB58: 0
A59: =ROW(Source!A72) -> 72 | B59: 23104213 | C59: 23104700 | D59: 121548 | E59: 1 | F59: 1 | G59: 1 | H59: 1 | I59: 2 | K59: Затраты труда машинистов | L59: 608254 | N59: 1013 | O59: чел.час | P59: чел.час | Q59: 1 | Y59: 0.23 | AA59: 0 | AB59: 0 | AC59: 0 | AD59: 0 | AN59: 0 | AO59: 1 | AP59: 0 | AQ59: 0 | AR59: 0 | AT59: 0.23 | AV59: 2 | AW59: 2 | AX59: 23104716 | AY59: 1 | AZ59: 0 | BA59: 56 | BB59: 0 | BC59: 0 | BD59: 0 | BE59: 0 | BF59: 0 | BG59: 0 | BH59: 0 | BI59: 0 | BJ59: 0 | BK59: 0 | BL59: 0 | BM59: 0 | BN59: 0 | BO59: 0 | BP59: 0 | BQ59: 0 | BR59: 0 | BS59: 0 | BT59: 0 | BU59: 0 | BV59: 0 | BW59: 0 | CB59: 0
A60: =ROW(Source!A72) -> 72 | B60: 23104213 | C60: 23104700 | D60: 21598697 | E60: 1 | F60: 1 | G60: 1 | H60: 2 | I60: 020129 | J60: ФСЭМ (2009), сб.02,поз.0129 | K60: Краны башенные при работе на других видах строительства 8 т | L60: 1368 | N60: 1011 | O60: маш.-ч | P60: маш.-ч | Q60: 1 | Y60: 0.15 | AA60: 0 | AB60: 86.4 | AC60: 13.5 | AD60: 0 | AN60: 0 | AO60: 1 | AP60: 0 | AQ60: 0 | AR60: 0 | AT60: 0.15 | AV60: 0 | AW60: 2 | AX60: 23104717 | AY60: 1 | AZ60: 0 | BA60: 57 | BB60: 0 | BC60: 0 | BD60: 0 | BE60: 0 | BF60: 0 | BG60: 0 | BH60: 0 | BI60: 0 | BJ60: 0 | BK60: 0 | BL60: 0 | BM60: 0 | BN60: 0 | BO60: 0 | BP60: 0 | BQ60: 0 | BR60: 0 | BS60: 0 | BT60: 0 | BU60: 0 | BV60: 0 | BW60: 0 | CB60: 0
A61: =ROW(Source!A72) -> 72 | B61: 23104213 | C61: 23104700 | D61: 21598847 | E61: 1 | F61: 1 | G61: 1 | H61: 2 | I61: 021141 | J61: ФСЭМ (2009), сб.02,поз.1141 | K61: Краны на автомобильном ходу при работе на других видах строительства 10 т | L61: 1368 | N61: 1011 | O61: маш.-ч | P61: маш.-ч | Q61: 1 | Y61: 0.08 | AA61: 0 | AB61: 111.99 | AC61: 13.5 | AD61: 0 | AN61: 0 | AO61: 1 | AP61: 0 | AQ61: 0 | AR61: 0 | AT61: 0.08 | AV61: 0 | AW61: 2 | AX61: 23104718 | AY61: 1 | AZ61: 0 | BA61: 58 | BB61: 0 | BC61: 0 | BD61: 0 | BE61: 0 | BF61: 0 | BG61: 0 | BH61: 0 | BI61: 0 | BJ61: 0 | BK61: 0 | BL61: 0 | BM61: 0 | BN61: 0 | BO61: 0 | BP61: 0 | BQ61: 0 | BR61: 0 | BS61: 0 | BT61: 0 | BU61: 0 | BV61: 0 | BW61: 0 | CB61: 0
A62: =ROW(Source!A72) -> 72 | B62: 23104213 | C62: 23104700 | D62: 21599190 | E62: 1 | F62: 1 | G62: 1 | H62: 2 | I62: 040504 | J62: ФСЭМ (2009), сб.04,поз.0504 | K62: Аппарат для газовой сварки и резки | L62: 1368 | N62: 1011 | O62: маш.-ч | P62: маш.-ч | Q62: 1 | Y62: 24.94 | AA62: 0 | AB62: 1.2 | AC62: 0 | AD62: 0 | AN62: 0 | AO62: 1 | AP62: 0 | AQ62: 0 | AR62: 0 | AT62: 24.94 | AV62: 0 | AW62: 2 | AX62: 23104719 | AY62: 1 | AZ62: 0 | BA62: 59 | BB62: 0 | BC62: 0 | BD62: 0 | BE62: 0 | BF62: 0 | BG62: 0 | BH62: 0 | BI62: 0 | BJ62: 0 | BK62: 0 | BL62: 0 | BM62: 0 | BN62: 0 | BO62: 0 | BP62: 0 | BQ62: 0 | BR62: 0 | BS62: 0 | BT62: 0 | BU62: 0 | BV62: 0 | BW62: 0 | CB62: 0
A63: =ROW(Source!A72) -> 72 | B63: 23104213 | C63: 23104700 | D63: 21601609 | E63: 1 | F63: 1 | G63: 1 | H63: 2 | I63: 400001 | J63: ФСЭМ (2009), сб.40,поз.0001 | K63: Автомобили бортовые, грузоподъемность до 5 т | L63: 1368 | N63: 1011 | O63: маш.-ч | P63: маш.-ч | Q63: 1 | Y63: 1.01 | AA63: 0 | AB63: 87.17 | AC63: 11.6 | AD63: 0 | AN63: 0 | AO63: 1 | AP63: 0 | AQ63: 0 | AR63: 0 | AT63: 1.01 | AV63: 0 | AW63: 2 | AX63: 23104720 | AY63: 1 | AZ63: 0 | BA63: 60 | BB63: 0 | BC63: 0 | BD63: 0 | BE63: 0 | BF63: 0 | BG63: 0 | BH63: 0 | BI63: 0 | BJ63: 0 | BK63: 0 | BL63: 0 | BM63: 0 | BN63: 0 | BO63: 0 | BP63: 0 | BQ63: 0 | BR63: 0 | BS63: 0 | BT63: 0 | BU63: 0 | BV63: 0 | BW63: 0 | CB63: 0
A64: =ROW(Source!A72) -> 72 | B64: 23104213 | C64: 23104700 | D64: 21538874 | E64: 1 | F64: 1 | G64: 1 | H64: 3 | I64: 101-0324 | J64: ФССЦ (2010) ч.1, раздел01, поз.0324 | K64: Кислород технический газообразный | L64: 1339 | N64: 1007 | O64: м3 | P64: м3 | Q64: 1 | Y64: 0.45 | AA64: 6.22 | AB64: 0 | AC64: 0 | AD64: 0 | AN64: 0 | AO64: 1 | AP64: 0 | AQ64: 0 | AR64: 0 | AT64: 0.45 | AV64: 0 | AW64: 2 | AX64: 23104721 | AY64: 1 | AZ64: 0 | BA64: 61 | BB64: 0 | BC64: 0 | BD64: 0 | BE64: 0 | BF64: 0 | BG64: 0 | BH64: 0 | BI64: 0 | BJ64: 0 | BK64: 0 | BL64: 0 | BM64: 0 | BN64: 0 | BO64: 0 | BP64: 0 | BQ64: 0 | BR64: 0 | BS64: 0 | BT64: 0 | BU64: 0 | BV64: 0 | BW64: 0 | CB64: 0
A65: =ROW(Source!A72) -> 72 | B65: 23104213 | C65: 23104700 | D65: 21539787 | E65: 1 | F65: 1 | G65: 1 | H65: 3 | I65: 101-0807 | J65: ФССЦ (2010) ч.1, раздел01, поз.0807 | K65: Проволока сварочная легированная диаметром 4 мм | L65: 1348 | N65: 1009 | O65: т | P65: т | Q65: 1000 | Y65: 0.0003 | AA65: 13560 | AB65: 0 | AC65: 0 | AD65: 0 | AN65: 0 | AO65: 1 | AP65: 0 | AQ65: 0 | AR65: 0 | AT65: 0.0003 | AV65: 0 | AW65: 2 | AX65: 23104722 | AY65: 1 | AZ65: 0 | BA65: 62 | BB65: 0 | BC65: 0 | BD65: 0 | BE65: 0 | BF65: 0 | BG65: 0 | BH65: 0 | BI65: 0 | BJ65: 0 | BK65: 0 | BL65: 0 | BM65: 0 | BN65: 0 | BO65: 0 | BP65: 0 | BQ65: 0 | BR65: 0 | BS65: 0 | BT65: 0 | BU65: 0 | BV65: 0 | BW65: 0 | CB65: 0
A66: =ROW(Source!A72) -> 72 | B66: 23104213 | C66: 23104700 | D66: 21541053 | E66: 1 | F66: 1 | G66: 1 | H66: 3 | I66: 101-1602 | J66: ФССЦ (2010) ч.1, раздел01, поз.1602 | K66: Ацетилен газообразный технический | L66: 1339 | N66: 1007 | O66: м3 | P66: м3 | Q66: 1 | Y66: 0.41 | AA66: 38.51 | AB66: 0 | AC66: 0 | AD66: 0 | AN66: 0 | AO66: 1 | AP66: 0 | AQ66: 0 | AR66: 0 | AT66: 0.41 | AV66: 0 | AW66: 2 | AX66: 23104723 | AY66: 1 | AZ66: 0 | BA66: 63 | BB66: 0 | BC66: 0 | BD66: 0 | BE66: 0 | BF66: 0 | BG66: 0 | BH66: 0 | BI66: 0 | BJ66: 0 | BK66: 0 | BL66: 0 | BM66: 0 | BN66: 0 | BO66: 0 | BP66: 0 | BQ66: 0 | BR66: 0 | BS66: 0 | BT66: 0 | BU66: 0 | BV66: 0 | BW66: 0 | CB66: 0
A67: =ROW(Source!A72) -> 72 | B67: 23104213 | C67: 23104700 | D67: 21571555 | E67: 1 | F67: 1 | G67: 1 | H67: 3 | I67: 301-9240 | J67: ФССЦ (2010) ч.3, раздел01, поз.9240 | K67: Крепления | L67: 1346 | N67: 1009 | O67: кг | P67: кг | Q67: 1 | Y67: 0 | AA67: 0 | AB67: 0 | AC67: 0 | AD67: 0 | AN67: 1 | AO67: 0 | AP67: 1 | AQ67: 0 | AR67: 0 | AT67: 0 | AV67: 0 | AW67: 2 | AX67: 23104724 | AY67: 1 | AZ67: 0 | BA67: 64 | BB67: 0 | BC67: 0 | BD67: 0 | BE67: 0 | BF67: 0 | BG67: 0 | BH67: 0 | BI67: 0 | BJ67: 0 | BK67: 0 | BL67: 0 | BM67: 0 | BN67: 0 | BO67: 0 | BP67: 0 | BQ67: 0 | BR67: 0 | BS67: 0 | BT67: 0 | BU67: 0 | BV67: 0 | BW67: 0 | CB67: 0
A68: =ROW(Source!A72) -> 72 | B68: 23104213 | C68: 23104700 | D68: 21572312 | E68: 1 | F68: 1 | G68: 1 | H68: 3 | I68: 302-1318 | J68: ФССЦ (2010) ч.3, раздел02, поз.1318 | K68: Трубопроводы из стальных электросварных труб с гильзами для отопления и водоснабжения, наружный диаметр 76 мм, толщина стенки 3,5 мм | L68: 1301 | N68: 1003 | O68: м | P68: м | Q68: 1 | Y68: 100 | AA68: 53.12 | AB68: 0 | AC68: 0 | AD68: 0 | AN68: 0 | AO68: 1 | AP68: 0 | AQ68: 0 | AR68: 0 | AT68: 100 | AV68: 0 | AW68: 2 | AX68: 23104725 | AY68: 1 | AZ68: 0 | BA68: 65 | BB68: 0 | BC68: 0 | BD68: 0 | BE68: 0 | BF68: 0 | BG68: 0 | BH68: 0 | BI68: 0 | BJ68: 0 | BK68: 0 | BL68: 0 | BM68: 0 | BN68: 0 | BO68: 0 | BP68: 0 | BQ68: 0 | BR68: 0 | BS68: 0 | BT68: 0 | BU68: 0 | BV68: 0 | BW68: 0 | CB68: 0
A69: =ROW(Source!A72) -> 72 | B69: 23104213 | C69: 23104700 | D69: 21574009 | E69: 1 | F69: 1 | G69: 1 | H69: 3 | I69: 402-0006 | J69: ФССЦ (2010) ч.4, раздел02, поз.0006 | K69: Раствор готовый кладочный цементный марки 200 | L69: 1339 | N69: 1007 | O69: м3 | P69: м3 | Q69: 1 | Y69: 0.012 | AA69: 600 | AB69: 0 | AC69: 0 | AD69: 0 | AN69: 0 | AO69: 1 | AP69: 0 | AQ69: 0 | AR69: 0 | AT69: 0.012 | AV69: 0 | AW69: 2 | AX69: 23104726 | AY69: 1 | AZ69: 0 | BA69: 66 | BB69: 0 | BC69: 0 | BD69: 0 | BE69: 0 | BF69: 0 | BG69: 0 | BH69: 0 | BI69: 0 | BJ69: 0 | BK69: 0 | BL69: 0 | BM69: 0 | BN69: 0 | BO69: 0 | BP69: 0 | BQ69: 0 | BR69: 0 | BS69: 0 | BT69: 0 | BU69: 0 | BV69: 0 | BW69: 0 | CB69: 0
A70: =ROW(Source!A72) -> 72 | B70: 23104213 | C70: 23104700 | D70: 21585603 | E70: 1 | F70: 1 | G70: 1 | H70: 3 | I70: 405-1601 | J70: ФССЦ (2010) ч.4, раздел05, поз.1601 | K70: Известь строительная негашеная хлорная, марки А | L70: 1346 | N70: 1009 | O70: кг | P70: кг | Q70: 1 | Y70: 0.0166 | AA70: 2.15 | AB70: 0 | AC70: 0 | AD70: 0 | AN70: 0 | AO70: 1 | AP70: 0 | AQ70: 0 | AR70: 0 | AT70: 0.0166 | AV70: 0 | AW70: 2 | AX70: 23104727 | AY70: 1 | AZ70: 0 | BA70: 67 | BB70: 0 | BC70: 0 | BD70: 0 | BE70: 0 | BF70: 0 | BG70: 0 | BH70: 0 | BI70: 0 | BJ70: 0 | BK70: 0 | BL70: 0 | BM70: 0 | BN70: 0 | BO70: 0 | BP70: 0 | BQ70: 0 | BR70: 0 | BS70: 0 | BT70: 0 | BU70: 0 | BV70: 0 | BW70: 0 | CB70: 0
A71: =ROW(Source!A72) -> 72 | B71: 23104213 | C71: 23104700 | D71: 21586825 | E71: 1 | F71: 1 | G71: 1 | H71: 3 | I71: 411-0001 | J71: ФССЦ (2010) ч.4, раздел11, поз.0001 | K71: Вода | L71: 1339 | N71: 1007 | O71: м3 | P71: м3 | Q71: 1 | Y71: 4.64 | AA71: 2.44 | AB71: 0 | AC71: 0 | AD71: 0 | AN71: 0 | AO71: 1 | AP71: 0 | AQ71: 0 | AR71: 0 | AT71: 4.64 | AV71: 0 | AW71: 2 | AX71: 23104728 | AY71: 1 | AZ71: 0 | BA71: 68 | BB71: 0 | BC71: 0 | BD71: 0 | BE71: 0 | BF71: 0 | BG71: 0 | BH71: 0 | BI71: 0 | BJ71: 0 | BK71: 0 | BL71: 0 | BM71: 0 | BN71: 0 | BO71: 0 | BP71: 0 | BQ71: 0 | BR71: 0 | BS71: 0 | BT71: 0 | BU71: 0 | BV71: 0 | BW71: 0 | CB71: 0
A72: =ROW(Source!A74) -> 74 | B72: 23104213 | C72: 23104731 | D72: 9415296 | E72: 1 | F72: 1 | G72: 1 | H72: 1 | I72: 1-1041 | K72: Рабочий строитель среднего разряда 4,1 | L72: 1369 | N72: 1013 | O72: чел.-ч | P72: чел.-ч | Q72: 1 | Y72: 79.75 | AA72: 0 | AB72: 0 | AC72: 0 | AD72: 9.76 | AN72: 0 | AO72: 1 | AP72: 0 | AQ72: 0 | AR72: 0 | AT72: 79.75 | AV72: 1 | AW72: 2 | AX72: 23104746 | AY72: 1 | AZ72: 0 | BA72: 69 | BB72: 0 | BC72: 0 | BD72: 0 | BE72: 0 | BF72: 0 | BG72: 0 | BH72: 0 | BI72: 0 | BJ72: 0 | BK72: 0 | BL72: 0 | BM72: 0 | BN72: 0 | BO72: 0 | BP72: 0 | BQ72: 0 | BR72: 0 | BS72: 0 | BT72: 0 | BU72: 0 | BV72: 0 | BW72: 0 | CB72: 0
A73: =ROW(Source!A74) -> 74 | B73: 23104213 | C73: 23104731 | D73: 121548 | E73: 1 | F73: 1 | G73: 1 | H73: 1 | I73: 2 | K73: Затраты труда машинистов | L73: 608254 | N73: 1013 | O73: чел.час | P73: чел.час | Q73: 1 | Y73: 0.37 | AA73: 0 | AB73: 0 | AC73: 0 | AD73: 0 | AN73: 0 | AO73: 1 | AP73: 0 | AQ73: 0 | AR73: 0 | AT73: 0.37 | AV73: 2 | AW73: 2 | AX73: 23104747 | AY73: 1 | AZ73: 0 | BA73: 70 | BB73: 0 | BC73: 0 | BD73: 0 | BE73: 0 | BF73: 0 | BG73: 0 | BH73: 0 | BI73: 0 | BJ73: 0 | BK73: 0 | BL73: 0 | BM73: 0 | BN73: 0 | BO73: 0 | BP73: 0 | BQ73: 0 | BR73: 0 | BS73: 0 | BT73: 0 | BU73: 0 | BV73: 0 | BW73: 0 | CB73: 0
A74: =ROW(Source!A74) -> 74 | B74: 23104213 | C74: 23104731 | D74: 21598697 | E74: 1 | F74: 1 | G74: 1 | H74: 2 | I74: 020129 | J74: ФСЭМ (2009), сб.02,поз.0129 | K74: Краны башенные при работе на других видах строительства 8 т | L74: 1368 | N74: 1011 | O74: маш.-ч | P74: маш.-ч | Q74: 1 | Y74: 0.27 | AA74: 0 | AB74: 86.4 | AC74: 13.5 | AD74: 0 | AN74: 0 | AO74: 1 | AP74: 0 | AQ74: 0 | AR74: 0 | AT74: 0.27 | AV74: 0 | AW74: 2 | AX74: 23104748 | AY74: 1 | AZ74: 0 | BA74: 71 | BB74: 0 | BC74: 0 | BD74: 0 | BE74: 0 | BF74: 0 | BG74: 0 | BH74: 0 | BI74: 0 | BJ74: 0 | BK74: 0 | BL74: 0 | BM74: 0 | BN74: 0 | BO74: 0 | BP74: 0 | BQ74: 0 | BR74: 0 | BS74: 0 | BT74: 0 | BU74: 0 | BV74: 0 | BW74: 0 | CB74: 0
A75: =ROW(Source!A74) -> 74 | B75: 23104213 | C75: 23104731 | D75: 21598847 | E75: 1 | F75: 1 | G75: 1 | H75: 2 | I75: 021141 | J75: ФСЭМ (2009), сб.02,поз.1141 | K75: Краны на автомобильном ходу при работе на других видах строительства 10 т | L75: 1368 | N75: 1011 | O75: маш.-ч | P75: маш.-ч | Q75: 1 | Y75: 0.1 | AA75: 0 | AB75: 111.99 | AC75: 13.5 | AD75: 0 | AN75: 0 | AO75: 1 | AP75: 0 | AQ75: 0 | AR75: 0 | AT75: 0.1 | AV75: 0 | AW75: 2 | AX75: 23104749 | AY75: 1 | AZ75: 0 | BA75: 72 | BB75: 0 | BC75: 0 | BD75: 0 | BE75: 0 | BF75: 0 | BG75: 0 | BH75: 0 | BI75: 0 | BJ75: 0 | BK75: 0 | BL75: 0 | BM75: 0 | BN75: 0 | BO75: 0 | BP75: 0 | BQ75: 0 | BR75: 0 | BS75: 0 | BT75: 0 | BU75: 0 | BV75: 0 | BW75: 0 | CB75: 0
A76: =ROW(Source!A74) -> 74 | B76: 23104213 | C76: 23104731 | D76: 21599190 | E76: 1 | F76: 1 | G76: 1 | H76: 2 | I76: 040504 | J76: ФСЭМ (2009), сб.04,поз.0504 | K76: Аппарат для газовой сварки и резки | L76: 1368 | N76: 1011 | O76: маш.-ч | P76: маш.-ч | Q76: 1 | Y76: 34.92 | AA76: 0 | AB76: 1.2 | AC76: 0 | AD76: 0 | AN76: 0 | AO76: 1 | AP76: 0 | AQ76: 0 | AR76: 0 | AT76: 34.92 | AV76: 0 | AW76: 2 | AX76: 23104750 | AY76: 1 | AZ76: 0 | BA76: 73 | BB76: 0 | BC76: 0 | BD76: 0 | BE76: 0 | BF76: 0 | BG76: 0 | BH76: 0 | BI76: 0 | BJ76: 0 | BK76: 0 | BL76: 0 | BM76: 0 | BN76: 0 | BO76: 0 | BP76: 0 | BQ76: 0 | BR76: 0 | BS76: 0 | BT76: 0 | BU76: 0 | BV76: 0 | BW76: 0 | CB76: 0
A77: =ROW(Source!A74) -> 74 | B77: 23104213 | C77: 23104731 | D77: 21601609 | E77: 1 | F77: 1 | G77: 1 | H77: 2 | I77: 400001 | J77: ФСЭМ (2009), сб.40,поз.0001 | K77: Автомобили бортовые, грузоподъемность до 5 т | L77: 1368 | N77: 1011 | O77: маш.-ч | P77: маш.-ч | Q77: 1 | Y77: 1.4 | AA77: 0 | AB77: 87.17 | AC77: 11.6 | AD77: 0 | AN77: 0 | AO77: 1 | AP77: 0 | AQ77: 0 | AR77: 0 | AT77: 1.4 | AV77: 0 | AW77: 2 | AX77: 23104751 | AY77: 1 | AZ77: 0 | BA77: 74 | BB77: 0 | BC77: 0 | BD77: 0 | BE77: 0 | BF77: 0 | BG77: 0 | BH77: 0 | BI77: 0 | BJ77: 0 | BK77: 0 | BL77: 0 | BM77: 0 | BN77: 0 | BO77: 0 | BP77: 0 | BQ77: 0 | BR77: 0 | BS77: 0 | BT77: 0 | BU77: 0 | BV77: 0 | BW77: 0 | CB77: 0
A78: =ROW(Source!A74) -> 74 | B78: 23104213 | C78: 23104731 | D78: 21538874 | E78: 1 | F78: 1 | G78: 1 | H78: 3 | I78: 101-0324 | J78: ФССЦ (2010) ч.1, раздел01, поз.0324 | K78: Кислород технический газообразный | L78: 1339 | N78: 1007 | O78: м3 | P78: м3 | Q78: 1 | Y78: 0.67 | AA78: 6.22 | AB78: 0 | AC78: 0 | AD78: 0 | AN78: 0 | AO78: 1 | AP78: 0 | AQ78: 0 | AR78: 0 | AT78: 0.67 | AV78: 0 | AW78: 2 | AX78: 23104752 | AY78: 1 | AZ78: 0 | BA78: 75 | BB78: 0 | BC78: 0 | BD78: 0 | BE78: 0 | BF78: 0 | BG78: 0 | BH78: 0 | BI78: 0 | BJ78: 0 | BK78: 0 | BL78: 0 | BM78: 0 | BN78: 0 | BO78: 0 | BP78: 0 | BQ78: 0 | BR78: 0 | BS78: 0 | BT78: 0 | BU78: 0 | BV78: 0 | BW78: 0 | CB78: 0
A79: =ROW(Source!A74) -> 74 | B79: 23104213 | C79: 23104731 | D79: 21539787 | E79: 1 | F79: 1 | G79: 1 | H79: 3 | I79: 101-0807 | J79: ФССЦ (2010) ч.1, раздел01, поз.0807 | K79: Проволока сварочная легированная диаметром 4 мм | L79: 1348 | N79: 1009 | O79: т | P79: т | Q79: 1000 | Y79: 0.0005 | AA79: 13560 | AB79: 0 | AC79: 0 | AD79: 0 | AN79: 0 | AO79: 1 | AP79: 0 | AQ79: 0 | AR79: 0 | AT79: 0.0005 | AV79: 0 | AW79: 2 | AX79: 23104753 | AY79: 1 | AZ79: 0 | BA79: 76 | BB79: 0 | BC79: 0 | BD79: 0 | BE79: 0 | BF79: 0 | BG79: 0 | BH79: 0 | BI79: 0 | BJ79: 0 | BK79: 0 | BL79: 0 | BM79: 0 | BN79: 0 | BO79: 0 | BP79: 0 | BQ79: 0 | BR79: 0 | BS79: 0 | BT79: 0 | BU79: 0 | BV79: 0 | BW79: 0 | CB79: 0
A80: =ROW(Source!A74) -> 74 | B80: 23104213 | C80: 23104731 | D80: 21541053 | E80: 1 | F80: 1 | G80: 1 | H80: 3 | I80: 101-1602 | J80: ФССЦ (2010) ч.1, раздел01, поз.1602 | K80: Ацетилен газообразный технический | L80: 1339 | N80: 1007 | O80: м3 | P80: м3 | Q80: 1 | Y80: 0.61 | AA80: 38.51 | AB80: 0 | AC80: 0 | AD80: 0 | AN80: 0 | AO80: 1 | AP80: 0 | AQ80: 0 | AR80: 0 | AT80: 0.61 | AV80: 0 | AW80: 2 | AX80: 23104754 | AY80: 1 | AZ80: 0 | BA80: 77 | BB80: 0 | BC80: 0 | BD80: 0 | BE80: 0 | BF80: 0 | BG80: 0 | BH80: 0 | BI80: 0 | BJ80: 0 | BK80: 0 | BL80: 0 | BM80: 0 | BN80: 0 | BO80: 0 | BP80: 0 | BQ80: 0 | BR80: 0 | BS80: 0 | BT80: 0 | BU80: 0 | BV80: 0 | BW80: 0 | CB80: 0
A81: =ROW(Source!A74) -> 74 | B81: 23104213 | C81: 23104731 | D81: 21571555 | E81: 1 | F81: 1 | G81: 1 | H81: 3 | I81: 301-9240 | J81: ФССЦ (2010) ч.3, раздел01, поз.9240 | K81: Крепления | L81: 1346 | N81: 1009 | O81: кг | P81: кг | Q81: 1 | Y81: 0 | AA81: 0 | AB81: 0 | AC81: 0 | AD81: 0 | AN81: 1 | AO81: 0 | AP81: 1 | AQ81: 0 | AR81: 0 | AT81: 0 | AV81: 0 | AW81: 2 | AX81: 23104755 | AY81: 1 | AZ81: 0 | BA81: 78 | BB81: 0 | BC81: 0 | BD81: 0 | BE81: 0 | BF81: 0 | BG81: 0 | BH81: 0 | BI81: 0 | BJ81: 0 | BK81: 0 | BL81: 0 | BM81: 0 | BN81: 0 | BO81: 0 | BP81: 0 | BQ81: 0 | BR81: 0 | BS81: 0 | BT81: 0 | BU81: 0 | BV81: 0 | BW81: 0 | CB81: 0
A82: =ROW(Source!A74) -> 74 | B82: 23104213 | C82: 23104731 | D82: 21572314 | E82: 1 | F82: 1 | G82: 1 | H82: 3 | I82: 302-1319 | J82: ФССЦ (2010) ч.3, раздел02, поз.1319 | K82: Трубопроводы из стальных электросварных труб с гильзами для отопления и водоснабжения, наружный диаметр 89 мм, толщина стенки 3,5 мм | L82: 1301 | N82: 1003 | O82: м | P82: м | Q82: 1 | Y82: 100 | AA82: 61.76 | AB82: 0 | AC82: 0 | AD82: 0 | AN82: 0 | AO82: 1 | AP82: 0 | AQ82: 0 | AR82: 0 | AT82: 100 | AV82: 0 | AW82: 2 | AX82: 23104756 | AY82: 1 | AZ82: 0 | BA82: 79 | BB82: 0 | BC82: 0 | BD82: 0 | BE82: 0 | BF82: 0 | BG82: 0 | BH82: 0 | BI82: 0 | BJ82: 0 | BK82: 0 | BL82: 0 | BM82: 0 | BN82: 0 | BO82: 0 | BP82: 0 | BQ82: 0 | BR82: 0 | BS82: 0 | BT82: 0 | BU82: 0 | BV82: 0 | BW82: 0 | CB82: 0
A83: =ROW(Source!A74) -> 74 | B83: 23104213 | C83: 23104731 | D83: 21574009 | E83: 1 | F83: 1 | G83: 1 | H83: 3 | I83: 402-0006 | J83: ФССЦ (2010) ч.4, раздел02, поз.0006 | K83: Раствор готовый кладочный цементный марки 200 | L83: 1339 | N83: 1007 | O83: м3 | P83: м3 | Q83: 1 | Y83: 0.021 | AA83: 600 | AB83: 0 | AC83: 0 | AD83: 0 | AN83: 0 | AO83: 1 | AP83: 0 | AQ83: 0 | AR83: 0 | AT83: 0.021 | AV83: 0 | AW83: 2 | AX83: 23104757 | AY83: 1 | AZ83: 0 | BA83: 80 | BB83: 0 | BC83: 0 | BD83: 0 | BE83: 0 | BF83: 0 | BG83: 0 | BH83: 0 | BI83: 0 | BJ83: 0 | BK83: 0 | BL83: 0 | BM83: 0 | BN83: 0 | BO83: 0 | BP83: 0 | BQ83: 0 | BR83: 0 | BS83: 0 | BT83: 0 | BU83: 0 | BV83: 0 | BW83: 0 | CB83: 0
A84: =ROW(Source!A74) -> 74 | B84: 23104213 | C84: 23104731 | D84: 21585603 | E84: 1 | F84: 1 | G84: 1 | H84: 3 | I84: 405-1601 | J84: ФССЦ (2010) ч.4, раздел05, поз.1601 | K84: Известь строительная негашеная хлорная, марки А | L84: 1346 | N84: 1009 | O84: кг | P84: кг | Q84: 1 | Y84: 0.0251 | AA84: 2.15 | AB84: 0 | AC84: 0 | AD84: 0 | AN84: 0 | AO84: 1 | AP84: 0 | AQ84: 0 | AR84: 0 | AT84: 0.0251 | AV84: 0 | AW84: 2 | AX84: 23104758 | AY84: 1 | AZ84: 0 | BA84: 81 | BB84: 0 | BC84: 0 | BD84: 0 | BE84: 0 | BF84: 0 | BG84: 0 | BH84: 0 | BI84: 0 | BJ84: 0 | BK84: 0 | BL84: 0 | BM84: 0 | BN84: 0 | BO84: 0 | BP84: 0 | BQ84: 0 | BR84: 0 | BS84: 0 | BT84: 0 | BU84: 0 | BV84: 0 | BW84: 0 | CB84: 0
A85: =ROW(Source!A74) -> 74 | B85: 23104213 | C85: 23104731 | D85: 21586825 | E85: 1 | F85: 1 | G85: 1 | H85: 3 | I85: 411-0001 | J85: ФССЦ (2010) ч.4, раздел11, поз.0001 | K85: Вода | L85: 1339 | N85: 1007 | O85: м3 | P85: м3 | Q85: 1 | Y85: 7.03 | AA85: 2.44 | AB85: 0 | AC85: 0 | AD85: 0 | AN85: 0 | AO85: 1 | AP85: 0 | AQ85: 0 | AR85: 0 | AT85: 7.03 | AV85: 0 | AW85: 2 | AX85: 23104759 | AY85: 1 | AZ85: 0 | BA85: 82 | BB85: 0 | BC85: 0 | BD85: 0 | BE85: 0 | BF85: 0 | BG85: 0 | BH85: 0 | BI85: 0 | BJ85: 0 | BK85: 0 | BL85: 0 | BM85: 0 | BN85: 0 | BO85: 0 | BP85: 0 | BQ85: 0 | BR85: 0 | BS85: 0 | BT85: 0 | BU85: 0 | BV85: 0 | BW85: 0 | CB85: 0
A86: =ROW(Source!A76) -> 76 | B86: 23104213 | C86: 23104762 | D86: 9415296 | E86: 1 | F86: 1 | G86: 1 | H86: 1 | I86: 1-1041 | K86: Рабочий строитель среднего разряда 4,1 | L86: 1369 | N86: 1013 | O86: чел.-ч | P86: чел.-ч | Q86: 1 | Y86: 79.75 | AA86: 0 | AB86: 0 | AC86: 0 | AD86: 9.76 | AN86: 0 | AO86: 1 | AP86: 0 | AQ86: 0 | AR86: 0 | AT86: 79.75 | AV86: 1 | AW86: 2 | AX86: 23104777 | AY86: 1 | AZ86: 0 | BA86: 83 | BB86: 0 | BC86: 0 | BD86: 0 | BE86: 0 | BF86: 0 | BG86: 0 | BH86: 0 | BI86: 0 | BJ86: 0 | BK86: 0 | BL86: 0 | BM86: 0 | BN86: 0 | BO86: 0 | BP86: 0 | BQ86: 0 | BR86: 0 | BS86: 0 | BT86: 0 | BU86: 0 | BV86: 0 | BW86: 0 | CB86: 0
A87: =ROW(Source!A76) -> 76 | B87: 23104213 | C87: 23104762 | D87: 121548 | E87: 1 | F87: 1 | G87: 1 | H87: 1 | I87: 2 | K87: Затраты труда машинистов | L87: 608254 | N87: 1013 | O87: чел.час | P87: чел.час | Q87: 1 | Y87: 0.37 | AA87: 0 | AB87: 0 | AC87: 0 | AD87: 0 | AN87: 0 | AO87: 1 | AP87: 0 | AQ87: 0 | AR87: 0 | AT87: 0.37 | AV87: 2 | AW87: 2 | AX87: 23104778 | AY87: 1 | AZ87: 0 | BA87: 84 | BB87: 0 | BC87: 0 | BD87: 0 | BE87: 0 | BF87: 0 | BG87: 0 | BH87: 0 | BI87: 0 | BJ87: 0 | BK87: 0 | BL87: 0 | BM87: 0 | BN87: 0 | BO87: 0 | BP87: 0 | BQ87: 0 | BR87: 0 | BS87: 0 | BT87: 0 | BU87: 0 | BV87: 0 | BW87: 0 | CB87: 0
A88: =ROW(Source!A76) -> 76 | B88: 23104213 | C88: 23104762 | D88: 21598697 | E88: 1 | F88: 1 | G88: 1 | H88: 2 | I88: 020129 | J88: ФСЭМ (2009), сб.02,поз.0129 | K88: Краны башенные при работе на других видах строительства 8 т | L88: 1368 | N88: 1011 | O88: маш.-ч | P88: маш.-ч | Q88: 1 | Y88: 0.27 | AA88: 0 | AB88: 86.4 | AC88: 13.5 | AD88: 0 | AN88: 0 | AO88: 1 | AP88: 0 | AQ88: 0 | AR88: 0 | AT88: 0.27 | AV88: 0 | AW88: 2 | AX88: 23104779 | AY88: 1 | AZ88: 0 | BA88: 85 | BB88: 0 | BC88: 0 | BD88: 0 | BE88: 0 | BF88: 0 | BG88: 0 | BH88: 0 | BI88: 0 | BJ88: 0 | BK88: 0 | BL88: 0 | BM88: 0 | BN88: 0 | BO88: 0 | BP88: 0 | BQ88: 0 | BR88: 0 | BS88: 0 | BT88: 0 | BU88: 0 | BV88: 0 | BW88: 0 | CB88: 0
A89: =ROW(Source!A76) -> 76 | B89: 23104213 | C89: 23104762 | D89: 21598847 | E89: 1 | F89: 1 | G89: 1 | H89: 2 | I89: 021141 | J89: ФСЭМ (2009), сб.02,поз.1141 | K89: Краны на автомобильном ходу при работе на других видах строительства 10 т | L89: 1368 | N89: 1011 | O89: маш.-ч | P89: маш.-ч | Q89: 1 | Y89: 0.1 | AA89: 0 | AB89: 111.99 | AC89: 13.5 | AD89: 0 | AN89: 0 | AO89: 1 | AP89: 0 | AQ89: 0 | AR89: 0 | AT89: 0.1 | AV89: 0 | AW89: 2 | AX89: 23104780 | AY89: 1 | AZ89: 0 | BA89: 86 | BB89: 0 | BC89: 0 | BD89: 0 | BE89: 0 | BF89: 0 | BG89: 0 | BH89: 0 | BI89: 0 | BJ89: 0 | BK89: 0 | BL89: 0 | BM89: 0 | BN89: 0 | BO89: 0 | BP89: 0 | BQ89: 0 | BR89: 0 | BS89: 0 | BT89: 0 | BU89: 0 | BV89: 0 | BW89: 0 | CB89: 0
A90: =ROW(Source!A76) -> 76 | B90: 23104213 | C90: 23104762 | D90: 21599190 | E90: 1 | F90: 1 | G90: 1 | H90: 2 | I90: 040504 | J90: ФСЭМ (2009), сб.04,поз.0504 | K90: Аппарат для газовой сварки и резки | L90: 1368 | N90: 1011 | O90: маш.-ч | P90: маш.-ч | Q90: 1 | Y90: 34.92 | AA90: 0 | AB90: 1.2 | AC90: 0 | AD90: 0 | AN90: 0 | AO90: 1 | AP90: 0 | AQ90: 0 | AR90: 0 | AT90: 34.92 | AV90: 0 | AW90: 2 | AX90: 23104781 | AY90: 1 | AZ90: 0 | BA90: 87 | BB90: 0 | BC90: 0 | BD90: 0 | BE90: 0 | BF90: 0 | BG90: 0 | BH90: 0 | BI90: 0 | BJ90: 0 | BK90: 0 | BL90: 0 | BM90: 0 | BN90: 0 | BO90: 0 | BP90: 0 | BQ90: 0 | BR90: 0 | BS90: 0 | BT90: 0 | BU90: 0 | BV90: 0 | BW90: 0 | CB90: 0
A91: =ROW(Source!A76) -> 76 | B91: 23104213 | C91: 23104762 | D91: 21601609 | E91: 1 | F91: 1 | G91: 1 | H91: 2 | I91: 400001 | J91: ФСЭМ (2009), сб.40,поз.0001 | K91: Автомобили бортовые, грузоподъемность до 5 т | L91: 1368 | N91: 1011 | O91: маш.-ч | P91: маш.-ч | Q91: 1 | Y91: 1.4 | AA91: 0 | AB91: 87.17 | AC91: 11.6 | AD91: 0 | AN91: 0 | AO91: 1 | AP91: 0 | AQ91: 0 | AR91: 0 | AT91: 1.4 | AV91: 0 | AW91: 2 | AX91: 23104782 | AY91: 1 | AZ91: 0 | BA91: 88 | BB91: 0 | BC91: 0 | BD91: 0 | BE91: 0 | BF91: 0 | BG91: 0 | BH91: 0 | BI91: 0 | BJ91: 0 | BK91: 0 | BL91: 0 | BM91: 0 | BN91: 0 | BO91: 0 | BP91: 0 | BQ91: 0 | BR91: 0 | BS91: 0 | BT91: 0 | BU91: 0 | BV91: 0 | BW91: 0 | CB91: 0
A92: =ROW(Source!A76) -> 76 | B92: 23104213 | C92: 23104762 | D92: 21538874 | E92: 1 | F92: 1 | G92: 1 | H92: 3 | I92: 101-0324 | J92: ФССЦ (2010) ч.1, раздел01, поз.0324 | K92: Кислород технический газообразный | L92: 1339 | N92: 1007 | O92: м3 | P92: м3 | Q92: 1 | Y92: 0.67 | AA92: 6.22 | AB92: 0 | AC92: 0 | AD92: 0 | AN92: 0 | AO92: 1 | AP92: 0 | AQ92: 0 | AR92: 0 | AT92: 0.67 | AV92: 0 | AW92: 2 | AX92: 23104783 | AY92: 1 | AZ92: 0 | BA92: 89 | BB92: 0 | BC92: 0 | BD92: 0 | BE92: 0 | BF92: 0 | BG92: 0 | BH92: 0 | BI92: 0 | BJ92: 0 | BK92: 0 | BL92: 0 | BM92: 0 | BN92: 0 | BO92: 0 | BP92: 0 | BQ92: 0 | BR92: 0 | BS92: 0 | BT92: 0 | BU92: 0 | BV92: 0 | BW92: 0 | CB92: 0
A93: =ROW(Source!A76) -> 76 | B93: 23104213 | C93: 23104762 | D93: 21539787 | E93: 1 | F93: 1 | G93: 1 | H93: 3 | I93: 101-0807 | J93: ФССЦ (2010) ч.1, раздел01, поз.0807 | K93: Проволока сварочная легированная диаметром 4 мм | L93: 1348 | N93: 1009 | O93: т | P93: т | Q93: 1000 | Y93: 0.0005 | AA93: 13560 | AB93: 0 | AC93: 0 | AD93: 0 | AN93: 0 | AO93: 1 | AP93: 0 | AQ93: 0 | AR93: 0 | AT93: 0.0005 | AV93: 0 | AW93: 2 | AX93: 23104784 | AY93: 1 | AZ93: 0 | BA93: 90 | BB93: 0 | BC93: 0 | BD93: 0 | BE93: 0 | BF93: 0 | BG93: 0 | BH93: 0 | BI93: 0 | BJ93: 0 | BK93: 0 | BL93: 0 | BM93: 0 | BN93: 0 | BO93: 0 | BP93: 0 | BQ93: 0 | BR93: 0 | BS93: 0 | BT93: 0 | BU93: 0 | BV93: 0 | BW93: 0 | CB93: 0
A94: =ROW(Source!A76) -> 76 | B94: 23104213 | C94: 23104762 | D94: 21541053 | E94: 1 | F94: 1 | G94: 1 | H94: 3 | I94: 101-1602 | J94: ФССЦ (2010) ч.1, раздел01, поз.1602 | K94: Ацетилен газообразный технический | L94: 1339 | N94: 1007 | O94: м3 | P94: м3 | Q94: 1 | Y94: 0.61 | AA94: 38.51 | AB94: 0 | AC94: 0 | AD94: 0 | AN94: 0 | AO94: 1 | AP94: 0 | AQ94: 0 | AR94: 0 | AT94: 0.61 | AV94: 0 | AW94: 2 | AX94: 23104785 | AY94: 1 | AZ94: 0 | BA94: 91 | BB94: 0 | BC94: 0 | BD94: 0 | BE94: 0 | BF94: 0 | BG94: 0 | BH94: 0 | BI94: 0 | BJ94: 0 | BK94: 0 | BL94: 0 | BM94: 0 | BN94: 0 | BO94: 0 | BP94: 0 | BQ94: 0 | BR94: 0 | BS94: 0 | BT94: 0 | BU94: 0 | BV94: 0 | BW94: 0 | CB94: 0
A95: =ROW(Source!A76) -> 76 | B95: 23104213 | C95: 23104762 | D95: 21571555 | E95: 1 | F95: 1 | G95: 1 | H95: 3 | I95: 301-9240 | J95: ФССЦ (2010) ч.3, раздел01, поз.9240 | K95: Крепления | L95: 1346 | N95: 1009 | O95: кг | P95: кг | Q95: 1 | Y95: 0 | AA95: 0 | AB95: 0 | AC95: 0 | AD95: 0 | AN95: 1 | AO95: 0 | AP95: 1 | AQ95: 0 | AR95: 0 | AT95: 0 | AV95: 0 | AW95: 2 | AX95: 23104786 | AY95: 1 | AZ95: 0 | BA95: 92 | BB95: 0 | BC95: 0 | BD95: 0 | BE95: 0 | BF95: 0 | BG95: 0 | BH95: 0 | BI95: 0 | BJ95: 0 | BK95: 0 | BL95: 0 | BM95: 0 | BN95: 0 | BO95: 0 | BP95: 0 | BQ95: 0 | BR95: 0 | BS95: 0 | BT95: 0 | BU95: 0 | BV95: 0 | BW95: 0 | CB95: 0
A96: =ROW(Source!A76) -> 76 | B96: 23104213 | C96: 23104762 | D96: 21572316 | E96: 1 | F96: 1 | G96: 1 | H96: 3 | I96: 302-1320 | J96: ФССЦ (2010) ч.3, раздел02, поз.1320 | K96: Трубопроводы из стальных электросварных труб с гильзами для отопления и водоснабжения, наружный диаметр 108 мм, толщина стенки 4 мм | L96: 1301 | N96: 1003 | O96: м | P96: м | Q96: 1 | Y96: 100 | AA96: 79.36 | AB96: 0 | AC96: 0 | AD96: 0 | AN96: 0 | AO96: 1 | AP96: 0 | AQ96: 0 | AR96: 0 | AT96: 100 | AV96: 0 | AW96: 2 | AX96: 23104787 | AY96: 1 | AZ96: 0 | BA96: 93 | BB96: 0 | BC96: 0 | BD96: 0 | BE96: 0 | BF96: 0 | BG96: 0 | BH96: 0 | BI96: 0 | BJ96: 0 | BK96: 0 | BL96: 0 | BM96: 0 | BN96: 0 | BO96: 0 | BP96: 0 | BQ96: 0 | BR96: 0 | BS96: 0 | BT96: 0 | BU96: 0 | BV96: 0 | BW96: 0 | CB96: 0
A97: =ROW(Source!A76) -> 76 | B97: 23104213 | C97: 23104762 | D97: 21574009 | E97: 1 | F97: 1 | G97: 1 | H97: 3 | I97: 402-0006 | J97: ФССЦ (2010) ч.4, раздел02, поз.0006 | K97: Раствор готовый кладочный цементный марки 200 | L97: 1339 | N97: 1007 | O97: м3 | P97: м3 | Q97: 1 | Y97: 0.021 | AA97: 600 | AB97: 0 | AC97: 0 | AD97: 0 | AN97: 0 | AO97: 1 | AP97: 0 | AQ97: 0 | AR97: 0 | AT97: 0.021 | AV97: 0 | AW97: 2 | AX97: 23104788 | AY97: 1 | AZ97: 0 | BA97: 94 | BB97: 0 | BC97: 0 | BD97: 0 | BE97: 0 | BF97: 0 | BG97: 0 | BH97: 0 | BI97: 0 | BJ97: 0 | BK97: 0 | BL97: 0 | BM97: 0 | BN97: 0 | BO97: 0 | BP97: 0 | BQ97: 0 | BR97: 0 | BS97: 0 | BT97: 0 | BU97: 0 | BV97: 0 | BW97: 0 | CB97: 0
A98: =ROW(Source!A76) -> 76 | B98: 23104213 | C98: 23104762 | D98: 21585603 | E98: 1 | F98: 1 | G98: 1 | H98: 3 | I98: 405-1601 | J98: ФССЦ (2010) ч.4, раздел05, поз.1601 | K98: Известь строительная негашеная хлорная, марки А | L98: 1346 | N98: 1009 | O98: кг | P98: кг | Q98: 1 | Y98: 0.0393 | AA98: 2.15 | AB98: 0 | AC98: 0 | AD98: 0 | AN98: 0 | AO98: 1 | AP98: 0 | AQ98: 0 | AR98: 0 | AT98: 0.0393 | AV98: 0 | AW98: 2 | AX98: 23104789 | AY98: 1 | AZ98: 0 | BA98: 95 | BB98: 0 | BC98: 0 | BD98: 0 | BE98: 0 | BF98: 0 | BG98: 0 | BH98: 0 | BI98: 0 | BJ98: 0 | BK98: 0 | BL98: 0 | BM98: 0 | BN98: 0 | BO98: 0 | BP98: 0 | BQ98: 0 | BR98: 0 | BS98: 0 | BT98: 0 | BU98: 0 | BV98: 0 | BW98: 0 | CB98: 0
A99: =ROW(Source!A76) -> 76 | B99: 23104213 | C99: 23104762 | D99: 21586825 | E99: 1 | F99: 1 | G99: 1 | H99: 3 | I99: 411-0001 | J99: ФССЦ (2010) ч.4, раздел11, поз.0001 | K99: Вода | L99: 1339 | N99: 1007 | O99: м3 | P99: м3 | Q99: 1 | Y99: 10.99 | AA99: 2.44 | AB99: 0 | AC99: 0 | AD99: 0 | AN99: 0 | AO99: 1 | AP99: 0 | AQ99: 0 | AR99: 0 | AT99: 10.99 | AV99: 0 | AW99: 2 | AX99: 23104790 | AY99: 1 | AZ99: 0 | BA99: 96 | BB99: 0 | BC99: 0 | BD99: 0 | BE99: 0 | BF99: 0 | BG99: 0 | BH99: 0 | BI99: 0 | BJ99: 0 | BK99: 0 | BL99: 0 | BM99: 0 | BN99: 0 | BO99: 0 | BP99: 0 | BQ99: 0 | BR99: 0 | BS99: 0 | BT99: 0 | BU99: 0 | BV99: 0 | BW99: 0 | CB99: 0
A100: =ROW(Source!A78) -> 78 | B100: 23104213 | C100: 23104792 | D100: 9699766 | E100: 1 | F100: 1 | G100: 1 | H100: 1 | I100: 1-1053 | K100: Рабочий строитель среднего разряда 5,3 | L100: 1369 | N100: 1013 | O100: чел.-ч | P100: чел.-ч | Q100: 1 | Y100: 5.01 | AA100: 0 | AB100: 0 | AC100: 0 | AD100: 11.64 | AN100: 0 | AO100: 1 | AP100: 0 | AQ100: 0 | AR100: 0 | AT100: 5.01 | AV100: 1 | AW100: 2 | AX100: 23104799 | AY100: 1 | AZ100: 0 | BA100: 97 | BB100: 0 | BC100: 0 | BD100: 0 | BE100: 0 | BF100: 0 | BG100: 0 | BH100: 0 | BI100: 0 | BJ100: 0 | BK100: 0 | BL100: 0 | BM100: 0 | BN100: 0 | BO100: 0 | BP100: 0 | BQ100: 0 | BR100: 0 | BS100: 0 | BT100: 0 | BU100: 0 | BV100: 0 | BW100: 0 | CB100: 0
...

Sheet EtalonRes
A1: =ROW(Source!A28) -> 28 | B1: 23108091 | C1: 23108071 | D1: 9415385 | E1: 1 | F1: 1 | G1: 1 | H1: 1 | I1: 1-1038 | K1: Рабочий строитель среднего разряда 3,8 | L1: 1369 | N1: 1013 | O1: чел.-ч | P1: чел.-ч | Q1: 1 | X1: 17.95 | Y1: 0 | Z1: 0 | AA1: 0 | AB1: 9.4 | AC1: 0 | AD1: 1 | AE1: 1 | AG1: 17.95 | AH1: 2 | AI1: 23108072 | AJ1: 1 | AK1: 0 | AL1: 0 | AM1: 0 | AN1: 0 | AO1: 0 | AP1: 0 | AQ1: 0 | AR1: 0
A2: =ROW(Source!A28) -> 28 | B2: 23108092 | C2: 23108071 | D2: 121548 | E2: 1 | F2: 1 | G2: 1 | H2: 1 | I2: 2 | K2: Затраты труда машинистов | L2: 608254 | N2: 1013 | O2: чел.час | P2: чел.час | Q2: 1 | X2: 5.01 | Y2: 0 | Z2: 0 | AA2: 0 | AB2: 0 | AC2: 0 | AD2: 1 | AE2: 2 | AG2: 5.01 | AH2: 2 | AI2: 23108073 | AJ2: 2 | AK2: 0 | AL2: 0 | AM2: 0 | AN2: 0 | AO2: 0 | AP2: 0 | AQ2: 0 | AR2: 0
A3: =ROW(Source!A28) -> 28 | B3: 23108093 | C3: 23108071 | D3: 21598847 | E3: 1 | F3: 1 | G3: 1 | H3: 2 | I3: 021141 | J3: ФСЭМ (2009), сб.02,поз.1141 | K3: Краны на автомобильном ходу при работе на других видах строительства 10 т | L3: 1368 | N3: 1011 | O3: маш.-ч | P3: маш.-ч | Q3: 1 | X3: 1.26 | Y3: 0 | Z3: 111.99 | AA3: 13.5 | AB3: 0 | AC3: 0 | AD3: 1 | AE3: 0 | AG3: 1.26 | AH3: 2 | AI3: 23108074 | AJ3: 3 | AK3: 0 | AL3: 0 | AM3: 0 | AN3: 0 | AO3: 0 | AP3: 0 | AQ3: 0 | AR3: 0
A4: =ROW(Source!A28) -> 28 | B4: 23108094 | C4: 23108071 | D4: 21599015 | E4: 1 | F4: 1 | G4: 1 | H4: 2 | I4: 030402 | J4: ФСЭМ (2009), сб.03,поз.0402 | K4: Лебедки электрические тяговым усилием до 12,26 кН (1,25 т) | L4: 1368 | N4: 1011 | O4: маш.-ч | P4: маш.-ч | Q4: 1 | X4: 0.34 | Y4: 0 | Z4: 3.28 | AA4: 0 | AB4: 0 | AC4: 0 | AD4: 1 | AE4: 0 | AG4: 0.34 | AH4: 2 | AI4: 23108075 | AJ4: 4 | AK4: 0 | AL4: 0 | AM4: 0 | AN4: 0 | AO4: 0 | AP4: 0 | AQ4: 0 | AR4: 0
A5: =ROW(Source!A28) -> 28 | B5: 23108095 | C5: 23108071 | D5: 21599181 | E5: 1 | F5: 1 | G5: 1 | H5: 2 | I5: 040202 | J5: ФСЭМ (2009), сб.04,поз.0202 | K5: Агрегаты сварочные передвижные с номинальным сварочным током 250-400 А с дизельным двигателем | L5: 1368 | N5: 1011 | O5: маш.-ч | P5: маш.-ч | Q5: 1 | X5: 1.07 | Y5: 0 | Z5: 14 | AA5: 0 | AB5: 0 | AC5: 0 | AD5: 1 | AE5: 0 | AG5: 1.07 | AH5: 2 | AI5: 23108076 | AJ5: 5 | AK5: 0 | AL5: 0 | AM5: 0 | AN5: 0 | AO5: 0 | AP5: 0 | AQ5: 0 | AR5: 0
A6: =ROW(Source!A28) -> 28 | B6: 23108096 | C6: 23108071 | D6: 21599190 | E6: 1 | F6: 1 | G6: 1 | H6: 2 | I6: 040504 | J6: ФСЭМ (2009), сб.04,поз.0504 | K6: Аппарат для газовой сварки и резки | L6: 1368 | N6: 1011 | O6: маш.-ч | P6: маш.-ч | Q6: 1 | X6: 0.31 | Y6: 0 | Z6: 1.2 | AA6: 0 | AB6: 0 | AC6: 0 | AD6: 1 | AE6: 0 | AG6: 0.31 | AH6: 2 | AI6: 23108077 | AJ6: 6 | AK6: 0 | AL6: 0 | AM6: 0 | AN6: 0 | AO6: 0 | AP6: 0 | AQ6: 0 | AR6: 0
A7: =ROW(Source!A28) -> 28 | B7: 23108097 | C7: 23108071 | D7: 21600149 | E7: 1 | F7: 1 | G7: 1 | H7: 2 | I7: 140110 | J7: ФСЭМ (2009), сб.14,поз.0110 | K7: Агрегаты копровые без дизель-молота на базе трактора 80 кВт (108 л.с.) | L7: 1368 | N7: 1011 | O7: маш.-ч | P7: маш.-ч | Q7: 1 | X7: 3.75 | Y7: 0 | Z7: 239.25 | AA7: 16.44 | AB7: 0 | AC7: 0 | AD7: 1 | AE7: 0 | AG7: 3.75 | AH7: 2 | AI7: 23108078 | AJ7: 7 | AK7: 0 | AL7: 0 | AM7: 0 | AN7: 0 | AO7: 0 | AP7: 0 | AQ7: 0 | AR7: 0
A8: =ROW(Source!A28) -> 28 | B8: 23108098 | C8: 23108071 | D8: 21600166 | E8: 1 | F8: 1 | G8: 1 | H8: 2 | I8: 140502 | J8: ФСЭМ (2009), сб.14,поз.0502 | K8: Дизель-молоты 1,25 т | L8: 1368 | N8: 1011 | O8: маш.-ч | P8: маш.-ч | Q8: 1 | X8: 3.75 | Y8: 0 | Z8: 40.41 | AA8: 0 | AB8: 0 | AC8: 0 | AD8: 1 | AE8: 0 | AG8: 3.75 | AH8: 2 | AI8: 23108079 | AJ8: 8 | AK8: 0 | AL8: 0 | AM8: 0 | AN8: 0 | AO8: 0 | AP8: 0 | AQ8: 0 | AR8: 0
A9: =ROW(Source!A28) -> 28 | B9: 23108099 | C9: 23108071 | D9: 21601198 | E9: 1 | F9: 1 | G9: 1 | H9: 2 | I9: 330206 | J9: ФСЭМ (2009), сб.33,поз.0206 | K9: Дрели электрические | L9: 1368 | N9: 1011 | O9: маш.-ч | P9: маш.-ч | Q9: 1 | X9: 0.14 | Y9: 0 | Z9: 1.95 | AA9: 0 | AB9: 0 | AC9: 0 | AD9: 1 | AE9: 0 | AG9: 0.14 | AH9: 2 | AI9: 23108080 | AJ9: 9 | AK9: 0 | AL9: 0 | AM9: 0 | AN9: 0 | AO9: 0 | AP9: 0 | AQ9: 0 | AR9: 0
A10: =ROW(Source!A28) -> 28 | B10: 23108100 | C10: 23108071 | D10: 21601639 | E10: 1 | F10: 1 | G10: 1 | H10: 2 | I10: 400101 | J10: ФСЭМ (2009), сб.40,поз.0101 | K10: Тягачи седельные, грузоподъемность 12 т | L10: 1368 | N10: 1011 | O10: маш.-ч | P10: маш.-ч | Q10: 1 | X10: 0.15 | Y10: 0 | Z10: 127.82 | AA10: 13.5 | AB10: 0 | AC10: 0 | AD10: 1 | AE10: 0 | AG10: 0.15 | AH10: 2 | AI10: 23108081 | AJ10: 10 | AK10: 0 | AL10: 0 | AM10: 0 | AN10: 0 | AO10: 0 | AP10: 0 | AQ10: 0 | AR10: 0
A11: =ROW(Source!A28) -> 28 | B11: 23108101 | C11: 23108071 | D11: 21601645 | E11: 1 | F11: 1 | G11: 1 | H11: 2 | I11: 400111 | J11: ФСЭМ (2009), сб.40,поз.0111 | K11: Полуприцепы общего назначения, грузоподъемность 12 т | L11: 1368 | N11: 1011 | O11: маш.-ч | P11: маш.-ч | Q11: 1 | X11: 0.15 | Y11: 0 | Z11: 12 | AA11: 0 | AB11: 0 | AC11: 0 | AD11: 1 | AE11: 0 | AG11: 0.15 | AH11: 2 | AI11: 23108082 | AJ11: 11 | AK11: 0 | AL11: 0 | AM11: 0 | AN11: 0 | AO11: 0 | AP11: 0 | AQ11: 0 | AR11: 0
A12: =ROW(Source!A28) -> 28 | B12: 23108102 | C12: 23108071 | D12: 21538874 | E12: 1 | F12: 1 | G12: 1 | H12: 3 | I12: 101-0324 | J12: ФССЦ (2010) ч.1, раздел01, поз.0324 | K12: Кислород технический газообразный | L12: 1339 | N12: 1007 | O12: м3 | P12: м3 | Q12: 1 | X12: 0.3 | Y12: 6.22 | Z12: 0 | AA12: 0 | AB12: 0 | AC12: 0 | AD12: 1 | AE12: 0 | AG12: 0.3 | AH12: 2 | AI12: 23108083 | AJ12: 12 | AK12: 0 | AL12: 0 | AM12: 0 | AN12: 0 | AO12: 0 | AP12: 0 | AQ12: 0 | AR12: 0
A13: =ROW(Source!A28) -> 28 | B13: 23108103 | C13: 23108071 | D13: 21538992 | E13: 1 | F13: 1 | G13: 1 | H13: 3 | I13: 101-0388 | J13: ФССЦ (2010) ч.1, раздел01, поз.0388 | K13: Краски масляные земляные марки МА-0115 мумия, сурик железный | L13: 1348 | N13: 1009 | O13: т | P13: т | Q13: 1000 | X13: 4e-05 | Y13: 15119 | Z13: 0 | AA13: 0 | AB13: 0 | AC13: 0 | AD13: 1 | AE13: 0 | AG13: 4e-05 | AH13: 2 | AI13: 23108084 | AJ13: 13 | AK13: 0 | AL13: 0 | AM13: 0 | AN13: 0 | AO13: 0 | AP13: 0 | AQ13: 0 | AR13: 0
A14: =ROW(Source!A28) -> 28 | B14: 23108104 | C14: 23108071 | D14: 21539742 | E14: 1 | F14: 1 | G14: 1 | H14: 3 | I14: 101-0782 | J14: ФССЦ (2010) ч.1, раздел01, поз.0782 | K14: Поковки из квадратных заготовок, масса 1,8 кг | L14: 1348 | N14: 1009 | O14: т | P14: т | Q14: 1000 | X14: 0.0006 | Y14: 5989 | Z14: 0 | AA14: 0 | AB14: 0 | AC14: 0 | AD14: 1 | AE14: 0 | AG14: 0.0006 | AH14: 2 | AI14: 23108085 | AJ14: 14 | AK14: 0 | AL14: 0 | AM14: 0 | AN14: 0 | AO14: 0 | AP14: 0 | AQ14: 0 | AR14: 0
A15: =ROW(Source!A28) -> 28 | B15: 23108105 | C15: 23108071 | D15: 21540421 | E15: 1 | F15: 1 | G15: 1 | H15: 3 | I15: 101-1145 | J15: ФССЦ (2010) ч.1, раздел01, поз.1145 | K15: Профили фасонные горячекатаные для шпунтовых свай Л4 и Л5 массой от 50 до 100 кг, сталь марки 16ХГ | L15: 1348 | N15: 1009 | O15: т | P15: т | Q15: 1000 | X15: 1.01 | Y15: 6789.36 | Z15: 0 | AA15: 0 | AB15: 0 | AC15: 0 | AD15: 1 | AE15: 0 | AG15: 1.01 | AH15: 2 | AI15: 23108086 | AJ15: 15 | AK15: 0 | AL15: 0 | AM15: 0 | AN15: 0 | AO15: 0 | AP15: 0 | AQ15: 0 | AR15: 0
A16: =ROW(Source!A28) -> 28 | B16: 23108106 | C16: 23108071 | D16: 21540934 | E16: 1 | F16: 1 | G16: 1 | H16: 3 | I16: 101-1522 | J16: ФССЦ (2010) ч.1, раздел01, поз.1522 | K16: Электроды диаметром 5 мм Э42А | L16: 1348 | N16: 1009 | O16: т | P16: т | Q16: 1000 | X16: 0.00193 | Y16: 10362 | Z16: 0 | AA16: 0 | AB16: 0 | AC16: 0 | AD16: 1 | AE16: 0 | AG16: 0.00193 | AH16: 2 | AI16: 23108087 | AJ16: 16 | AK16: 0 | AL16: 0 | AM16: 0 | AN16: 0 | AO16: 0 | AP16: 0 | AQ16: 0 | AR16: 0
A17: =ROW(Source!A28) -> 28 | B17: 23108107 | C17: 23108071 | D17: 21541053 | E17: 1 | F17: 1 | G17: 1 | H17: 3 | I17: 101-1602 | J17: ФССЦ (2010) ч.1, раздел01, поз.1602 | K17: Ацетилен газообразный технический | L17: 1339 | N17: 1007 | O17: м3 | P17: м3 | Q17: 1 | X17: 0.06 | Y17: 38.51 | Z17: 0 | AA17: 0 | AB17: 0 | AC17: 0 | AD17: 1 | AE17: 0 | AG17: 0.06 | AH17: 2 | AI17: 23108088 | AJ17: 17 | AK17: 0 | AL17: 0 | AM17: 0 | AN17: 0 | AO17: 0 | AP17: 0 | AQ17: 0 | AR17: 0
A18: =ROW(Source!A28) -> 28 | B18: 23108108 | C18: 23108071 | D18: 21548987 | E18: 1 | F18: 1 | G18: 1 | H18: 3 | I18: 102-0008 | J18: ФССЦ (2010) ч.1, раздел02, поз.0008 | K18: Лесоматериалы круглые хвойных пород для строительства диаметром 14-24 см, длиной 3-6,5 м | L18: 1339 | N18: 1007 | O18: м3 | P18: м3 | Q18: 1 | X18: 0.006 | Y18: 558.33 | Z18: 0 | AA18: 0 | AB18: 0 | AC18: 0 | AD18: 1 | AE18: 0 | AG18: 0.006 | AH18: 2 | AI18: 23108089 | AJ18: 18 | AK18: 0 | AL18: 0 | AM18: 0 | AN18: 0 | AO18: 0 | AP18: 0 | AQ18: 0 | AR18: 0
A19: =ROW(Source!A28) -> 28 | B19: 23108109 | C19: 23108071 | D19: 21551773 | E19: 1 | F19: 1 | G19: 1 | H19: 3 | I19: 201-0774 | J19: ФССЦ (2010) ч.2, раздел01, поз.0774 | K19: Конструктивные элементы вспомогательного назначения массой не более 50 кг с преобладанием толстолистовой стали собираемые из двух и более деталей, с отверстиями и без отверстий, соединяемые на сварке | L19: 1348 | N19: 1009 | O19: т | P19: т | Q19: 1000 | X19: 0.0004 | Y19: 11255 | Z19: 0 | AA19: 0 | AB19: 0 | AC19: 0 | AD19: 1 | AE19: 0 | AG19: 0.0004 | AH19: 2 | AI19: 23108090 | AJ19: 19 | AK19: 0 | AL19: 0 | AM19: 0 | AN19: 0 | AO19: 0 | AP19: 0 | AQ19: 0 | AR19: 0
A20: =ROW(Source!A32) -> 32 | B20: 23108142 | C20: 23108134 | D20: 9416110 | E20: 1 | F20: 1 | G20: 1 | H20: 1 | I20: 1-1036 | K20: Рабочий строитель среднего разряда 3,6 | L20: 1369 | N20: 1013 | O20: чел.-ч | P20: чел.-ч | Q20: 1 | X20: 0.64 | Y20: 0 | Z20: 0 | AA20: 0 | AB20: 9.18 | AC20: 0 | AD20: 1 | AE20: 1 | AG20: 0.64 | AH20: 2 | AI20: 23108135 | AJ20: 23 | AK20: 0 | AL20: 0 | AM20: 0 | AN20: 0 | AO20: 0 | AP20: 0 | AQ20: 0 | AR20: 0
A21: =ROW(Source!A32) -> 32 | B21: 23108143 | C21: 23108134 | D21: 121548 | E21: 1 | F21: 1 | G21: 1 | H21: 1 | I21: 2 | K21: Затраты труда машинистов | L21: 608254 | N21: 1013 | O21: чел.час | P21: чел.час | Q21: 1 | X21: 0.35 | Y21: 0 | Z21: 0 | AA21: 0 | AB21: 0 | AC21: 0 | AD21: 1 | AE21: 2 | AG21: 0.35 | AH21: 2 | AI21: 23108136 | AJ21: 24 | AK21: 0 | AL21: 0 | AM21: 0 | AN21: 0 | AO21: 0 | AP21: 0 | AQ21: 0 | AR21: 0
A22: =ROW(Source!A32) -> 32 | B22: 23108144 | C22: 23108134 | D22: 21598883 | E22: 1 | F22: 1 | G22: 1 | H22: 2 | I22: 021243 | J22: ФСЭМ (2009), сб.02,поз.1243 | K22: Краны на гусеничном ходу при работе на других видах строительства до 16 т | L22: 1368 | N22: 1011 | O22: маш.-ч | P22: маш.-ч | Q22: 1 | X22: 0.35 | Y22: 0 | Z22: 96.89 | AA22: 13.5 | AB22: 0 | AC22: 0 | AD22: 1 | AE22: 0 | AG22: 0.35 | AH22: 2 | AI22: 23108137 | AJ22: 25 | AK22: 0 | AL22: 0 | AM22: 0 | AN22: 0 | AO22: 0 | AP22: 0 | AQ22: 0 | AR22: 0
A23: =ROW(Source!A32) -> 32 | B23: 23108145 | C23: 23108134 | D23: 21599794 | E23: 1 | F23: 1 | G23: 1 | H23: 2 | I23: 111100 | J23: ФСЭМ (2009), сб.11,поз.1100 | K23: Вибратор глубинный | L23: 1368 | N23: 1011 | O23: маш.-ч | P23: маш.-ч | Q23: 1 | X23: 0.24 | Y23: 0 | Z23: 1.9 | AA23: 0 | AB23: 0 | AC23: 0 | AD23: 1 | AE23: 0 | AG23: 0.24 | AH23: 2 | AI23: 23108138 | AJ23: 26 | AK23: 0 | AL23: 0 | AM23: 0 | AN23: 0 | AO23: 0 | AP23: 0 | AQ23: 0 | AR23: 0
A24: =ROW(Source!A32) -> 32 | B24: 23108146 | C24: 23108134 | D24: 21601024 | E24: 1 | F24: 1 | G24: 1 | H24: 2 | I24: 270301 | J24: ФСЭМ (2009), сб.27,поз.0301 | K24: Насосы грязевые, подача 23,4-65,3 м3/ч, давление нагнетания 15,7-5,88 МПа (160-60 кгс/см2) | L24: 1368 | N24: 1011 | O24: маш.-ч | P24: маш.-ч | Q24: 1 | X24: 0.21 | Y24: 0 | Z24: 32.71 | AA24: 0 | AB24: 0 | AC24: 0 | AD24: 1 | AE24: 0 | AG24: 0.21 | AH24: 2 | AI24: 23108139 | AJ24: 27 | AK24: 0 | AL24: 0 | AM24: 0 | AN24: 0 | AO24: 0 | AP24: 0 | AQ24: 0 | AR24: 0
A25: =ROW(Source!A32) -> 32 | B25: 23108147 | C25: 23108134 | D25: 21601609 | E25: 1 | F25: 1 | G25: 1 | H25: 2 | I25: 400001 | J25: ФСЭМ (2009), сб.40,поз.0001 | K25: Автомобили бортовые, грузоподъемность до 5 т | L25: 1368 | N25: 1011 | O25: маш.-ч | P25: маш.-ч | Q25: 1 | X25: 0.07 | Y25: 0 | Z25: 87.17 | AA25: 11.6 | AB25: 0 | AC25: 0 | AD25: 1 | AE25: 0 | AG25: 0.07 | AH25: 2 | AI25: 23108140 | AJ25: 28 | AK25: 0 | AL25: 0 | AM25: 0 | AN25: 0 | AO25: 0 | AP25: 0 | AQ25: 0 | AR25: 0
A26: =ROW(Source!A32) -> 32 | B26: 23108148 | C26: 23108134 | D26: 21611041 | E26: 1 | F26: 1 | G26: 1 | H26: 3 | I26: 103-0576 | J26: ФССЦ (2010) ч.1, раздел03, поз.0576 | K26: Трубы бесшовные обсадные из стали группы Д и Б с короткой треугольной резьбой, наружным диаметром 377 мм, толщина стенки 12 мм | L26: 1301 | N26: 1003 | O26: м | P26: м | Q26: 1 | X26: 0.15 | Y26: 1001.3 | Z26: 0 | AA26: 0 | AB26: 0 | AC26: 0 | AD26: 1 | AE26: 0 | AG26: 0.15 | AH26: 2 | AI26: 23108141 | AJ26: 29 | AK26: 0 | AL26: 0 | AM26: 0 | AN26: 0 | AO26: 0 | AP26: 0 | AQ26: 0 | AR26: 0
A27: =ROW(Source!A32) -> 32 | B27: 23108149 | C27: 23108134 | D27: 21573984 | E27: 1 | F27: 1 | G27: 1 | H27: 3 | I27: 401-9021 | J27: ФССЦ (2010) ч.4, раздел01, поз.9021 | K27: Бетон | L27: 1339 | N27: 1007 | O27: м3 | P27: м3 | Q27: 1 | X27: 0 | Y27: 0 | Z27: 0 | AA27: 0 | AB27: 0 | AC27: 1 | AD27: 0 | AE27: 0 | AG27: 0 | AH27: 3 | AI27: -1 | AK27: 0 | AL27: 0 | AM27: 0 | AN27: 0 | AO27: 0 | AP27: 0 | AQ27: 0 | AR27: 0
A28: =ROW(Source!A68) -> 68 | B28: 23104662 | C28: 23104640 | D28: 9430710 | E28: 1 | F28: 1 | G28: 1 | H28: 1 | I28: 1-2040 | K28: Рабочий монтажник среднего разряда 4 | L28: 1369 | N28: 1013 | O28: чел.-ч | P28: чел.-ч | Q28: 1 | X28: 443 | Y28: 0 | Z28: 0 | AA28: 0 | AB28: 9.62 | AC28: 0 | AD28: 1 | AE28: 1 | AG28: 443 | AH28: 2 | AI28: 23104641 | AJ28: 31 | AK28: 0 | AL28: 0 | AM28: 0 | AN28: 0 | AO28: 0 | AP28: 0 | AQ28: 0 | AR28: 0
A29: =ROW(Source!A68) -> 68 | B29: 23104663 | C29: 23104640 | D29: 121548 | E29: 1 | F29: 1 | G29: 1 | H29: 1 | I29: 2 | K29: Затраты труда машинистов | L29: 608254 | N29: 1013 | O29: чел.час | P29: чел.час | Q29: 1 | X29: 220.92 | Y29: 0 | Z29: 0 | AA29: 0 | AB29: 0 | AC29: 0 | AD29: 1 | AE29: 2 | AG29: 220.92 | AH29: 2 | AI29: 23104642 | AJ29: 32 | AK29: 0 | AL29: 0 | AM29: 0 | AN29: 0 | AO29: 0 | AP29: 0 | AQ29: 0 | AR29: 0
A30: =ROW(Source!A68) -> 68 | B30: 23104664 | C30: 23104640 | D30: 21598821 | E30: 1 | F30: 1 | G30: 1 | H30: 2 | I30: 021102 | J30: ФСЭМ (2009), сб.02,поз.1102 | K30: Краны на автомобильном ходу при работе на монтаже технологического оборудования 10 т | L30: 1368 | N30: 1011 | O30: маш.-ч | P30: маш.-ч | Q30: 1 | X30: 1.2 | Y30: 0 | Z30: 134.65 | AA30: 13.5 | AB30: 0 | AC30: 0 | AD30: 1 | AE30: 0 | AG30: 1.2 | AH30: 2 | AI30: 23104643 | AJ30: 33 | AK30: 0 | AL30: 0 | AM30: 0 | AN30: 0 | AO30: 0 | AP30: 0 | AQ30: 0 | AR30: 0
A31: =ROW(Source!A68) -> 68 | B31: 23104665 | C31: 23104640 | D31: 21599243 | E31: 1 | F31: 1 | G31: 1 | H31: 2 | I31: 050301 | J31: ФСЭМ (2009), сб.05,поз.0301 | K31: Компрессоры самоходные с двигателем внутреннего сгорания давлением 800 кПа (8 ат), производительность 6,3 м3/мин | L31: 1368 | N31: 1011 | O31: маш.-ч | P31: маш.-ч | Q31: 1 | X31: 8.12 | Y31: 0 | Z31: 100 | AA31: 10.06 | AB31: 0 | AC31: 0 | AD31: 1 | AE31: 0 | AG31: 8.12 | AH31: 2 | AI31: 23104644 | AJ31: 34 | AK31: 0 | AL31: 0 | AM31: 0 | AN31: 0 | AO31: 0 | AP31: 0 | AQ31: 0 | AR31: 0
A32: =ROW(Source!A68) -> 68 | B32: 23104666 | C32: 23104640 | D32: 21600228 | E32: 1 | F32: 1 | G32: 1 | H32: 2 | I32: 150102 | J32: ФСЭМ (2009), сб.15,поз.0102 | K32: Агрегаты наполнительно-опрессовочные до 300 м3/ч | L32: 1368 | N32: 1011 | O32: маш.-ч | P32: маш.-ч | Q32: 1 | X32: 29 | Y32: 0 | Z32: 287.99 | AA32: 11.6 | AB32: 0 | AC32: 0 | AD32: 1 | AE32: 0 | AG32: 29 | AH32: 2 | AI32: 23104645 | AJ32: 35 | AK32: 0 | AL32: 0 | AM32: 0 | AN32: 0 | AO32: 0 | AP32: 0 | AQ32: 0 | AR32: 0
A33: =ROW(Source!A68) -> 68 | B33: 23104667 | C33: 23104640 | D33: 21600294 | E33: 1 | F33: 1 | G33: 1 | H33: 2 | I33: 151301 | J33: ФСЭМ (2009), сб.15,поз.1301 | K33: Станки трубогибочные для труб диаметром 200-500 мм | L33: 1368 | N33: 1011 | O33: маш.-ч | P33: маш.-ч | Q33: 1 | X33: 63.8 | Y33: 0 | Z33: 91.83 | AA33: 10.06 | AB33: 0 | AC33: 0 | AD33: 1 | AE33: 0 | AG33: 63.8 | AH33: 2 | AI33: 23104646 | AJ33: 36 | AK33: 0 | AL33: 0 | AM33: 0 | AN33: 0 | AO33: 0 | AP33: 0 | AQ33: 0 | AR33: 0
A34: =ROW(Source!A68) -> 68 | B34: 23104668 | C34: 23104640 | D34: 21601240 | E34: 1 | F34: 1 | G34: 1 | H34: 2 | I34: 331005 | J34: ФСЭМ (2009), сб.33,поз.1005 | K34: Станок трубоотрезной | L34: 1368 | N34: 1011 | O34: маш.-ч | P34: маш.-ч | Q34: 1 | X34: 55 | Y34: 0 | Z34: 52.61 | AA34: 11.6 | AB34: 0 | AC34: 0 | AD34: 1 | AE34: 0 | AG34: 55 | AH34: 2 | AI34: 23104647 | AJ34: 37 | AK34: 0 | AL34: 0 | AM34: 0 | AN34: 0 | AO34: 0 | AP34: 0 | AQ34: 0 | AR34: 0
A35: =ROW(Source!A68) -> 68 | B35: 23104669 | C35: 23104640 | D35: 21601242 | E35: 1 | F35: 1 | G35: 1 | H35: 2 | I35: 331006 | J35: ФСЭМ (2009), сб.33,поз.1006 | K35: Станок трубонарезной | L35: 1368 | N35: 1011 | O35: маш.-ч | P35: маш.-ч | Q35: 1 | X35: 63.8 | Y35: 0 | Z35: 30.46 | AA35: 11.6 | AB35: 0 | AC35: 0 | AD35: 1 | AE35: 0 | AG35: 63.8 | AH35: 2 | AI35: 23104648 | AJ35: 38 | AK35: 0 | AL35: 0 | AM35: 0 | AN35: 0 | AO35: 0 | AP35: 0 | AQ35: 0 | AR35: 0
A36: =ROW(Source!A68) -> 68 | B36: 23104670 | C36: 23104640 | D36: 21601609 | E36: 1 | F36: 1 | G36: 1 | H36: 2 | I36: 400001 | J36: ФСЭМ (2009), сб.40,поз.0001 | K36: Автомобили бортовые, грузоподъемность до 5 т | L36: 1368 | N36: 1011 | O36: маш.-ч | P36: маш.-ч | Q36: 1 | X36: 1.2 | Y36: 0 | Z36: 87.17 | AA36: 11.6 | AB36: 0 | AC36: 0 | AD36: 1 | AE36: 0 | AG36: 1.2 | AH36: 2 | AI36: 23104649 | AJ36: 39 | AK36: 0 | AL36: 0 | AM36: 0 | AN36: 0 | AO36: 0 | AP36: 0 | AQ36: 0 | AR36: 0
A37: =ROW(Source!A68) -> 68 | B37: 23104671 | C37: 23104640 | D37: 21538443 | E37: 1 | F37: 1 | G37: 1 | H37: 3 | I37: 101-0091 | J37: ФССЦ (2010) ч.1, раздел01, поз.0091 | K37: Болты с шестигранной головкой диаметром резьбы 12 (14) мм | L37: 1348 | N37: 1009 | O37: т | P37: т | Q37: 1000 | X37: 0.00454 | Y37: 12606 | Z37: 0 | AA37: 0 | AB37: 0 | AC37: 0 | AD37: 1 | AE37: 0 | AG37: 0.00454 | AH37: 2 | AI37: 23104650 | AJ37: 40 | AK37: 0 | AL37: 0 | AM37: 0 | AN37: 0 | AO37: 0 | AP37: 0 | AQ37: 0 | AR37: 0
A38: =ROW(Source!A68) -> 68 | B38: 23104672 | C38: 23104640 | D38: 21538874 | E38: 1 | F38: 1 | G38: 1 | H38: 3 | I38: 101-0324 | J38: ФССЦ (2010) ч.1, раздел01, поз.0324 | K38: Кислород технический газообразный | L38: 1339 | N38: 1007 | O38: м3 | P38: м3 | Q38: 1 | X38: 2.42 | Y38: 6.22 | Z38: 0 | AA38: 0 | AB38: 0 | AC38: 0 | AD38: 1 | AE38: 0 | AG38: 2.42 | AH38: 2 | AI38: 23104651 | AJ38: 41 | AK38: 0 | AL38: 0 | AM38: 0 | AN38: 0 | AO38: 0 | AP38: 0 | AQ38: 0 | AR38: 0
A39: =ROW(Source!A68) -> 68 | B39: 23104673 | C39: 23104640 | D39: 21539802 | E39: 1 | F39: 1 | G39: 1 | H39: 3 | I39: 101-0816 | J39: ФССЦ (2010) ч.1, раздел01, поз.0816 | K39: Проволока светлая диаметром 1,1 мм | L39: 1348 | N39: 1009 | O39: т | P39: т | Q39: 1000 | X39: 0.00012 | Y39: 10200 | Z39: 0 | AA39: 0 | AB39: 0 | AC39: 0 | AD39: 1 | AE39: 0 | AG39: 0.00012 | AH39: 2 | AI39: 23104652 | AJ39: 42 | AK39: 0 | AL39: 0 | AM39: 0 | AN39: 0 | AO39: 0 | AP39: 0 | AQ39: 0 | AR39: 0
A40: =ROW(Source!A68) -> 68 | B40: 23104674 | C40: 23104640 | D40: 21541644 | E40: 1 | F40: 1 | G40: 1 | H40: 3 | I40: 101-2041 | J40: ФССЦ (2010) ч.1, раздел01, поз.2041 | K40: Шайбы оцинкованные, диаметр 6 мм | L40: 1346 | N40: 1009 | O40: кг | P40: кг | Q40: 1 | X40: 0.62 | Y40: 27.72 | Z40: 0 | AA40: 0 | AB40: 0 | AC40: 0 | AD40: 1 | AE40: 0 | AG40: 0.62 | AH40: 2 | AI40: 23104653 | AJ40: 43 | AK40: 0 | AL40: 0 | AM40: 0 | AN40: 0 | AO40: 0 | AP40: 0 | AQ40: 0 | AR40: 0
A41: =ROW(Source!A68) -> 68 | B41: 23104675 | C41: 23104640 | D41: 21619548 | E41: 1 | F41: 1 | G41: 1 | H41: 3 | I41: 111-0109 | J41: ФССЦ (2010) ч.1, раздел11, поз.0109 | K41: Бирки маркировочные пластмассовые | L41: 1355 | N41: 1010 | O41: 100 шт. | P41: 100 шт. | Q41: 100 | X41: 0.7 | Y41: 30.74 | Z41: 0 | AA41: 0 | AB41: 0 | AC41: 0 | AD41: 1 | AE41: 0 | AG41: 0.7 | AH41: 2 | AI41: 23104654 | AJ41: 44 | AK41: 0 | AL41: 0 | AM41: 0 | AN41: 0 | AO41: 0 | AP41: 0 | AQ41: 0 | AR41: 0
A42: =ROW(Source!A68) -> 68 | B42: 23104676 | C42: 23104640 | D42: 21565569 | E42: 1 | F42: 1 | G42: 1 | H42: 3 | I42: 301-3347 | J42: ФССЦ (2010) ч.3, раздел01, поз.3347 | K42: Заглушки стальные для труб диаметром 25 мм | L42: 1354 | N42: 1010 | O42: шт. | P42: шт. | Q42: 1 | X42: 50 | Y42: 6.45 | Z42: 0 | AA42: 0 | AB42: 0 | AC42: 0 | AD42: 1 | AE42: 0 | AG42: 50 | AH42: 2 | AI42: 23104655 | AJ42: 45 | AK42: 0 | AL42: 0 | AM42: 0 | AN42: 0 | AO42: 0 | AP42: 0 | AQ42: 0 | AR42: 0
A43: =ROW(Source!A68) -> 68 | B43: 23104677 | C43: 23104640 | D43: 21572697 | E43: 1 | F43: 1 | G43: 1 | H43: 3 | I43: 302-3235 | J43: ФССЦ (2010) ч.3, раздел02, поз.3235 | K43: Контргайка для трубных проводок из водогазопроводных труб, диаметр условного прохода 25 мм | L43: 1354 | N43: 1010 | O43: шт. | P43: шт. | Q43: 1 | X43: 255 | Y43: 6.85 | Z43: 0 | AA43: 0 | AB43: 0 | AC43: 0 | AD43: 1 | AE43: 0 | AG43: 255 | AH43: 2 | AI43: 23104656 | AJ43: 46 | AK43: 0 | AL43: 0 | AM43: 0 | AN43: 0 | AO43: 0 | AP43: 0 | AQ43: 0 | AR43: 0
A44: =ROW(Source!A68) -> 68 | B44: 23104678 | C44: 23104640 | D44: 21572709 | E44: 1 | F44: 1 | G44: 1 | H44: 3 | I44: 302-3246 | J44: ФССЦ (2010) ч.3, раздел02, поз.3246 | K44: Угольники прямые | L44: 1358 | N44: 1010 | O44: 10 шт. | P44: 10 шт. | Q44: 10 | X44: 25.5 | Y44: 250 | Z44: 0 | AA44: 0 | AB44: 0 | AC44: 0 | AD44: 1 | AE44: 0 | AG44: 25.5 | AH44: 2 | AI44: 23104657 | AJ44: 47 | AK44: 0 | AL44: 0 | AM44: 0 | AN44: 0 | AO44: 0 | AP44: 0 | AQ44: 0 | AR44: 0
A45: =ROW(Source!A68) -> 68 | B45: 23104679 | C45: 23104640 | D45: 21586826 | E45: 1 | F45: 1 | G45: 1 | H45: 3 | I45: 411-0002 | J45: ФССЦ (2010) ч.4, раздел11, поз.0002 | K45: Вода водопроводная | L45: 1339 | N45: 1007 | O45: м3 | P45: м3 | Q45: 1 | X45: 0.29 | Y45: 3.15 | Z45: 0 | AA45: 0 | AB45: 0 | AC45: 0 | AD45: 1 | AE45: 0 | AG45: 0.29 | AH45: 2 | AI45: 23104658 | AJ45: 48 | AK45: 0 | AL45: 0 | AM45: 0 | AN45: 0 | AO45: 0 | AP45: 0 | AQ45: 0 | AR45: 0
A46: =ROW(Source!A68) -> 68 | B46: 23104680 | C46: 23104640 | D46: 21632145 | E46: 1 | F46: 1 | G46: 1 | H46: 3 | I46: 507-2838 | J46: ФССЦ (2010) ч.5, раздел07, поз.2838 | K46: Хомутики для крепления труб | L46: 1355 | N46: 1010 | O46: 100 шт. | P46: 100 шт. | Q46: 100 | X46: 0.683 | Y46: 150 | Z46: 0 | AA46: 0 | AB46: 0 | AC46: 0 | AD46: 1 | AE46: 0 | AG46: 0.683 | AH46: 2 | AI46: 23104659 | AJ46: 49 | AK46: 0 | AL46: 0 | AM46: 0 | AN46: 0 | AO46: 0 | AP46: 0 | AQ46: 0 | AR46: 0
A47: =ROW(Source!A68) -> 68 | B47: 23104681 | C47: 23104640 | D47: 21636463 | E47: 1 | F47: 1 | G47: 1 | H47: 3 | I47: 509-0113 | J47: ФССЦ (2010) ч.5, раздел09, поз.0113 | K47: Скобы СД | L47: 1358 | N47: 1010 | O47: 10 шт. | P47: 10 шт. | Q47: 10 | X47: 27 | Y47: 6.66 | Z47: 0 | AA47: 0 | AB47: 0 | AC47: 0 | AD47: 1 | AE47: 0 | AG47: 27 | AH47: 2 | AI47: 23104660 | AJ47: 50 | AK47: 0 | AL47: 0 | AM47: 0 | AN47: 0 | AO47: 0 | AP47: 0 | AQ47: 0 | AR47: 0
A48: =ROW(Source!A68) -> 68 | B48: 23104682 | C48: 23104640 | D48: 21598581 | E48: 1 | F48: 1 | G48: 1 | H48: 3 | I48: 999-9950 | J48: ФССЦ (2010) ч.9, раздел99, поз.9950 | K48: Вспомогательные материалы (2% от ОЗП) | L48: 9308174 | N48: 1009 | O48: т | P48: 1 т | Q48: 1000 | X48: 85.23 | Y48: 1 | Z48: 0 | AA48: 0 | AB48: 0 | AC48: 0 | AD48: 1 | AE48: 0 | AG48: 85.23 | AH48: 2 | AI48: 23104661 | AJ48: 51 | AK48: 0 | AL48: 0 | AM48: 0 | AN48: 0 | AO48: 0 | AP48: 0 | AQ48: 0 | AR48: 0
A49: =ROW(Source!A71) -> 71 | B49: 23104694 | C49: 23104687 | D49: 9699766 | E49: 1 | F49: 1 | G49: 1 | H49: 1 | I49: 1-1053 | K49: Рабочий строитель среднего разряда 5,3 | L49: 1369 | N49: 1013 | O49: чел.-ч | P49: чел.-ч | Q49: 1 | X49: 5.01 | Y49: 0 | Z49: 0 | AA49: 0 | AB49: 11.64 | AC49: 0 | AD49: 1 | AE49: 1 | AG49: 5.01 | AH49: 2 | AI49: 23104688 | AJ49: 52 | AK49: 0 | AL49: 0 | AM49: 0 | AN49: 0 | AO49: 0 | AP49: 0 | AQ49: 0 | AR49: 0
A50: =ROW(Source!A71) -> 71 | B50: 23104695 | C50: 23104687 | D50: 21599230 | E50: 1 | F50: 1 | G50: 1 | H50: 2 | I50: 042900 | J50: ФСЭМ (2009), сб.04,поз.2900 | K50: Установки для гидравлических испытаний трубопроводов, давление нагнетания низкое 0,1 МПа (1 кгс/см2), высокое 10 МПа (100 кгс/см2) | L50: 1368 | N50: 1011 | O50: маш.-ч | P50: маш.-ч | Q50: 1 | X50: 1.5 | Y50: 0 | Z50: 29.67 | AA50: 0 | AB50: 0 | AC50: 0 | AD50: 1 | AE50: 0 | AG50: 1.5 | AH50: 2 | AI50: 23104689 | AJ50: 53 | AK50: 0 | AL50: 0 | AM50: 0 | AN50: 0 | AO50: 0 | AP50: 0 | AQ50: 0 | AR50: 0
A51: =ROW(Source!A71) -> 71 | B51: 23104696 | C51: 23104687 | D51: 21538992 | E51: 1 | F51: 1 | G51: 1 | H51: 3 | I51: 101-0388 | J51: ФССЦ (2010) ч.1, раздел01, поз.0388 | K51: Краски масляные земляные марки МА-0115 мумия, сурик железный | L51: 1348 | N51: 1009 | O51: т | P51: т | Q51: 1000 | X51: 5e-05 | Y51: 15119 | Z51: 0 | AA51: 0 | AB51: 0 | AC51: 0 | AD51: 1 | AE51: 0 | AG51: 5e-05 | AH51: 2 | AI51: 23104690 | AJ51: 54 | AK51: 0 | AL51: 0 | AM51: 0 | AN51: 0 | AO51: 0 | AP51: 0 | AQ51: 0 | AR51: 0
A52: =ROW(Source!A71) -> 71 | B52: 23104697 | C52: 23104687 | D52: 21539432 | E52: 1 | F52: 1 | G52: 1 | H52: 3 | I52: 101-0628 | J52: ФССЦ (2010) ч.1, раздел01, поз.0628 | K52: Олифа комбинированная, марки К-3 | L52: 1348 | N52: 1009 | O52: т | P52: т | Q52: 1000 | X52: 2e-05 | Y52: 16950 | Z52: 0 | AA52: 0 | AB52: 0 | AC52: 0 | AD52: 1 | AE52: 0 | AG52: 2e-05 | AH52: 2 | AI52: 23104691 | AJ52: 55 | AK52: 0 | AL52: 0 | AM52: 0 | AN52: 0 | AO52: 0 | AP52: 0 | AQ52: 0 | AR52: 0
A53: =ROW(Source!A71) -> 71 | B53: 23104698 | C53: 23104687 | D53: 21541172 | E53: 1 | F53: 1 | G53: 1 | H53: 3 | I53: 101-1669 | J53: ФССЦ (2010) ч.1, раздел01, поз.1669 | K53: Очес льняной | L53: 1346 | N53: 1009 | O53: кг | P53: кг | Q53: 1 | X53: 0.02 | Y53: 37.29 | Z53: 0 | AA53: 0 | AB53: 0 | AC53: 0 | AD53: 1 | AE53: 0 | AG53: 0.02 | AH53: 2 | AI53: 23104692 | AJ53: 56 | AK53: 0 | AL53: 0 | AM53: 0 | AN53: 0 | AO53: 0 | AP53: 0 | AQ53: 0 | AR53: 0
A54: =ROW(Source!A71) -> 71 | B54: 23104699 | C54: 23104687 | D54: 21586825 | E54: 1 | F54: 1 | G54: 1 | H54: 3 | I54: 411-0001 | J54: ФССЦ (2010) ч.4, раздел11, поз.0001 | K54: Вода | L54: 1339 | N54: 1007 | O54: м3 | P54: м3 | Q54: 1 | X54: 1 | Y54: 2.44 | Z54: 0 | AA54: 0 | AB54: 0 | AC54: 0 | AD54: 1 | AE54: 0 | AG54: 1 | AH54: 2 | AI54: 23104693 | AJ54: 57 | AK54: 0 | AL54: 0 | AM54: 0 | AN54: 0 | AO54: 0 | AP54: 0 | AQ54: 0 | AR54: 0
A55: =ROW(Source!A72) -> 72 | B55: 23104715 | C55: 23104700 | D55: 9415296 | E55: 1 | F55: 1 | G55: 1 | H55: 1 | I55: 1-1041 | K55: Рабочий строитель среднего разряда 4,1 | L55: 1369 | N55: 1013 | O55: чел.-ч | P55: чел.-ч | Q55: 1 | X55: 72.16 | Y55: 0 | Z55: 0 | AA55: 0 | AB55: 9.76 | AC55: 0 | AD55: 1 | AE55: 1 | AG55: 72.16 | AH55: 2 | AI55: 23104701 | AJ55: 58 | AK55: 0 | AL55: 0 | AM55: 0 | AN55: 0 | AO55: 0 | AP55: 0 | AQ55: 0 | AR55: 0
A56: =ROW(Source!A72) -> 72 | B56: 23104716 | C56: 23104700 | D56: 121548 | E56: 1 | F56: 1 | G56: 1 | H56: 1 | I56: 2 | K56: Затраты труда машинистов | L56: 608254 | N56: 1013 | O56: чел.час | P56: чел.час | Q56: 1 | X56: 0.23 | Y56: 0 | Z56: 0 | AA56: 0 | AB56: 0 | AC56: 0 | AD56: 1 | AE56: 2 | AG56: 0.23 | AH56: 2 | AI56: 23104702 | AJ56: 59 | AK56: 0 | AL56: 0 | AM56: 0 | AN56: 0 | AO56: 0 | AP56: 0 | AQ56: 0 | AR56: 0
A57: =ROW(Source!A72) -> 72 | B57: 23104717 | C57: 23104700 | D57: 21598697 | E57: 1 | F57: 1 | G57: 1 | H57: 2 | I57: 020129 | J57: ФСЭМ (2009), сб.02,поз.0129 | K57: Краны башенные при работе на других видах строительства 8 т | L57: 1368 | N57: 1011 | O57: маш.-ч | P57: маш.-ч | Q57: 1 | X57: 0.15 | Y57: 0 | Z57: 86.4 | AA57: 13.5 | AB57: 0 | AC57: 0 | AD57: 1 | AE57: 0 | AG57: 0.15 | AH57: 2 | AI57: 23104703 | AJ57: 60 | AK57: 0 | AL57: 0 | AM57: 0 | AN57: 0 | AO57: 0 | AP57: 0 | AQ57: 0 | AR57: 0
A58: =ROW(Source!A72) -> 72 | B58: 23104718 | C58: 23104700 | D58: 21598847 | E58: 1 | F58: 1 | G58: 1 | H58: 2 | I58: 021141 | J58: ФСЭМ (2009), сб.02,поз.1141 | K58: Краны на автомобильном ходу при работе на других видах строительства 10 т | L58: 1368 | N58: 1011 | O58: маш.-ч | P58: маш.-ч | Q58: 1 | X58: 0.08 | Y58: 0 | Z58: 111.99 | AA58: 13.5 | AB58: 0 | AC58: 0 | AD58: 1 | AE58: 0 | AG58: 0.08 | AH58: 2 | AI58: 23104704 | AJ58: 61 | AK58: 0 | AL58: 0 | AM58: 0 | AN58: 0 | AO58: 0 | AP58: 0 | AQ58: 0 | AR58: 0
A59: =ROW(Source!A72) -> 72 | B59: 23104719 | C59: 23104700 | D59: 21599190 | E59: 1 | F59: 1 | G59: 1 | H59: 2 | I59: 040504 | J59: ФСЭМ (2009), сб.04,поз.0504 | K59: Аппарат для газовой сварки и резки | L59: 1368 | N59: 1011 | O59: маш.-ч | P59: маш.-ч | Q59: 1 | X59: 24.94 | Y59: 0 | Z59: 1.2 | AA59: 0 | AB59: 0 | AC59: 0 | AD59: 1 | AE59: 0 | AG59: 24.94 | AH59: 2 | AI59: 23104705 | AJ59: 62 | AK59: 0 | AL59: 0 | AM59: 0 | AN59: 0 | AO59: 0 | AP59: 0 | AQ59: 0 | AR59: 0
A60: =ROW(Source!A72) -> 72 | B60: 23104720 | C60: 23104700 | D60: 21601609 | E60: 1 | F60: 1 | G60: 1 | H60: 2 | I60: 400001 | J60: ФСЭМ (2009), сб.40,поз.0001 | K60: Автомобили бортовые, грузоподъемность до 5 т | L60: 1368 | N60: 1011 | O60: маш.-ч | P60: маш.-ч | Q60: 1 | X60: 1.01 | Y60: 0 | Z60: 87.17 | AA60: 11.6 | AB60: 0 | AC60: 0 | AD60: 1 | AE60: 0 | AG60: 1.01 | AH60: 2 | AI60: 23104706 | AJ60: 63 | AK60: 0 | AL60: 0 | AM60: 0 | AN60: 0 | AO60: 0 | AP60: 0 | AQ60: 0 | AR60: 0
A61: =ROW(Source!A72) -> 72 | B61: 23104721 | C61: 23104700 | D61: 21538874 | E61: 1 | F61: 1 | G61: 1 | H61: 3 | I61: 101-0324 | J61: ФССЦ (2010) ч.1, раздел01, поз.0324 | K61: Кислород технический газообразный | L61: 1339 | N61: 1007 | O61: м3 | P61: м3 | Q61: 1 | X61: 0.45 | Y61: 6.22 | Z61: 0 | AA61: 0 | AB61: 0 | AC61: 0 | AD61: 1 | AE61: 0 | AG61: 0.45 | AH61: 2 | AI61: 23104707 | AJ61: 64 | AK61: 0 | AL61: 0 | AM61: 0 | AN61: 0 | AO61: 0 | AP61: 0 | AQ61: 0 | AR61: 0
A62: =ROW(Source!A72) -> 72 | B62: 23104722 | C62: 23104700 | D62: 21539787 | E62: 1 | F62: 1 | G62: 1 | H62: 3 | I62: 101-0807 | J62: ФССЦ (2010) ч.1, раздел01, поз.0807 | K62: Проволока сварочная легированная диаметром 4 мм | L62: 1348 | N62: 1009 | O62: т | P62: т | Q62: 1000 | X62: 0.0003 | Y62: 13560 | Z62: 0 | AA62: 0 | AB62: 0 | AC62: 0 | AD62: 1 | AE62: 0 | AG62: 0.0003 | AH62: 2 | AI62: 23104708 | AJ62: 65 | AK62: 0 | AL62: 0 | AM62: 0 | AN62: 0 | AO62: 0 | AP62: 0 | AQ62: 0 | AR62: 0
A63: =ROW(Source!A72) -> 72 | B63: 23104723 | C63: 23104700 | D63: 21541053 | E63: 1 | F63: 1 | G63: 1 | H63: 3 | I63: 101-1602 | J63: ФССЦ (2010) ч.1, раздел01, поз.1602 | K63: Ацетилен газообразный технический | L63: 1339 | N63: 1007 | O63: м3 | P63: м3 | Q63: 1 | X63: 0.41 | Y63: 38.51 | Z63: 0 | AA63: 0 | AB63: 0 | AC63: 0 | AD63: 1 | AE63: 0 | AG63: 0.41 | AH63: 2 | AI63: 23104709 | AJ63: 66 | AK63: 0 | AL63: 0 | AM63: 0 | AN63: 0 | AO63: 0 | AP63: 0 | AQ63: 0 | AR63: 0
A64: =ROW(Source!A72) -> 72 | B64: 23104724 | C64: 23104700 | D64: 21571555 | E64: 1 | F64: 1 | G64: 1 | H64: 3 | I64: 301-9240 | J64: ФССЦ (2010) ч.3, раздел01, поз.9240 | K64: Крепления | L64: 1346 | N64: 1009 | O64: кг | P64: кг | Q64: 1 | X64: 0 | Y64: 0 | Z64: 0 | AA64: 0 | AB64: 0 | AC64: 1 | AD64: 0 | AE64: 0 | AG64: 0 | AH64: 2 | AI64: 23104710 | AJ64: 67 | AK64: 0 | AL64: 0 | AM64: 0 | AN64: 0 | AO64: 0 | AP64: 0 | AQ64: 0 | AR64: 0
A65: =ROW(Source!A72) -> 72 | B65: 23104725 | C65: 23104700 | D65: 21572312 | E65: 1 | F65: 1 | G65: 1 | H65: 3 | I65: 302-1318 | J65: ФССЦ (2010) ч.3, раздел02, поз.1318 | K65: Трубопроводы из стальных электросварных труб с гильзами для отопления и водоснабжения, наружный диаметр 76 мм, толщина стенки 3,5 мм | L65: 1301 | N65: 1003 | O65: м | P65: м | Q65: 1 | X65: 100 | Y65: 53.12 | Z65: 0 | AA65: 0 | AB65: 0 | AC65: 0 | AD65: 1 | AE65: 0 | AG65: 100 | AH65: 2 | AI65: 23104711 | AJ65: 68 | AK65: 0 | AL65: 0 | AM65: 0 | AN65: 0 | AO65: 0 | AP65: 0 | AQ65: 0 | AR65: 0
A66: =ROW(Source!A72) -> 72 | B66: 23104726 | C66: 23104700 | D66: 21574009 | E66: 1 | F66: 1 | G66: 1 | H66: 3 | I66: 402-0006 | J66: ФССЦ (2010) ч.4, раздел02, поз.0006 | K66: Раствор готовый кладочный цементный марки 200 | L66: 1339 | N66: 1007 | O66: м3 | P66: м3 | Q66: 1 | X66: 0.012 | Y66: 600 | Z66: 0 | AA66: 0 | AB66: 0 | AC66: 0 | AD66: 1 | AE66: 0 | AG66: 0.012 | AH66: 2 | AI66: 23104712 | AJ66: 69 | AK66: 0 | AL66: 0 | AM66: 0 | AN66: 0 | AO66: 0 | AP66: 0 | AQ66: 0 | AR66: 0
A67: =ROW(Source!A72) -> 72 | B67: 23104727 | C67: 23104700 | D67: 21585603 | E67: 1 | F67: 1 | G67: 1 | H67: 3 | I67: 405-1601 | J67: ФССЦ (2010) ч.4, раздел05, поз.1601 | K67: Известь строительная негашеная хлорная, марки А | L67: 1346 | N67: 1009 | O67: кг | P67: кг | Q67: 1 | X67: 0.0166 | Y67: 2.15 | Z67: 0 | AA67: 0 | AB67: 0 | AC67: 0 | AD67: 1 | AE67: 0 | AG67: 0.0166 | AH67: 2 | AI67: 23104713 | AJ67: 70 | AK67: 0 | AL67: 0 | AM67: 0 | AN67: 0 | AO67: 0 | AP67: 0 | AQ67: 0 | AR67: 0
A68: =ROW(Source!A72) -> 72 | B68: 23104728 | C68: 23104700 | D68: 21586825 | E68: 1 | F68: 1 | G68: 1 | H68: 3 | I68: 411-0001 | J68: ФССЦ (2010) ч.4, раздел11, поз.0001 | K68: Вода | L68: 1339 | N68: 1007 | O68: м3 | P68: м3 | Q68: 1 | X68: 4.64 | Y68: 2.44 | Z68: 0 | AA68: 0 | AB68: 0 | AC68: 0 | AD68: 1 | AE68: 0 | AG68: 4.64 | AH68: 2 | AI68: 23104714 | AJ68: 71 | AK68: 0 | AL68: 0 | AM68: 0 | AN68: 0 | AO68: 0 | AP68: 0 | AQ68: 0 | AR68: 0
A69: =ROW(Source!A74) -> 74 | B69: 23104746 | C69: 23104731 | D69: 9415296 | E69: 1 | F69: 1 | G69: 1 | H69: 1 | I69: 1-1041 | K69: Рабочий строитель среднего разряда 4,1 | L69: 1369 | N69: 1013 | O69: чел.-ч | P69: чел.-ч | Q69: 1 | X69: 79.75 | Y69: 0 | Z69: 0 | AA69: 0 | AB69: 9.76 | AC69: 0 | AD69: 1 | AE69: 1 | AG69: 79.75 | AH69: 2 | AI69: 23104732 | AJ69: 72 | AK69: 0 | AL69: 0 | AM69: 0 | AN69: 0 | AO69: 0 | AP69: 0 | AQ69: 0 | AR69: 0
A70: =ROW(Source!A74) -> 74 | B70: 23104747 | C70: 23104731 | D70: 121548 | E70: 1 | F70: 1 | G70: 1 | H70: 1 | I70: 2 | K70: Затраты труда машинистов | L70: 608254 | N70: 1013 | O70: чел.час | P70: чел.час | Q70: 1 | X70: 0.37 | Y70: 0 | Z70: 0 | AA70: 0 | AB70: 0 | AC70: 0 | AD70: 1 | AE70: 2 | AG70: 0.37 | AH70: 2 | AI70: 23104733 | AJ70: 73 | AK70: 0 | AL70: 0 | AM70: 0 | AN70: 0 | AO70: 0 | AP70: 0 | AQ70: 0 | AR70: 0
A71: =ROW(Source!A74) -> 74 | B71: 23104748 | C71: 23104731 | D71: 21598697 | E71: 1 | F71: 1 | G71: 1 | H71: 2 | I71: 020129 | J71: ФСЭМ (2009), сб.02,поз.0129 | K71: Краны башенные при работе на других видах строительства 8 т | L71: 1368 | N71: 1011 | O71: маш.-ч | P71: маш.-ч | Q71: 1 | X71: 0.27 | Y71: 0 | Z71: 86.4 | AA71: 13.5 | AB71: 0 | AC71: 0 | AD71: 1 | AE71: 0 | AG71: 0.27 | AH71: 2 | AI71: 23104734 | AJ71: 74 | AK71: 0 | AL71: 0 | AM71: 0 | AN71: 0 | AO71: 0 | AP71: 0 | AQ71: 0 | AR71: 0
A72: =ROW(Source!A74) -> 74 | B72: 23104749 | C72: 23104731 | D72: 21598847 | E72: 1 | F72: 1 | G72: 1 | H72: 2 | I72: 021141 | J72: ФСЭМ (2009), сб.02,поз.1141 | K72: Краны на автомобильном ходу при работе на других видах строительства 10 т | L72: 1368 | N72: 1011 | O72: маш.-ч | P72: маш.-ч | Q72: 1 | X72: 0.1 | Y72: 0 | Z72: 111.99 | AA72: 13.5 | AB72: 0 | AC72: 0 | AD72: 1 | AE72: 0 | AG72: 0.1 | AH72: 2 | AI72: 23104735 | AJ72: 75 | AK72: 0 | AL72: 0 | AM72: 0 | AN72: 0 | AO72: 0 | AP72: 0 | AQ72: 0 | AR72: 0
A73: =ROW(Source!A74) -> 74 | B73: 23104750 | C73: 23104731 | D73: 21599190 | E73: 1 | F73: 1 | G73: 1 | H73: 2 | I73: 040504 | J73: ФСЭМ (2009), сб.04,поз.0504 | K73: Аппарат для газовой сварки и резки | L73: 1368 | N73: 1011 | O73: маш.-ч | P73: маш.-ч | Q73: 1 | X73: 34.92 | Y73: 0 | Z73: 1.2 | AA73: 0 | AB73: 0 | AC73: 0 | AD73: 1 | AE73: 0 | AG73: 34.92 | AH73: 2 | AI73: 23104736 | AJ73: 76 | AK73: 0 | AL73: 0 | AM73: 0 | AN73: 0 | AO73: 0 | AP73: 0 | AQ73: 0 | AR73: 0
A74: =ROW(Source!A74) -> 74 | B74: 23104751 | C74: 23104731 | D74: 21601609 | E74: 1 | F74: 1 | G74: 1 | H74: 2 | I74: 400001 | J74: ФСЭМ (2009), сб.40,поз.0001 | K74: Автомобили бортовые, грузоподъемность до 5 т | L74: 1368 | N74: 1011 | O74: маш.-ч | P74: маш.-ч | Q74: 1 | X74: 1.4 | Y74: 0 | Z74: 87.17 | AA74: 11.6 | AB74: 0 | AC74: 0 | AD74: 1 | AE74: 0 | AG74: 1.4 | AH74: 2 | AI74: 23104737 | AJ74: 77 | AK74: 0 | AL74: 0 | AM74: 0 | AN74: 0 | AO74: 0 | AP74: 0 | AQ74: 0 | AR74: 0
A75: =ROW(Source!A74) -> 74 | B75: 23104752 | C75: 23104731 | D75: 21538874 | E75: 1 | F75: 1 | G75: 1 | H75: 3 | I75: 101-0324 | J75: ФССЦ (2010) ч.1, раздел01, поз.0324 | K75: Кислород технический газообразный | L75: 1339 | N75: 1007 | O75: м3 | P75: м3 | Q75: 1 | X75: 0.67 | Y75: 6.22 | Z75: 0 | AA75: 0 | AB75: 0 | AC75: 0 | AD75: 1 | AE75: 0 | AG75: 0.67 | AH75: 2 | AI75: 23104738 | AJ75: 78 | AK75: 0 | AL75: 0 | AM75: 0 | AN75: 0 | AO75: 0 | AP75: 0 | AQ75: 0 | AR75: 0
A76: =ROW(Source!A74) -> 74 | B76: 23104753 | C76: 23104731 | D76: 21539787 | E76: 1 | F76: 1 | G76: 1 | H76: 3 | I76: 101-0807 | J76: ФССЦ (2010) ч.1, раздел01, поз.0807 | K76: Проволока сварочная легированная диаметром 4 мм | L76: 1348 | N76: 1009 | O76: т | P76: т | Q76: 1000 | X76: 0.0005 | Y76: 13560 | Z76: 0 | AA76: 0 | AB76: 0 | AC76: 0 | AD76: 1 | AE76: 0 | AG76: 0.0005 | AH76: 2 | AI76: 23104739 | AJ76: 79 | AK76: 0 | AL76: 0 | AM76: 0 | AN76: 0 | AO76: 0 | AP76: 0 | AQ76: 0 | AR76: 0
A77: =ROW(Source!A74) -> 74 | B77: 23104754 | C77: 23104731 | D77: 21541053 | E77: 1 | F77: 1 | G77: 1 | H77: 3 | I77: 101-1602 | J77: ФССЦ (2010) ч.1, раздел01, поз.1602 | K77: Ацетилен газообразный технический | L77: 1339 | N77: 1007 | O77: м3 | P77: м3 | Q77: 1 | X77: 0.61 | Y77: 38.51 | Z77: 0 | AA77: 0 | AB77: 0 | AC77: 0 | AD77: 1 | AE77: 0 | AG77: 0.61 | AH77: 2 | AI77: 23104740 | AJ77: 80 | AK77: 0 | AL77: 0 | AM77: 0 | AN77: 0 | AO77: 0 | AP77: 0 | AQ77: 0 | AR77: 0
A78: =ROW(Source!A74) -> 74 | B78: 23104755 | C78: 23104731 | D78: 21571555 | E78: 1 | F78: 1 | G78: 1 | H78: 3 | I78: 301-9240 | J78: ФССЦ (2010) ч.3, раздел01, поз.9240 | K78: Крепления | L78: 1346 | N78: 1009 | O78: кг | P78: кг | Q78: 1 | X78: 0 | Y78: 0 | Z78: 0 | AA78: 0 | AB78: 0 | AC78: 1 | AD78: 0 | AE78: 0 | AG78: 0 | AH78: 2 | AI78: 23104741 | AJ78: 81 | AK78: 0 | AL78: 0 | AM78: 0 | AN78: 0 | AO78: 0 | AP78: 0 | AQ78: 0 | AR78: 0
A79: =ROW(Source!A74) -> 74 | B79: 23104756 | C79: 23104731 | D79: 21572314 | E79: 1 | F79: 1 | G79: 1 | H79: 3 | I79: 302-1319 | J79: ФССЦ (2010) ч.3, раздел02, поз.1319 | K79: Трубопроводы из стальных электросварных труб с гильзами для отопления и водоснабжения, наружный диаметр 89 мм, толщина стенки 3,5 мм | L79: 1301 | N79: 1003 | O79: м | P79: м | Q79: 1 | X79: 100 | Y79: 61.76 | Z79: 0 | AA79: 0 | AB79: 0 | AC79: 0 | AD79: 1 | AE79: 0 | AG79: 100 | AH79: 2 | AI79: 23104742 | AJ79: 82 | AK79: 0 | AL79: 0 | AM79: 0 | AN79: 0 | AO79: 0 | AP79: 0 | AQ79: 0 | AR79: 0
A80: =ROW(Source!A74) -> 74 | B80: 23104757 | C80: 23104731 | D80: 21574009 | E80: 1 | F80: 1 | G80: 1 | H80: 3 | I80: 402-0006 | J80: ФССЦ (2010) ч.4, раздел02, поз.0006 | K80: Раствор готовый кладочный цементный марки 200 | L80: 1339 | N80: 1007 | O80: м3 | P80: м3 | Q80: 1 | X80: 0.021 | Y80: 600 | Z80: 0 | AA80: 0 | AB80: 0 | AC80: 0 | AD80: 1 | AE80: 0 | AG80: 0.021 | AH80: 2 | AI80: 23104743 | AJ80: 83 | AK80: 0 | AL80: 0 | AM80: 0 | AN80: 0 | AO80: 0 | AP80: 0 | AQ80: 0 | AR80: 0
A81: =ROW(Source!A74) -> 74 | B81: 23104758 | C81: 23104731 | D81: 21585603 | E81: 1 | F81: 1 | G81: 1 | H81: 3 | I81: 405-1601 | J81: ФССЦ (2010) ч.4, раздел05, поз.1601 | K81: Известь строительная негашеная хлорная, марки А | L81: 1346 | N81: 1009 | O81: кг | P81: кг | Q81: 1 | X81: 0.0251 | Y81: 2.15 | Z81: 0 | AA81: 0 | AB81: 0 | AC81: 0 | AD81: 1 | AE81: 0 | AG81: 0.0251 | AH81: 2 | AI81: 23104744 | AJ81: 84 | AK81: 0 | AL81: 0 | AM81: 0 | AN81: 0 | AO81: 0 | AP81: 0 | AQ81: 0 | AR81: 0
A82: =ROW(Source!A74) -> 74 | B82: 23104759 | C82: 23104731 | D82: 21586825 | E82: 1 | F82: 1 | G82: 1 | H82: 3 | I82: 411-0001 | J82: ФССЦ (2010) ч.4, раздел11, поз.0001 | K82: Вода | L82: 1339 | N82: 1007 | O82: м3 | P82: м3 | Q82: 1 | X82: 7.03 | Y82: 2.44 | Z82: 0 | AA82: 0 | AB82: 0 | AC82: 0 | AD82: 1 | AE82: 0 | AG82: 7.03 | AH82: 2 | AI82: 23104745 | AJ82: 85 | AK82: 0 | AL82: 0 | AM82: 0 | AN82: 0 | AO82: 0 | AP82: 0 | AQ82: 0 | AR82: 0
A83: =ROW(Source!A76) -> 76 | B83: 23104777 | C83: 23104762 | D83: 9415296 | E83: 1 | F83: 1 | G83: 1 | H83: 1 | I83: 1-1041 | K83: Рабочий строитель среднего разряда 4,1 | L83: 1369 | N83: 1013 | O83: чел.-ч | P83: чел.-ч | Q83: 1 | X83: 79.75 | Y83: 0 | Z83: 0 | AA83: 0 | AB83: 9.76 | AC83: 0 | AD83: 1 | AE83: 1 | AG83: 79.75 | AH83: 2 | AI83: 23104763 | AJ83: 86 | AK83: 0 | AL83: 0 | AM83: 0 | AN83: 0 | AO83: 0 | AP83: 0 | AQ83: 0 | AR83: 0
A84: =ROW(Source!A76) -> 76 | B84: 23104778 | C84: 23104762 | D84: 121548 | E84: 1 | F84: 1 | G84: 1 | H84: 1 | I84: 2 | K84: Затраты труда машинистов | L84: 608254 | N84: 1013 | O84: чел.час | P84: чел.час | Q84: 1 | X84: 0.37 | Y84: 0 | Z84: 0 | AA84: 0 | AB84: 0 | AC84: 0 | AD84: 1 | AE84: 2 | AG84: 0.37 | AH84: 2 | AI84: 23104764 | AJ84: 87 | AK84: 0 | AL84: 0 | AM84: 0 | AN84: 0 | AO84: 0 | AP84: 0 | AQ84: 0 | AR84: 0
A85: =ROW(Source!A76) -> 76 | B85: 23104779 | C85: 23104762 | D85: 21598697 | E85: 1 | F85: 1 | G85: 1 | H85: 2 | I85: 020129 | J85: ФСЭМ (2009), сб.02,поз.0129 | K85: Краны башенные при работе на других видах строительства 8 т | L85: 1368 | N85: 1011 | O85: маш.-ч | P85: маш.-ч | Q85: 1 | X85: 0.27 | Y85: 0 | Z85: 86.4 | AA85: 13.5 | AB85: 0 | AC85: 0 | AD85: 1 | AE85: 0 | AG85: 0.27 | AH85: 2 | AI85: 23104765 | AJ85: 88 | AK85: 0 | AL85: 0 | AM85: 0 | AN85: 0 | AO85: 0 | AP85: 0 | AQ85: 0 | AR85: 0
A86: =ROW(Source!A76) -> 76 | B86: 23104780 | C86: 23104762 | D86: 21598847 | E86: 1 | F86: 1 | G86: 1 | H86: 2 | I86: 021141 | J86: ФСЭМ (2009), сб.02,поз.1141 | K86: Краны на автомобильном ходу при работе на других видах строительства 10 т | L86: 1368 | N86: 1011 | O86: маш.-ч | P86: маш.-ч | Q86: 1 | X86: 0.1 | Y86: 0 | Z86: 111.99 | AA86: 13.5 | AB86: 0 | AC86: 0 | AD86: 1 | AE86: 0 | AG86: 0.1 | AH86: 2 | AI86: 23104766 | AJ86: 89 | AK86: 0 | AL86: 0 | AM86: 0 | AN86: 0 | AO86: 0 | AP86: 0 | AQ86: 0 | AR86: 0
A87: =ROW(Source!A76) -> 76 | B87: 23104781 | C87: 23104762 | D87: 21599190 | E87: 1 | F87: 1 | G87: 1 | H87: 2 | I87: 040504 | J87: ФСЭМ (2009), сб.04,поз.0504 | K87: Аппарат для газовой сварки и резки | L87: 1368 | N87: 1011 | O87: маш.-ч | P87: маш.-ч | Q87: 1 | X87: 34.92 | Y87: 0 | Z87: 1.2 | AA87: 0 | AB87: 0 | AC87: 0 | AD87: 1 | AE87: 0 | AG87: 34.92 | AH87: 2 | AI87: 23104767 | AJ87: 90 | AK87: 0 | AL87: 0 | AM87: 0 | AN87: 0 | AO87: 0 | AP87: 0 | AQ87: 0 | AR87: 0
A88: =ROW(Source!A76) -> 76 | B88: 23104782 | C88: 23104762 | D88: 21601609 | E88: 1 | F88: 1 | G88: 1 | H88: 2 | I88: 400001 | J88: ФСЭМ (2009), сб.40,поз.0001 | K88: Автомобили бортовые, грузоподъемность до 5 т | L88: 1368 | N88: 1011 | O88: маш.-ч | P88: маш.-ч | Q88: 1 | X88: 1.4 | Y88: 0 | Z88: 87.17 | AA88: 11.6 | AB88: 0 | AC88: 0 | AD88: 1 | AE88: 0 | AG88: 1.4 | AH88: 2 | AI88: 23104768 | AJ88: 91 | AK88: 0 | AL88: 0 | AM88: 0 | AN88: 0 | AO88: 0 | AP88: 0 | AQ88: 0 | AR88: 0
A89: =ROW(Source!A76) -> 76 | B89: 23104783 | C89: 23104762 | D89: 21538874 | E89: 1 | F89: 1 | G89: 1 | H89: 3 | I89: 101-0324 | J89: ФССЦ (2010) ч.1, раздел01, поз.0324 | K89: Кислород технический газообразный | L89: 1339 | N89: 1007 | O89: м3 | P89: м3 | Q89: 1 | X89: 0.67 | Y89: 6.22 | Z89: 0 | AA89: 0 | AB89: 0 | AC89: 0 | AD89: 1 | AE89: 0 | AG89: 0.67 | AH89: 2 | AI89: 23104769 | AJ89: 92 | AK89: 0 | AL89: 0 | AM89: 0 | AN89: 0 | AO89: 0 | AP89: 0 | AQ89: 0 | AR89: 0
A90: =ROW(Source!A76) -> 76 | B90: 23104784 | C90: 23104762 | D90: 21539787 | E90: 1 | F90: 1 | G90: 1 | H90: 3 | I90: 101-0807 | J90: ФССЦ (2010) ч.1, раздел01, поз.0807 | K90: Проволока сварочная легированная диаметром 4 мм | L90: 1348 | N90: 1009 | O90: т | P90: т | Q90: 1000 | X90: 0.0005 | Y90: 13560 | Z90: 0 | AA90: 0 | AB90: 0 | AC90: 0 | AD90: 1 | AE90: 0 | AG90: 0.0005 | AH90: 2 | AI90: 23104770 | AJ90: 93 | AK90: 0 | AL90: 0 | AM90: 0 | AN90: 0 | AO90: 0 | AP90: 0 | AQ90: 0 | AR90: 0
A91: =ROW(Source!A76) -> 76 | B91: 23104785 | C91: 23104762 | D91: 21541053 | E91: 1 | F91: 1 | G91: 1 | H91: 3 | I91: 101-1602 | J91: ФССЦ (2010) ч.1, раздел01, поз.1602 | K91: Ацетилен газообразный технический | L91: 1339 | N91: 1007 | O91: м3 | P91: м3 | Q91: 1 | X91: 0.61 | Y91: 38.51 | Z91: 0 | AA91: 0 | AB91: 0 | AC91: 0 | AD91: 1 | AE91: 0 | AG91: 0.61 | AH91: 2 | AI91: 23104771 | AJ91: 94 | AK91: 0 | AL91: 0 | AM91: 0 | AN91: 0 | AO91: 0 | AP91: 0 | AQ91: 0 | AR91: 0
A92: =ROW(Source!A76) -> 76 | B92: 23104786 | C92: 23104762 | D92: 21571555 | E92: 1 | F92: 1 | G92: 1 | H92: 3 | I92: 301-9240 | J92: ФССЦ (2010) ч.3, раздел01, поз.9240 | K92: Крепления | L92: 1346 | N92: 1009 | O92: кг | P92: кг | Q92: 1 | X92: 0 | Y92: 0 | Z92: 0 | AA92: 0 | AB92: 0 | AC92: 1 | AD92: 0 | AE92: 0 | AG92: 0 | AH92: 2 | AI92: 23104772 | AJ92: 95 | AK92: 0 | AL92: 0 | AM92: 0 | AN92: 0 | AO92: 0 | AP92: 0 | AQ92: 0 | AR92: 0
A93: =ROW(Source!A76) -> 76 | B93: 23104787 | C93: 23104762 | D93: 21572316 | E93: 1 | F93: 1 | G93: 1 | H93: 3 | I93: 302-1320 | J93: ФССЦ (2010) ч.3, раздел02, поз.1320 | K93: Трубопроводы из стальных электросварных труб с гильзами для отопления и водоснабжения, наружный диаметр 108 мм, толщина стенки 4 мм | L93: 1301 | N93: 1003 | O93: м | P93: м | Q93: 1 | X93: 100 | Y93: 79.36 | Z93: 0 | AA93: 0 | AB93: 0 | AC93: 0 | AD93: 1 | AE93: 0 | AG93: 100 | AH93: 2 | AI93: 23104773 | AJ93: 96 | AK93: 0 | AL93: 0 | AM93: 0 | AN93: 0 | AO93: 0 | AP93: 0 | AQ93: 0 | AR93: 0
A94: =ROW(Source!A76) -> 76 | B94: 23104788 | C94: 23104762 | D94: 21574009 | E94: 1 | F94: 1 | G94: 1 | H94: 3 | I94: 402-0006 | J94: ФССЦ (2010) ч.4, раздел02, поз.0006 | K94: Раствор готовый кладочный цементный марки 200 | L94: 1339 | N94: 1007 | O94: м3 | P94: м3 | Q94: 1 | X94: 0.021 | Y94: 600 | Z94: 0 | AA94: 0 | AB94: 0 | AC94: 0 | AD94: 1 | AE94: 0 | AG94: 0.021 | AH94: 2 | AI94: 23104774 | AJ94: 97 | AK94: 0 | AL94: 0 | AM94: 0 | AN94: 0 | AO94: 0 | AP94: 0 | AQ94: 0 | AR94: 0
A95: =ROW(Source!A76) -> 76 | B95: 23104789 | C95: 23104762 | D95: 21585603 | E95: 1 | F95: 1 | G95: 1 | H95: 3 | I95: 405-1601 | J95: ФССЦ (2010) ч.4, раздел05, поз.1601 | K95: Известь строительная негашеная хлорная, марки А | L95: 1346 | N95: 1009 | O95: кг | P95: кг | Q95: 1 | X95: 0.0393 | Y95: 2.15 | Z95: 0 | AA95: 0 | AB95: 0 | AC95: 0 | AD95: 1 | AE95: 0 | AG95: 0.0393 | AH95: 2 | AI95: 23104775 | AJ95: 98 | AK95: 0 | AL95: 0 | AM95: 0 | AN95: 0 | AO95: 0 | AP95: 0 | AQ95: 0 | AR95: 0
A96: =ROW(Source!A76) -> 76 | B96: 23104790 | C96: 23104762 | D96: 21586825 | E96: 1 | F96: 1 | G96: 1 | H96: 3 | I96: 411-0001 | J96: ФССЦ (2010) ч.4, раздел11, поз.0001 | K96: Вода | L96: 1339 | N96: 1007 | O96: м3 | P96: м3 | Q96: 1 | X96: 10.99 | Y96: 2.44 | Z96: 0 | AA96: 0 | AB96: 0 | AC96: 0 | AD96: 1 | AE96: 0 | AG96: 10.99 | AH96: 2 | AI96: 23104776 | AJ96: 99 | AK96: 0 | AL96: 0 | AM96: 0 | AN96: 0 | AO96: 0 | AP96: 0 | AQ96: 0 | AR96: 0
A97: =ROW(Source!A78) -> 78 | B97: 23104799 | C97: 23104792 | D97: 9699766 | E97: 1 | F97: 1 | G97: 1 | H97: 1 | I97: 1-1053 | K97: Рабочий строитель среднего разряда 5,3 | L97: 1369 | N97: 1013 | O97: чел.-ч | P97: чел.-ч | Q97: 1 | X97: 5.01 | Y97: 0 | Z97: 0 | AA97: 0 | AB97: 11.64 | AC97: 0 | AD97: 1 | AE97: 1 | AG97: 5.01 | AH97: 2 | AI97: 23104793 | AJ97: 100 | AK97: 0 | AL97: 0 | AM97: 0 | AN97: 0 | AO97: 0 | AP97: 0 | AQ97: 0 | AR97: 0
A98: =ROW(Source!A78) -> 78 | B98: 23104800 | C98: 23104792 | D98: 21599230 | E98: 1 | F98: 1 | G98: 1 | H98: 2 | I98: 042900 | J98: ФСЭМ (2009), сб.04,поз.2900 | K98: Установки для гидравлических испытаний трубопроводов, давление нагнетания низкое 0,1 МПа (1 кгс/см2), высокое 10 МПа (100 кгс/см2) | L98: 1368 | N98: 1011 | O98: маш.-ч | P98: маш.-ч | Q98: 1 | X98: 1.5 | Y98: 0 | Z98: 29.67 | AA98: 0 | AB98: 0 | AC98: 0 | AD98: 1 | AE98: 0 | AG98: 1.5 | AH98: 2 | AI98: 23104794 | AJ98: 101 | AK98: 0 | AL98: 0 | AM98: 0 | AN98: 0 | AO98: 0 | AP98: 0 | AQ98: 0 | AR98: 0
A99: =ROW(Source!A78) -> 78 | B99: 23104801 | C99: 23104792 | D99: 21538992 | E99: 1 | F99: 1 | G99: 1 | H99: 3 | I99: 101-0388 | J99: ФССЦ (2010) ч.1, раздел01, поз.0388 | K99: Краски масляные земляные марки МА-0115 мумия, сурик железный | L99: 1348 | N99: 1009 | O99: т | P99: т | Q99: 1000 | X99: 5e-05 | Y99: 15119 | Z99: 0 | AA99: 0 | AB99: 0 | AC99: 0 | AD99: 1 | AE99: 0 | AG99: 5e-05 | AH99: 2 | AI99: 23104795 | AJ99: 102 | AK99: 0 | AL99: 0 | AM99: 0 | AN99: 0 | AO99: 0 | AP99: 0 | AQ99: 0 | AR99: 0
A100: =ROW(Source!A78) -> 78 | B100: 23104802 | C100: 23104792 | D100: 21539432 | E100: 1 | F100: 1 | G100: 1 | H100: 3 | I100: 101-0628 | J100: ФССЦ (2010) ч.1, раздел01, поз.0628 | K100: Олифа комбинированная, марки К-3 | L100: 1348 | N100: 1009 | O100: т | P100: т | Q100: 1000 | X100: 2e-05 | Y100: 16950 | Z100: 0 | AA100: 0 | AB100: 0 | AC100: 0 | AD100: 1 | AE100: 0 | AG100: 2e-05 | AH100: 2 | AI100: 23104796 | AJ100: 103 | AK100: 0 | AL100: 0 | AM100: 0 | AN100: 0 | AO100: 0 | AP100: 0 | AQ100: 0 | AR100: 0
...
